Workbook

Sheet 1. Oferentes 1 a 8
C1: VERIFICACIÓN FINANCIERA Y CAPACIDAD ORGANIZACIONAL | N1: Código: GCO-GCI-F107 Versión: 03 Vigencia: 21 de diciembre de 2022 Caso HOLA: 282943
B6: OBJETO: “REALIZAR LA INTERVENTORIA TÉCNICA, ADMINISTRATIVA, FINANCIERA, SISO, JURÍDICA, AMBIENTAL Y CONTABLE A LA EJECUCION DEL CONTRATO DE OBRA PUBLICA QUE CELEBRE EL FONDO DE DESARROLLO LOCAL DE USME COMO RESULTADO DE LA ADJUDICACION DE LA LICITACION PUBLICA QUE TIENE POR OBJETO "REALIZAR LAS OBRAS DE CONSERVACIÓN DE LA MALLA VIAL Y ESPACIO PÚBLICO ASOCIADO EN LA LOCALIDAD DE USME, BOGOTÁ, D.C. A TRAVÉS DEL SISTEMA DE PRECIOS UNITARIOS FIJOS Y A MONTO AGOTABLE”
B7: CONCEPTO / NOMBRE OFERENTE | C7: OSAC S.A.S NIT: 860033402 1 | D7: PROYECTO SANABRIA SAS N.I.T: 901.633.148-6 | E7: MAVECA INGENIERIA SAS NIT:901646981-1 | F7: GRUPO METRO COLOMBIA S.A.S NIT: 830010109 8 | G7: SOLUCIONES AVANZADAS DE INGENIERA Y CONSTRUCCION S A S NIT: 900641841 2 | H7: CODIPRO INGENIERIA Y ARQUITECTURA LTDA CONSTRUCCIONES DISEÑOS Y PROYECTOS NIT: 800172033 2 | I7: INGEBAMER S.A.S. NIT:901194158-5 | J7: CONSORCIO USMINIA | K7: HUPERNIKAO INGENIERIA S.A.S. NIT: 900234357 3 | L7: CONSULTORIA TECNICA DE OBRAS S.A.S. SIGLA C.T.O. INGENIERIA S.A.S. NIT: 900.944.467 - 1 | M7: CONSORCIO HUPK INTERVIAL USME | N7: INGENIEROS CONSTRUCTORES Y ASESORES SAS NIT: 900104908 4 | P7: Datos para validación financiera
B8: Oferente No. | C8: 1 | D8: =C8+1 -> 2 | E8: =D8+1 -> 3 | F8: =E8+1 -> 4 | G8: =F8+1 -> 5 | H8: A | I8: B | J8: =G8+1 -> 6 | K8: A | L8: B | M8: =J8+1 -> 7 | N8: =M8+1 -> 8
B9: BALANCE GENERAL CON CORTE A 31 DE DICIEMBRE DEL AÑO: 2024 | C9: 31-DIC.-2024 RUP | D9: 31-DIC.-2024 RUP | E9: 31-DIC.-2024 RUP | F9: 31-DIC.-2024 RUP | G9: 31-DIC.-2024 RUP | H9: 31-DIC.-2024 RUP | I9: 31-DIC.-2024 RUP | J9: 31-DIC.-2024 RUP | K9: 31-DIC.-2024 RUP | L9: 31-DIC.-2024 RUP | M9: 31-DIC.-2024 RUP | N9: 31-DIC.-2024 RUP
B10: PRESENTACIÓN DE RUP VIGENTE EN TÉRMINO | C10: =IF(C72<=$B$73,"CUMPLE","NO CUMPLE") -> CUMPLE | D10: =IF(D72<=$B$73,"CUMPLE","NO CUMPLE") -> CUMPLE | E10: =IF(E72<=$B$73,"CUMPLE","NO CUMPLE") -> CUMPLE | F10: =IF(F72<=$B$73,"CUMPLE","NO CUMPLE") -> CUMPLE | G10: =IF(G72<=$B$73,"CUMPLE","NO CUMPLE") -> CUMPLE | H10: =IF(H72<=$B$73,"CUMPLE","NO CUMPLE") -> CUMPLE | I10: =IF(I72<=$B$73,"CUMPLE","NO CUMPLE") -> CUMPLE | J10: =IF(COUNTIF(H10:I10,"NO CUMPLE")>=1,"NO CUMPLE","CUMPLE") -> CUMPLE | K10: =IF(K72<=$B$73,"CUMPLE","NO CUMPLE") -> CUMPLE | L10: =IF(L72<=$B$73,"CUMPLE","NO CUMPLE") -> CUMPLE | M10: =IF(COUNTIF(K10:L10,"NO CUMPLE")>=1,"NO CUMPLE","CUMPLE") -> CUMPLE | N10: =IF(N72<=$B$73,"CUMPLE","NO CUMPLE") -> CUMPLE
B11: INFORMACION TOMADA DEL RUP VIGENTE | C11: 1 | D11: 1 | E11: 1 | F11: 1 | G11: 1 | H11: 0.9 | I11: 0.1 | J11: =SUM(H11:I11) -> 1 | K11: 0.9 | L11: 0.1 | M11: =SUM(K11:L11) -> 1 | N11: 1
B12: ACTIVO CORRIENTE | C12: 215852078 | D12: 1346584051 | E12: 96318000 | F12: 5893479654 | G12: 3680196195 | H12: 2454079265 | I12: 289747048 | J12: =SUM(H12:I12) -> 2743826313 | K12: 1090857894 | L12: 475930599 | M12: =SUM(K12:L12) -> 1566788493 | N12: 6544877034
B13: PASIVO CORRIENTE | C13: 34625482 | D13: 359816997 | E13: 0 | F13: 281774166 | G13: 2389173572 | H13: 724182963 | I13: 21225585 | J13: =SUM(H13:I13) -> 745408548 | K13: 189635270 | L13: 329870592 | M13: =SUM(K13:L13) -> 519505862 | N13: 802904736
B14: ACTIVO TOTAL | C14: 286160992 | D14: 1440319685 | E14: 761518000 | F14: 5902352534 | G14: 5842367742 | H14: 2469890314 | I14: 289747048 | J14: =SUM(H14:I14) -> 2759637362 | K14: 1455684402 | L14: 903742751 | M14: =SUM(K14:L14) -> 2359427153 | N14: 8648308736
B15: PASIVO TOTAL | C15: 34625482 | D15: 359816997 | E15: 475408869 | F15: 281774166 | G15: 3227492998 | H15: 861175105 | I15: 21225585 | J15: =SUM(H15:I15) -> 882400690 | K15: 472055665 | L15: 329870592 | M15: =SUM(K15:L15) -> 801926257 | N15: 1992144845
B16: PATRIMONIO | C16: 251535510 | D16: 1080502688 | E16: 286109131 | F16: 5620578368 | G16: 2614874744 | H16: 1608715209 | I16: 268521463 | J16: =SUM(H16:I16) -> 1877236672 | K16: 983628737 | L16: 573872159 | M16: =SUM(K16:L16) -> 1557500896 | N16: 6656163891
B17: Activo total-Pasivo total-Patrimonio | C17: =+C14-C15-C16 -> 0 | D17: =+D14-D15-D16 -> 0 | E17: =+E14-E15-E16 -> 0 | F17: =+F14-F15-F16 -> 0 | G17: =+G14-G15-G16 -> 0 | H17: =+H14-H15-H16 -> 0 | I17: =+I14-I15-I16 -> 0 | J17: =+J14-J15-J16 -> 0 | ... N17: =+N14-N15-N16 -> 0
B18: UTILIDAD OPERACIONAL | C18: 54459875 | D18: 504516920 | E18: 59492896 | F18: 1590767501 | G18: 593156994 | H18: 28597103 | I18: 32748144 | J18: =SUM(H18:I18) -> 61345247 | K18: 275425073 | L18: 44306582 | M18: =SUM(K18:L18) -> 319731655 | N18: 1269585884
B19: GASTOS DE INTERESES | C19: 3332784 | D19: 0 | E19: 325000 | F19: 297101 | G19: 138898061 | H19: 2220720 | I19: 1361421 | J19: =SUM(H19:I19) -> 3582141 | K19: 53842893 | L19: 1395213 | M19: =SUM(K19:L19) -> 55238106 | N19: 12768145
B20: Rentabilidad del Patrimonio (Utilidad Operacional / Patrimonio) | C20: =IFERROR((C18/C16),"-") -> 0.21650969 | D20: =IFERROR((D18/D16),"-") -> 0.46692796 | E20: =IFERROR((E18/E16),"-") -> 0.20793777 | F20: =IFERROR((F18/F16),"-") -> 0.28302559 | G20: =IFERROR((G18/G16),"-") -> 0.22683954 | H20: =IFERROR((H18/H16),"-") -> 0.017776361 | I20: =IFERROR((I18/I16),"-") -> 0.12195727 | J20: =IFERROR((J18/J16),"-") -> 0.032678483 | ... N20: =IFERROR((N18/N16),"-") -> 0.19073837
B21: Rentabilidad del Activo (Utilidad Operacional / Activo Total) | C21: =IFERROR((C18/C14),"-") -> 0.19031201 | D21: =IFERROR((D18/D14),"-") -> 0.35028121 | E21: =IFERROR((E18/E14),"-") -> 0.078124084 | F21: =IFERROR((F18/F14),"-") -> 0.26951415 | G21: =IFERROR((G18/G14),"-") -> 0.10152682 | H21: =IFERROR((H18/H14),"-") -> 0.011578289 | I21: =IFERROR((I18/I14),"-") -> 0.11302322 | J21: =IFERROR((J18/J14),"-") -> 0.02222946 | ... N21: =IFERROR((N18/N14),"-") -> 0.14680164 | P21: MiPyME | Q21: Gran Empresa
B22: VALOR DEL PRESUPUESTO OFICIAL | C22: =IF(C11=1,$P$22,"") -> 344857484 | D22: =IF(D11=1,$P$22,"") -> 344857484 | E22: =IF(E11=1,$P$22,"") -> 344857484 | F22: =IF(F11=1,$P$22,"") -> 344857484 | G22: =IF(G11=1,$P$22,"") -> 344857484 | H22: =IF(H11=1,$P$22,"") | I22: =IF(I11=1,$P$22,"") | J22: =IF(J11=1,$P$22,"") -> 344857484 | ... N22: =IF(N11=1,$P$22,"") -> 344857484 | P22: 344857484 | Q22: =P22 -> 344857484
B23: CRITERIO DE VERIFICACIÓN FINANCIERA | P23: FDLU-CMA-027-2025 (143212)
B24: CUMPLE | P24: 1423500 | Q24: SMMLV 2025
B25: NO CUMPLE | O25: >0 | P25: =Q22/P24 -> 242.26026 | Q25: <4.000 | R25: Rango 1
B26: CRITERIO DE VERIFICACIÓN FINANCIERA | P26: Plazo: | Q26: Seis (6) meses
B27: =CONCATENATE("Índice de Liquidez: ",CHAR(10),$P$21," ≥ ",P27," veces. ",IF($P$21=$Q$21,"",_xlfn.CONCAT($Q$21," ≥ ",Q27," veces."))) -> Índice de Liquidez: MiPyME ≥ 1,1 veces. Gran Empresa ≥ 1,2 veces. | C27: =IFERROR(IF(C74=$P$21,IF(C28>=$P$27,$B$24,$B$25),IF(C28>=$Q$27,$B$24,$B$25)),"-") -> CUMPLE | D27: =IFERROR(IF(D74=$P$21,IF(D28>=$P$27,$B$24,$B$25),IF(D28>=$Q$27,$B$24,$B$25)),"-") -> CUMPLE | E27: =IFERROR(IF(E74=$P$21,IF(E28>=$P$27,$B$24,$B$25),IF(E28>=$Q$27,$B$24,$B$25)),"-") -> CUMPLE | F27: =IFERROR(IF(F74=$P$21,IF(F28>=$P$27,$B$24,$B$25),IF(F28>=$Q$27,$B$24,$B$25)),"-") -> CUMPLE | G27: =IFERROR(IF(G74=$P$21,IF(G28>=$P$27,$B$24,$B$25),IF(G28>=$Q$27,$B$24,$B$25)),"-") -> CUMPLE | J27: =IFERROR(IF(J74=$P$21,IF(J28>=$P$27,$B$24,$B$25),IF(J28>=$Q$27,$B$24,$B$25)),"-") -> CUMPLE | M27: =IFERROR(IF(M74=$P$21,IF(M28>=$P$27,$B$24,$B$25),IF(M28>=$Q$27,$B$24,$B$25)),"-") -> CUMPLE | N27: =IFERROR(IF(N74=$P$21,IF(N28>=$P$27,$B$24,$B$25),IF(N28>=$Q$27,$B$24,$B$25)),"-") -> CUMPLE | P27: 1.1 | Q27: 1.2
B28: IL = Activo corriente / Pasivo corriente | C28: =IFERROR(C12/C13,"-") -> 6.2339083 | D28: =IFERROR(D12/D13,"-") -> 3.7424137 | E28: =IFERROR(E12/E13,"-") -> - | F28: =IFERROR(F12/F13,"-") -> 20.915614 | G28: =IFERROR(G12/G13,"-") -> 1.5403637 | J28: =IFERROR(J12/J13,"-") -> 3.6809697 | M28: =IFERROR(M12/M13,"-") -> 3.0159207 | N28: =IFERROR(N12/N13,"-") -> 8.1514989
B29: =CONCATENATE("Endeudamiento total: ",CHAR(10),$P$21," ≤ ",TEXT(P29,"#0 %"),". ",IF($P$21=$Q$21,"",_xlfn.CONCAT($Q$21," ≤ ",TEXT(Q29,"#0 %.")))) -> Endeudamiento total: MiPyME ≤ 65 %. Gran Empresa ≤ 65 %. | C29: =IFERROR(IF(C74=$P$21,IF(C30<=$P$29,$B$24,$B$25),IF(C30<=$Q$29,$B$24,$B$25)),"-") -> CUMPLE | D29: =IFERROR(IF(D74=$P$21,IF(D30<=$P$29,$B$24,$B$25),IF(D30<=$Q$29,$B$24,$B$25)),"-") -> CUMPLE | E29: =IFERROR(IF(E74=$P$21,IF(E30<=$P$29,$B$24,$B$25),IF(E30<=$Q$29,$B$24,$B$25)),"-") -> CUMPLE | F29: =IFERROR(IF(F74=$P$21,IF(F30<=$P$29,$B$24,$B$25),IF(F30<=$Q$29,$B$24,$B$25)),"-") -> CUMPLE | G29: =IFERROR(IF(G74=$P$21,IF(G30<=$P$29,$B$24,$B$25),IF(G30<=$Q$29,$B$24,$B$25)),"-") -> CUMPLE | J29: =IFERROR(IF(J74=$P$21,IF(J30<=$P$29,$B$24,$B$25),IF(J30<=$Q$29,$B$24,$B$25)),"-") -> CUMPLE | M29: =IFERROR(IF(M74=$P$21,IF(M30<=$P$29,$B$24,$B$25),IF(M30<=$Q$29,$B$24,$B$25)),"-") -> CUMPLE | N29: =IFERROR(IF(N74=$P$21,IF(N30<=$P$29,$B$24,$B$25),IF(N30<=$Q$29,$B$24,$B$25)),"-") -> CUMPLE | P29: 0.65 | Q29: 0.65
B30: ET = (Pasivo total / Activo total)*100 | C30: =IFERROR(C15/C14,"-") -> 0.12100001 | D30: =IFERROR(D15/D14,"-") -> 0.24981745 | E30: =IFERROR(E15/E14,"-") -> 0.62429105 | F30: =IFERROR(F15/F14,"-") -> 0.047739298 | G30: =IFERROR(G15/G14,"-") -> 0.55242894 | J30: =IFERROR(J15/J14,"-") -> 0.31975241 | M30: =IFERROR(M15/M14,"-") -> 0.33988176 | N30: =IFERROR(N15/N14,"-") -> 0.2303508
B31: =CONCATENATE("Razón de Cobertura de Intereses: ",CHAR(10),$P$21," ≥ ",P31," vez(ces) o Indet."," ",IF($P$21=$Q$21,"",_xlfn.CONCAT($Q$21," ≥ ",Q31," vez(ces) o Indet."))) -> Razón de Cobertura de Intereses: MiPyME ≥ 1,5 vez(ces) o Indet. Gran Empresa ≥ 1,5 vez(ces) o Indet. | C31: =IFERROR(IF(C74=$P$21,IF(AND(C32="Indeterminado",C18<=0),$B$25,IF(C32>=$P$31,$B$24,$B$25)),IF(AND(C32="Indeterminado",C18<=0),$B$25,IF(C32>=$Q$31,$B$24,$B$25))),"-") -> CUMPLE | D31: =IFERROR(IF(D74=$P$21,IF(AND(D32="Indeterminado",D18<=0),$B$25,IF(D32>=$P$31,$B$24,$B$25)),IF(AND(D32="Indeterminado",D18<=0),$B$25,IF(D32>=$Q$31,$B$24,$B$25))),"-") -> CUMPLE | E31: =IFERROR(IF(E74=$P$21,IF(AND(E32="Indeterminado",E18<=0),$B$25,IF(E32>=$P$31,$B$24,$B$25)),IF(AND(E32="Indeterminado",E18<=0),$B$25,IF(E32>=$Q$31,$B$24,$B$25))),"-") -> CUMPLE | F31: =IFERROR(IF(F74=$P$21,IF(AND(F32="Indeterminado",F18<=0),$B$25,IF(F32>=$P$31,$B$24,$B$25)),IF(AND(F32="Indeterminado",F18<=0),$B$25,IF(F32>=$Q$31,$B$24,$B$25))),"-") -> CUMPLE | G31: =IFERROR(IF(G74=$P$21,IF(AND(G32="Indeterminado",G18<=0),$B$25,IF(G32>=$P$31,$B$24,$B$25)),IF(AND(G32="Indeterminado",G18<=0),$B$25,IF(G32>=$Q$31,$B$24,$B$25))),"-") -> CUMPLE | J31: =IFERROR(IF(J74=$P$21,IF(AND(J32="Indeterminado",J18<=0),$B$25,IF(J32>=$P$31,$B$24,$B$25)),IF(AND(J32="Indeterminado",J18<=0),$B$25,IF(J32>=$Q$31,$B$24,$B$25))),"-") -> CUMPLE | M31: =IFERROR(IF(M74=$P$21,IF(AND(M32="Indeterminado",M18<=0),$B$25,IF(M32>=$P$31,$B$24,$B$25)),IF(AND(M32="Indeterminado",M18<=0),$B$25,IF(M32>=$Q$31,$B$24,$B$25))),"-") -> CUMPLE | N31: =IFERROR(IF(N74=$P$21,IF(AND(N32="Indeterminado",N18<=0),$B$25,IF(N32>=$P$31,$B$24,$B$25)),IF(AND(N32="Indeterminado",N18<=0),$B$25,IF(N32>=$Q$31,$B$24,$B$25))),"-") -> CUMPLE | P31: 1.5 | Q31: 1.5
B32: RC= (Utilidad Operacional) / (Gastos de Intereses) | C32: =IFERROR(C18/C19,"Indeterminado") -> 16.340655 | D32: =IFERROR(D18/D19,"Indeterminado") -> Indeterminado | E32: =IFERROR(E18/E19,"Indeterminado") -> 183.05506 | F32: =IFERROR(F18/F19,"Indeterminado") -> 5354.2987 | G32: =IFERROR(G18/G19,"Indeterminado") -> 4.2704483 | J32: =IFERROR(J18/J19,"Indeterminado") -> 17.125302 | M32: =IFERROR(M18/M19,"Indeterminado") -> 5.7882444 | N32: =IFERROR(N18/N19,"Indeterminado") -> 99.433855
B33: =CONCATENATE("Capital de trabajo:",CHAR(10),$P$21," ≥ ",TEXT(P33,"0 %")," del PO. ",IF($P$21=$Q$21,"",_xlfn.CONCAT($Q$21," ≥ ",TEXT(Q33,"0 %")," del PO."))) -> Capital de trabajo: MiPyME ≥ 25 % del PO. Gran Empresa ≥ 25 % del PO. | C33: =IFERROR(IF(C74=$P$21,IF(C34>(C22*$P$33),$B$24,$B$25),IF(C34>(C22*$Q$33),$B$24,$B$25)),"-") -> CUMPLE | D33: =IFERROR(IF(D74=$P$21,IF(D34>(D22*$P$33),$B$24,$B$25),IF(D34>(D22*$Q$33),$B$24,$B$25)),"-") -> CUMPLE | E33: =IFERROR(IF(E74=$P$21,IF(E34>(E22*$P$33),$B$24,$B$25),IF(E34>(E22*$Q$33),$B$24,$B$25)),"-") -> CUMPLE | F33: =IFERROR(IF(F74=$P$21,IF(F34>(F22*$P$33),$B$24,$B$25),IF(F34>(F22*$Q$33),$B$24,$B$25)),"-") -> CUMPLE | G33: =IFERROR(IF(G74=$P$21,IF(G34>(G22*$P$33),$B$24,$B$25),IF(G34>(G22*$Q$33),$B$24,$B$25)),"-") -> CUMPLE | J33: =IFERROR(IF(J74=$P$21,IF(J34>(J22*$P$33),$B$24,$B$25),IF(J34>(J22*$Q$33),$B$24,$B$25)),"-") -> CUMPLE | M33: =IFERROR(IF(M74=$P$21,IF(M34>(M22*$P$33),$B$24,$B$25),IF(M34>(M22*$Q$33),$B$24,$B$25)),"-") -> CUMPLE | N33: =IFERROR(IF(N74=$P$21,IF(N34>(N22*$P$33),$B$24,$B$25),IF(N34>(N22*$Q$33),$B$24,$B$25)),"-") -> CUMPLE | P33: 0.25 | Q33: 0.25
B34: =CONCATENATE("CT = Activo Corriente - Pasivo Corriente ≥ ",TEXT((P22*P33),"$###.###.###.##0")) -> CT = Activo Corriente - Pasivo Corriente ≥ $86.214.371 | C34: =IFERROR(C12-C13,"-") -> 181226596 | D34: =IFERROR(D12-D13,"-") -> 986767054 | E34: =IFERROR(E12-E13,"-") -> 96318000 | F34: =IFERROR(F12-F13,"-") -> 5611705488 | G34: =IFERROR(G12-G13,"-") -> 1291022623 | J34: =IFERROR(J12-J13,"-") -> 1998417765 | M34: =IFERROR(M12-M13,"-") -> 1047282631 | N34: =IFERROR(N12-N13,"-") -> 5741972298
B35: CRITERIO DE VERIFICACIÓN CAPACIDAD ORGANIZACIONAL
B37: =CONCATENATE("Indicador Rentabilidad del Patrimonio",CHAR(10),$P$21," ≥ ",TEXT(P37,"#0 %. "),IF($P$21=$Q$21,"",_xlfn.CONCAT($Q$21," ≥ ",TEXT(Q37,"#0 %.")))) -> Indicador Rentabilidad del Patrimonio MiPyME ≥ 2 %. Gran Empresa ≥ 4 %. | C37: =IFERROR(IF((IF(C74=$P$21,IF(C38>=$P$37,$B$24,$B$25),IF(C38>=$Q$37,$B$24,$B$25)))="No hábil",IF(AND(C38<0,C16>0,C74="ESAL"),$B$24,$B$25),IF(C74=$P$21,IF(C38>=$P$37,$B$24,$B$25),IF(C38>=$Q$37,$B$24,$B$25))),"-") -> CUMPLE | D37: =IFERROR(IF((IF(D74=$P$21,IF(D38>=$P$37,$B$24,$B$25),IF(D38>=$Q$37,$B$24,$B$25)))="No hábil",IF(AND(D38<0,D16>0,D74="ESAL"),$B$24,$B$25),IF(D74=$P$21,IF(D38>=$P$37,$B$24,$B$25),IF(D38>=$Q$37,$B$24,$B$25))),"-") -> CUMPLE | E37: =IFERROR(IF((IF(E74=$P$21,IF(E38>=$P$37,$B$24,$B$25),IF(E38>=$Q$37,$B$24,$B$25)))="No hábil",IF(AND(E38<0,E16>0,E74="ESAL"),$B$24,$B$25),IF(E74=$P$21,IF(E38>=$P$37,$B$24,$B$25),IF(E38>=$Q$37,$B$24,$B$25))),"-") -> CUMPLE | F37: =IFERROR(IF((IF(F74=$P$21,IF(F38>=$P$37,$B$24,$B$25),IF(F38>=$Q$37,$B$24,$B$25)))="No hábil",IF(AND(F38<0,F16>0,F74="ESAL"),$B$24,$B$25),IF(F74=$P$21,IF(F38>=$P$37,$B$24,$B$25),IF(F38>=$Q$37,$B$24,$B$25))),"-") -> CUMPLE | G37: =IFERROR(IF((IF(G74=$P$21,IF(G38>=$P$37,$B$24,$B$25),IF(G38>=$Q$37,$B$24,$B$25)))="No hábil",IF(AND(G38<0,G16>0,G74="ESAL"),$B$24,$B$25),IF(G74=$P$21,IF(G38>=$P$37,$B$24,$B$25),IF(G38>=$Q$37,$B$24,$B$25))),"-") -> CUMPLE | H37: - | I37: - | J37: =IFERROR(IF((IF(J74=$P$21,IF(J38>=$P$37,$B$24,$B$25),IF(J38>=$Q$37,$B$24,$B$25)))="No hábil",IF(AND(J38<0,J16>0,J74="ESAL"),$B$24,$B$25),IF(J74=$P$21,IF(J38>=$P$37,$B$24,$B$25),IF(J38>=$Q$37,$B$24,$B$25))),"-") -> CUMPLE | K37: - | L37: - | M37: =IFERROR(IF((IF(M74=$P$21,IF(M38>=$P$37,$B$24,$B$25),IF(M38>=$Q$37,$B$24,$B$25)))="No hábil",IF(AND(M38<0,M16>0,M74="ESAL"),$B$24,$B$25),IF(M74=$P$21,IF(M38>=$P$37,$B$24,$B$25),IF(M38>=$Q$37,$B$24,$B$25))),"-") -> CUMPLE | N37: =IFERROR(IF((IF(N74=$P$21,IF(N38>=$P$37,$B$24,$B$25),IF(N38>=$Q$37,$B$24,$B$25)))="No hábil",IF(AND(N38<0,N16>0,N74="ESAL"),$B$24,$B$25),IF(N74=$P$21,IF(N38>=$P$37,$B$24,$B$25),IF(N38>=$Q$37,$B$24,$B$25))),"-") -> CUMPLE | P37: 0.02 | Q37: 0.04
B38: RP = (Utilidad Operacional / Patrimonio) | C38: =IFERROR(C18/C16,"-") -> 0.21650969 | D38: =IFERROR(D18/D16,"-") -> 0.46692796 | E38: =IFERROR(E18/E16,"-") -> 0.20793777 | F38: =IFERROR(F18/F16,"-") -> 0.28302559 | G38: =IFERROR(G18/G16,"-") -> 0.22683954 | H38: - | I38: - | J38: =IFERROR(J18/J16,"-") -> 0.032678483 | K38: - | L38: - | M38: =IFERROR(M18/M16,"-") -> 0.20528505 | N38: =IFERROR(N18/N16,"-") -> 0.19073837
B39: =CONCATENATE("Indicador Rentabilidad del Activo",CHAR(10),$P$21," ≥ ",TEXT(P39,"#0 %. "),IF($P$21=$Q$21,"",_xlfn.CONCAT($Q$21," ≥ ",TEXT(Q39,"#0 %.")))) -> Indicador Rentabilidad del Activo MiPyME ≥ 1 %. Gran Empresa ≥ 3 %. | C39: =IFERROR(IF((IF(C74=$P$21,IF(C40>=$P$39,$B$24,$B$25),IF(C40>=$Q$39,$B$24,$B$25)))="No hábil",IF(AND(C40<0,C16>0,C74="ESAL"),$B$24,$B$25),IF(C74=$P$21,IF(C40>=$P$39,$B$24,$B$25),IF(C40>=$Q$39,$B$24,$B$25))),"-") -> CUMPLE | D39: =IFERROR(IF((IF(D74=$P$21,IF(D40>=$P$39,$B$24,$B$25),IF(D40>=$Q$39,$B$24,$B$25)))="No hábil",IF(AND(D40<0,D16>0,D74="ESAL"),$B$24,$B$25),IF(D74=$P$21,IF(D40>=$P$39,$B$24,$B$25),IF(D40>=$Q$39,$B$24,$B$25))),"-") -> CUMPLE | E39: =IFERROR(IF((IF(E74=$P$21,IF(E40>=$P$39,$B$24,$B$25),IF(E40>=$Q$39,$B$24,$B$25)))="No hábil",IF(AND(E40<0,E16>0,E74="ESAL"),$B$24,$B$25),IF(E74=$P$21,IF(E40>=$P$39,$B$24,$B$25),IF(E40>=$Q$39,$B$24,$B$25))),"-") -> CUMPLE | F39: =IFERROR(IF((IF(F74=$P$21,IF(F40>=$P$39,$B$24,$B$25),IF(F40>=$Q$39,$B$24,$B$25)))="No hábil",IF(AND(F40<0,F16>0,F74="ESAL"),$B$24,$B$25),IF(F74=$P$21,IF(F40>=$P$39,$B$24,$B$25),IF(F40>=$Q$39,$B$24,$B$25))),"-") -> CUMPLE | G39: =IFERROR(IF((IF(G74=$P$21,IF(G40>=$P$39,$B$24,$B$25),IF(G40>=$Q$39,$B$24,$B$25)))="No hábil",IF(AND(G40<0,G16>0,G74="ESAL"),$B$24,$B$25),IF(G74=$P$21,IF(G40>=$P$39,$B$24,$B$25),IF(G40>=$Q$39,$B$24,$B$25))),"-") -> CUMPLE | H39: - | I39: - | J39: =IFERROR(IF((IF(J74=$P$21,IF(J40>=$P$39,$B$24,$B$25),IF(J40>=$Q$39,$B$24,$B$25)))="No hábil",IF(AND(J40<0,J16>0,J74="ESAL"),$B$24,$B$25),IF(J74=$P$21,IF(J40>=$P$39,$B$24,$B$25),IF(J40>=$Q$39,$B$24,$B$25))),"-") -> CUMPLE | K39: - | L39: - | M39: =IFERROR(IF((IF(M74=$P$21,IF(M40>=$P$39,$B$24,$B$25),IF(M40>=$Q$39,$B$24,$B$25)))="No hábil",IF(AND(M40<0,M16>0,M74="ESAL"),$B$24,$B$25),IF(M74=$P$21,IF(M40>=$P$39,$B$24,$B$25),IF(M40>=$Q$39,$B$24,$B$25))),"-") -> CUMPLE | N39: =IFERROR(IF((IF(N74=$P$21,IF(N40>=$P$39,$B$24,$B$25),IF(N40>=$Q$39,$B$24,$B$25)))="No hábil",IF(AND(N40<0,N16>0,N74="ESAL"),$B$24,$B$25),IF(N74=$P$21,IF(N40>=$P$39,$B$24,$B$25),IF(N40>=$Q$39,$B$24,$B$25))),"-") -> CUMPLE | P39: 0.01 | Q39: 0.03
B40: RA = (Utilidad Operacional / Activo Total) | C40: =IFERROR(C18/C14,"-") -> 0.19031201 | D40: =IFERROR(D18/D14,"-") -> 0.35028121 | E40: =IFERROR(E18/E14,"-") -> 0.078124084 | F40: =IFERROR(F18/F14,"-") -> 0.26951415 | G40: =IFERROR(G18/G14,"-") -> 0.10152682 | H40: - | I40: - | J40: =IFERROR(J18/J14,"-") -> 0.02222946 | K40: - | L40: - | M40: =IFERROR(M18/M14,"-") -> 0.13551241 | N40: =IFERROR(N18/N14,"-") -> 0.14680164
B41: CUMPLIMIENTO REQUISITOS HABLITANTES | C41: =IF(C10="NO CUMPLE","DEBE SUBSANAR",IF(COUNTIF(C27:C40,"NO CUMPLE")>=1,"NO HABILITADO","HABILITADO")) -> HABILITADO | D41: =IF(D10="NO CUMPLE","DEBE SUBSANAR",IF(COUNTIF(D27:D40,"NO CUMPLE")>=1,"NO HABILITADO","HABILITADO")) -> HABILITADO | E41: =IF(E10="NO CUMPLE","DEBE SUBSANAR",IF(COUNTIF(E27:E40,"NO CUMPLE")>=1,"NO HABILITADO","HABILITADO")) -> HABILITADO | F41: =IF(F10="NO CUMPLE","DEBE SUBSANAR",IF(COUNTIF(F27:F40,"NO CUMPLE")>=1,"NO HABILITADO","HABILITADO")) -> HABILITADO | G41: =IF(G10="NO CUMPLE","DEBE SUBSANAR",IF(COUNTIF(G27:G40,"NO CUMPLE")>=1,"NO HABILITADO","HABILITADO")) -> HABILITADO | J41: =IF(J10="NO CUMPLE","DEBE SUBSANAR",IF(COUNTIF(J27:J40,"NO CUMPLE")>=1,"NO HABILITADO","HABILITADO")) -> HABILITADO | M41: =IF(M10="NO CUMPLE","DEBE SUBSANAR",IF(COUNTIF(M27:M40,"NO CUMPLE")>=1,"NO HABILITADO","HABILITADO")) -> HABILITADO | N41: =IF(N10="NO CUMPLE","DEBE SUBSANAR",IF(COUNTIF(N27:N40,"NO CUMPLE")>=1,"NO HABILITADO","HABILITADO")) -> HABILITADO
P42: MiPyME:
B43: NOTA: Una vez verificada la Información Financiera presentada por cada uno de los proponentes, se informa que las sociedades arriba descritas, que | P43: Tratándose de Proponentes Plurales estos indicadores solo se aplicarán si por lo menos uno de los integrantes acredita la calidad de Mipyme de conformidad con lo previsto en el artículo 2.2.1.2.4.2.4. del Decreto 1082 de 2015, o la normas que los modifiquen, sustituyan o complementen, y tienen una participación igual o superior al diez por ciento (10 %) en el Consorcio o en la Unión Temporal.
B44: cumplen con lo solicitado en los pliegos de condiciones definitivos en cuanto a los Indicadores Financieros requeridos, se encuentran HABILITADAS.
B46: =B71 -> Fecha de cierre del proceso:
B47: =C71 -> 46006
B49: Fecha de elaboración (preliminar):
B50: =C65 -> 46008
D51: Miguel Ángel Granados Gutiérrez
B52: Fecha de verificación definitiva: | D52: Profesional Área de Contratación - FDL Usme
B53: 46020 | D53: Comité Evaluador Financiero
B55: ="NOTA: La fecha de corte de la información financiera registrada en el RUP debe ser 31/12/2024, de acuerdo a lo establecido en el pliego definitivo de condiciones del proceso "&P23&"," -> NOTA: La fecha de corte de la información financiera registrada en el RUP debe ser 31/12/2024, de acuerdo a lo establecido en el pliego definitivo de condiciones del proceso FDLU-CMA-027-2025 (143212),
B56: ='Consolidado 1 a 9'!J58 -> de las (46) empresas evaluadas, (45) empresas están habilitadas.
B63: Verificaciones efectuadas por el(los) miembro(s) del Comité Evaluador:
B65: Fecha de elaboración: | C65: 46008
C67: =C8 -> 1 | D67: =D8 -> 2 | E67: =E8 -> 3 | F67: =F8 -> 4 | G67: =G8 -> 5 | H67: =H8 -> A | I67: =I8 -> B | J67: =J8 -> 6 | ... N67: =N8 -> 8
B68: Fecha de expedición RUP: | C68: 45988 | D68: 45992 | E68: 46000 | F68: 45986 | G68: 45992 | H68: 46002 | I68: 45979 | K68: 45987 | L68: 45981 | N68: 45987
B69: Fecha de última renovación en el registro de los proponentes:
B71: Fecha de cierre del proceso: | C71: 46006 | D71: =C71 -> 46006 | E71: =D71 -> 46006 | F71: =E71 -> 46006 | G71: =F71 -> 46006 | H71: =G71 -> 46006 | I71: =H71 -> 46006 | K71: =I71 -> 46006 | L71: =K71 -> 46006 | N71: =L71 -> 46006
B72: Días (calend.) transcurridos entre exped. RUP y cierre del proceso: | C72: =C71-C68 -> 18 | D72: =D71-D68 -> 14 | E72: =E71-E68 -> 6 | F72: =F71-F68 -> 20 | G72: =G71-G68 -> 14 | H72: =H71-H68 -> 4 | I72: =I71-I68 -> 27 | K72: =K71-K68 -> 19 | L72: =L71-L68 -> 25 | N72: =N71-N68 -> 19
B73: 30
B74: Clasificación para evaluación aplicable: | C74: MiPyME | D74: MiPyME | E74: MiPyME | F74: MiPyME | G74: MiPyME | H74: MiPyME | I74: MiPyME | J74: MiPyME | K74: MiPyME | L74: MiPyME | M74: MiPyME | N74: MiPyME

Sheet 2. Oferentes 9 a 13
C1: VERIFICACIÓN FINANCIERA Y CAPACIDAD ORGANIZACIONAL | Q1: Código: GCO-GCI-F107 Versión: 03 Vigencia: 21 de diciembre de 2022 Caso HOLA: 282943
B6: OBJETO: “REALIZAR LA INTERVENTORIA TÉCNICA, ADMINISTRATIVA, FINANCIERA, SISO, JURÍDICA, AMBIENTAL Y CONTABLE A LA EJECUCION DEL CONTRATO DE OBRA PUBLICA QUE CELEBRE EL FONDO DE DESARROLLO LOCAL DE USME COMO RESULTADO DE LA ADJUDICACION DE LA LICITACION PUBLICA QUE TIENE POR OBJETO "REALIZAR LAS OBRAS DE CONSERVACIÓN DE LA MALLA VIAL Y ESPACIO PÚBLICO ASOCIADO EN LA LOCALIDAD DE USME, BOGOTÁ, D.C. A TRAVÉS DEL SISTEMA DE PRECIOS UNITARIOS FIJOS Y A MONTO AGOTABLE”
B7: CONCEPTO / NOMBRE OFERENTE | C7: KALPA INGENIERIA SAS SOCIEDAD DE BENEFICIO E INTERÉS COLECTIVO-BIC NIT: 901506984 3 | D7: SUMAK INGENIERIA S.A.S NIT: 900922872 7 | E7: CONSORCIO 3871 USME | F7: AC2R INGENIERIA Y PROYECTOS S.A.S NIT: 830123577 7 | G7: MARC PROYECTOS S.A.S. NIT: 901.191.916 - 8 | H7: CON Y CON SAS NIT:800232208-2 | I7: CONSORCIO INTERVIAL AMC | J7: MSC INGENIERIA S A S NIT: 830090285 8 | K7: AMV CONSULTORES SAS NIT: 901245617 4 | L7: CORTES LEIVA ASOCIADOS S A S NIT: 900.859.890 - 0 | M7: CONSORCIO VIAL | N7: INGENIEROS CONSULTORES Y CONSTRUCTORES ARG SAS NIT: 900008687 0 | O7: ESTUDIO, DISEÑO Y CONSTRUCCION EN INGENIERIA S.A.S NIT: 901216827 0 | P7: TABIQUE ENGENHARIA LDA. NIT: 900891853 2 | Q7: CONSORCIO VIAL TAED 027-USME | S7: Datos para validación financiera
B8: Oferente No. | C8: A | D8: B | E8: ='1. Oferentes 1 a 8'!N8+1 -> 9 | F8: A | G8: B | H8: C | I8: =E8+1 -> 10 | J8: A | K8: B | L8: C | M8: =I8+1 -> 11 | N8: =M8+1 -> 12 | O8: A | P8: B | Q8: =N8+1 -> 13
B9: BALANCE GENERAL CON CORTE A 31 DE DICIEMBRE DEL AÑO: 2024 | C9: 31-DIC.-2024 RUP | D9: 31-DIC.-2024 RUP | E9: 31-DIC.-2024 RUP | F9: 31-DIC.-2024 RUP | G9: 31-DIC.-2024 RUP | H9: 31-DIC.-2024 RUP | I9: 31-DIC.-2024 RUP | J9: 31-DIC.-2024 RUP | K9: 31-DIC.-2024 RUP | L9: 31-DIC.-2024 RUP | M9: 31-DIC.-2024 RUP | N9: 31-DIC.-2024 RUP | O9: 31-DIC.-2024 RUP | P9: 31-DIC.-2024 RUP | Q9: 31-DIC.-2024 RUP
B10: PRESENTACIÓN DE RUP VIGENTE EN TÉRMINO | C10: =IF(C72<=$B$73,"CUMPLE","NO CUMPLE") -> CUMPLE | D10: =IF(D72<=$B$73,"CUMPLE","NO CUMPLE") -> CUMPLE | E10: =IF(COUNTIF(C10:D10,"NO CUMPLE")>=1,"NO CUMPLE","CUMPLE") -> CUMPLE | F10: =IF(F72<=$B$73,"CUMPLE","NO CUMPLE") -> CUMPLE | G10: =IF(G72<=$B$73,"CUMPLE","NO CUMPLE") -> CUMPLE | H10: =IF(H72<=$B$73,"CUMPLE","NO CUMPLE") -> CUMPLE | I10: =IF(COUNTIF(F10:H10,"NO CUMPLE")>=1,"NO CUMPLE","CUMPLE") -> CUMPLE | J10: =IF(J72<=$B$73,"CUMPLE","NO CUMPLE") -> CUMPLE | K10: =IF(K72<=$B$73,"CUMPLE","NO CUMPLE") -> CUMPLE | L10: =IF(L72<=$B$73,"CUMPLE","NO CUMPLE") -> CUMPLE | M10: =IF(COUNTIF(J10:L10,"NO CUMPLE")>=1,"NO CUMPLE","CUMPLE") -> CUMPLE | N10: =IF(N72<=$B$73,"CUMPLE","NO CUMPLE") -> CUMPLE | O10: =IF(O72<=$B$73,"CUMPLE","NO CUMPLE") -> CUMPLE | P10: =IF(P72<=$B$73,"CUMPLE","NO CUMPLE") -> CUMPLE | Q10: =IF(COUNTIF(O10:P10,"NO CUMPLE")>=1,"NO CUMPLE","CUMPLE") -> CUMPLE
B11: INFORMACION TOMADA DEL RUP VIGENTE | C11: 0.99 | D11: 0.01 | E11: =SUM(C11:D11) -> 1 | F11: 0.4 | G11: 0.4 | H11: 0.2 | I11: =SUM(F11:H11) -> 1 | J11: 0.45 | K11: 0.45 | L11: 0.1 | M11: =SUM(J11:L11) -> 1 | N11: 1 | O11: 0.5 | P11: 0.5 | Q11: =SUM(O11:P11) -> 1
B12: ACTIVO CORRIENTE | C12: 4322492340 | D12: 3774255097 | E12: =SUM(C12:D12) -> 8096747437 | F12: 6066351767 | G12: 1036289375 | H12: 781682291 | I12: =SUM(F12:H12) -> 7884323433 | J12: 879251948 | K12: 1160091309 | L12: 385635843 | M12: =SUM(J12:L12) -> 2424979100 | N12: 2024234243 | O12: 76621082 | P12: 1.1245466e+10 | Q12: =SUM(O12:P12) -> 1.1322087e+10
B13: PASIVO CORRIENTE | C13: 1709972534 | D13: 1586842025 | E13: =SUM(C13:D13) -> 3296814559 | F13: 65655303 | G13: 134427869 | H13: 202062680 | I13: =SUM(F13:H13) -> 402145852 | J13: 24423133 | K13: 825145424 | L13: 11454391 | M13: =SUM(J13:L13) -> 861022948 | N13: 543167712 | O13: 16945934 | P13: 2.7873445e+09 | Q13: =SUM(O13:P13) -> 2.8042905e+09
B14: ACTIVO TOTAL | C14: 4322492340 | D14: 3784679390 | E14: =SUM(C14:D14) -> 8107171730 | F14: 6709005000 | G14: 1491420335 | H14: 1275877748 | I14: =SUM(F14:H14) -> 9476303083 | J14: 879251948 | K14: 1287046751 | L14: 494122470 | M14: =SUM(J14:L14) -> 2660421169 | N14: 2236559243 | O14: 79146936 | P14: 1.172715e+10 | Q14: =SUM(O14:P14) -> 1.1806297e+10
B15: PASIVO TOTAL | C15: 1709972534 | D15: 1586842025 | E15: =SUM(C15:D15) -> 3296814559 | F15: 1385804698 | G15: 949575110 | H15: 243714454 | I15: =SUM(F15:H15) -> 2579094262 | J15: 70367490 | K15: 825145424 | L15: 11454391 | M15: =SUM(J15:L15) -> 906967305 | N15: 1014720545 | O15: 16945934 | P15: 3.5860872e+09 | Q15: =SUM(O15:P15) -> 3.6030332e+09
B16: PATRIMONIO | C16: 2612519806 | D16: 2197837365 | E16: =SUM(C16:D16) -> 4810357171 | F16: 5323200302 | G16: 541845225 | H16: 1032163294 | I16: =SUM(F16:H16) -> 6897208821 | J16: 808884458 | K16: 461901327 | L16: 482668079 | M16: =SUM(J16:L16) -> 1753453864 | N16: 1221838698 | O16: 62201002 | P16: 8.141063e+09 | Q16: =SUM(O16:P16) -> 8.203264e+09
B17: Activo total-Pasivo total-Patrimonio | C17: =+C14-C15-C16 -> 0 | D17: =+D14-D15-D16 -> 0 | E17: =+E14-E15-E16 -> 0 | F17: =+F14-F15-F16 -> 0 | G17: =+G14-G15-G16 -> 0 | H17: =+H14-H15-H16 -> 0 | I17: =+I14-I15-I16 -> 0 | J17: =+J14-J15-J16 -> 0 | ... Q17: =+Q14-Q15-Q16 -> 0.0099983215
B18: UTILIDAD OPERACIONAL | C18: 1657036887 | D18: 419661429 | E18: =SUM(C18:D18) -> 2076698316 | F18: 262951234 | G18: 102283682 | H18: 122009869 | I18: =SUM(F18:H18) -> 487244785 | J18: 20068177 | K18: 314946218 | L18: 27110112 | M18: =SUM(J18:L18) -> 362124507 | N18: 364425271 | O18: 9214117 | P18: 1.3888804e+09 | Q18: =SUM(O18:P18) -> 1.3980945e+09
B19: GASTOS DE INTERESES | C19: 0 | D19: 4801596 | E19: =SUM(C19:D19) -> 4801596 | F19: 58963000 | G19: 234000 | H19: 0 | I19: =SUM(F19:H19) -> 59197000 | J19: 0 | K19: 468800 | L19: 0 | M19: =SUM(J19:L19) -> 468800 | N19: 43628874 | O19: 46000 | P19: 63300725 | Q19: =SUM(O19:P19) -> 63346725
B20: Rentabilidad del Patrimonio (Utilidad Operacional / Patrimonio) | C20: =IFERROR((C18/C16),"-") -> 0.63426768 | D20: =IFERROR((D18/D16),"-") -> 0.19094289 | E20: =IFERROR((E18/E16),"-") -> 0.43171395 | F20: =IFERROR((F18/F16),"-") -> 0.049397208 | G20: =IFERROR((G18/G16),"-") -> 0.18876919 | H20: =IFERROR((H18/H16),"-") -> 0.11820791 | I20: =IFERROR((I18/I16),"-") -> 0.070643763 | J20: =IFERROR((J18/J16),"-") -> 0.024809695 | ... Q20: =IFERROR((Q18/Q16),"-") -> 0.17043149
B21: Rentabilidad del Activo (Utilidad Operacional / Activo Total) | C21: =IFERROR((C18/C14),"-") -> 0.38335219 | D21: =IFERROR((D18/D14),"-") -> 0.11088427 | E21: =IFERROR((E18/E14),"-") -> 0.25615571 | F21: =IFERROR((F18/F14),"-") -> 0.039193775 | G21: =IFERROR((G18/G14),"-") -> 0.068581392 | H21: =IFERROR((H18/H14),"-") -> 0.095628182 | I21: =IFERROR((I18/I14),"-") -> 0.05141718 | J21: =IFERROR((J18/J14),"-") -> 0.022824148 | ... Q21: =IFERROR((Q18/Q14),"-") -> 0.11841939 | S21: MiPyME | T21: Gran Empresa
B22: VALOR DEL PRESUPUESTO OFICIAL | C22: =IF(C11=1,$S$22,"") | D22: =IF(D11=1,$S$22,"") | E22: =IF(E11=1,$S$22,"") -> 344857484 | F22: =IF(F11=1,$S$22,"") | G22: =IF(G11=1,$S$22,"") | H22: =IF(H11=1,$S$22,"") | I22: =IF(I11=1,$S$22,"") -> 344857484 | J22: =IF(J11=1,$S$22,"") | ... Q22: =IF(Q11=1,$S$22,"") -> 344857484 | S22: 344857484 | T22: =S22 -> 344857484
B23: CRITERIO DE VERIFICACIÓN FINANCIERA | S23: FDLU-CMA-027-2025 (143212)
B24: CUMPLE | S24: 1423500 | T24: SMMLV 2025
B25: NO CUMPLE | R25: >0 | S25: =T22/S24 -> 242.26026 | T25: <4.000 | U25: Rango 1
B26: CRITERIO DE VERIFICACIÓN FINANCIERA | S26: Plazo: | T26: Seis (6) meses
B27: =CONCATENATE("Índice de Liquidez: ",CHAR(10),$S$21," ≥ ",S27," veces. ",IF($S$21=$T$21,"",_xlfn.CONCAT($T$21," ≥ ",T27," veces."))) -> Índice de Liquidez: MiPyME ≥ 1,1 veces. Gran Empresa ≥ 1,2 veces. | E27: =IFERROR(IF(E74=$S$21,IF(E28>=$S$27,$B$24,$B$25),IF(E28>=$T$27,$B$24,$B$25)),"-") -> CUMPLE | I27: =IFERROR(IF(I74=$S$21,IF(I28>=$S$27,$B$24,$B$25),IF(I28>=$T$27,$B$24,$B$25)),"-") -> CUMPLE | M27: =IFERROR(IF(M74=$S$21,IF(M28>=$S$27,$B$24,$B$25),IF(M28>=$T$27,$B$24,$B$25)),"-") -> CUMPLE | N27: =IFERROR(IF(N74=$S$21,IF(N28>=$S$27,$B$24,$B$25),IF(N28>=$T$27,$B$24,$B$25)),"-") -> CUMPLE | Q27: =IFERROR(IF(Q74=$S$21,IF(Q28>=$S$27,$B$24,$B$25),IF(Q28>=$T$27,$B$24,$B$25)),"-") -> CUMPLE | S27: 1.1 | T27: 1.2
B28: IL = Activo corriente / Pasivo corriente | E28: =IFERROR(E12/E13,"-") -> 2.4559305 | I28: =IFERROR(I12/I13,"-") -> 19.605632 | M28: =IFERROR(M12/M13,"-") -> 2.8163931 | N28: =IFERROR(N12/N13,"-") -> 3.7267205 | Q28: =IFERROR(Q12/Q13,"-") -> 4.0374158
B29: =CONCATENATE("Endeudamiento total: ",CHAR(10),$S$21," ≤ ",TEXT(S29,"#0 %"),". ",IF($S$21=$T$21,"",_xlfn.CONCAT($T$21," ≤ ",TEXT(T29,"#0 %.")))) -> Endeudamiento total: MiPyME ≤ 65 %. Gran Empresa ≤ 65 %. | E29: =IFERROR(IF(E74=$S$21,IF(E30<=$S$29,$B$24,$B$25),IF(E30<=$T$29,$B$24,$B$25)),"-") -> CUMPLE | I29: =IFERROR(IF(I74=$S$21,IF(I30<=$S$29,$B$24,$B$25),IF(I30<=$T$29,$B$24,$B$25)),"-") -> CUMPLE | M29: =IFERROR(IF(M74=$S$21,IF(M30<=$S$29,$B$24,$B$25),IF(M30<=$T$29,$B$24,$B$25)),"-") -> CUMPLE | N29: =IFERROR(IF(N74=$S$21,IF(N30<=$S$29,$B$24,$B$25),IF(N30<=$T$29,$B$24,$B$25)),"-") -> CUMPLE | Q29: =IFERROR(IF(Q74=$S$21,IF(Q30<=$S$29,$B$24,$B$25),IF(Q30<=$T$29,$B$24,$B$25)),"-") -> CUMPLE | S29: 0.65 | T29: 0.65
B30: ET = (Pasivo total / Activo total)*100 | E30: =IFERROR(E15/E14,"-") -> 0.40665409 | I30: =IFERROR(I15/I14,"-") -> 0.27216249 | M30: =IFERROR(M15/M14,"-") -> 0.34091117 | N30: =IFERROR(N15/N14,"-") -> 0.45369715 | Q30: =IFERROR(Q15/Q14,"-") -> 0.30517893
B31: =CONCATENATE("Razón de Cobertura de Intereses: ",CHAR(10),$S$21," ≥ ",S31," vez(ces) o Indet."," ",IF($S$21=$T$21,"",_xlfn.CONCAT($T$21," ≥ ",T31," vez(ces) o Indet."))) -> Razón de Cobertura de Intereses: MiPyME ≥ 1,5 vez(ces) o Indet. Gran Empresa ≥ 1,5 vez(ces) o Indet. | E31: =IFERROR(IF(E74=$S$21,IF(AND(E32="Indeterminado",E18<=0),$B$25,IF(E32>=$S$31,$B$24,$B$25)),IF(AND(E32="Indeterminado",E18<=0),$B$25,IF(E32>=$T$31,$B$24,$B$25))),"-") -> CUMPLE | I31: =IFERROR(IF(I74=$S$21,IF(AND(I32="Indeterminado",I18<=0),$B$25,IF(I32>=$S$31,$B$24,$B$25)),IF(AND(I32="Indeterminado",I18<=0),$B$25,IF(I32>=$T$31,$B$24,$B$25))),"-") -> CUMPLE | M31: =IFERROR(IF(M74=$S$21,IF(AND(M32="Indeterminado",M18<=0),$B$25,IF(M32>=$S$31,$B$24,$B$25)),IF(AND(M32="Indeterminado",M18<=0),$B$25,IF(M32>=$T$31,$B$24,$B$25))),"-") -> CUMPLE | N31: =IFERROR(IF(N74=$S$21,IF(AND(N32="Indeterminado",N18<=0),$B$25,IF(N32>=$S$31,$B$24,$B$25)),IF(AND(N32="Indeterminado",N18<=0),$B$25,IF(N32>=$T$31,$B$24,$B$25))),"-") -> CUMPLE | Q31: =IFERROR(IF(Q74=$S$21,IF(AND(Q32="Indeterminado",Q18<=0),$B$25,IF(Q32>=$S$31,$B$24,$B$25)),IF(AND(Q32="Indeterminado",Q18<=0),$B$25,IF(Q32>=$T$31,$B$24,$B$25))),"-") -> CUMPLE | S31: 1.5 | T31: 1.5
B32: RC= (Utilidad Operacional) / (Gastos de Intereses) | E32: =IFERROR(E18/E19,"Indeterminado") -> 432.50168 | I32: =IFERROR(I18/I19,"Indeterminado") -> 8.2309033 | M32: =IFERROR(M18/M19,"Indeterminado") -> 772.44989 | N32: =IFERROR(N18/N19,"Indeterminado") -> 8.3528461 | Q32: =IFERROR(Q18/Q19,"Indeterminado") -> 22.070509
B33: =CONCATENATE("Capital de trabajo:",CHAR(10),$S$21," ≥ ",TEXT(S33,"0 %")," del PO. ",IF($S$21=$T$21,"",_xlfn.CONCAT($T$21," ≥ ",TEXT(T33,"0 %")," del PO."))) -> Capital de trabajo: MiPyME ≥ 25 % del PO. Gran Empresa ≥ 25 % del PO. | E33: =IFERROR(IF(E74=$S$21,IF(E34>(E22*$S$33),$B$24,$B$25),IF(E34>(E22*$T$33),$B$24,$B$25)),"-") -> CUMPLE | I33: =IFERROR(IF(I74=$S$21,IF(I34>(I22*$S$33),$B$24,$B$25),IF(I34>(I22*$T$33),$B$24,$B$25)),"-") -> CUMPLE | M33: =IFERROR(IF(M74=$S$21,IF(M34>(M22*$S$33),$B$24,$B$25),IF(M34>(M22*$T$33),$B$24,$B$25)),"-") -> CUMPLE | N33: =IFERROR(IF(N74=$S$21,IF(N34>(N22*$S$33),$B$24,$B$25),IF(N34>(N22*$T$33),$B$24,$B$25)),"-") -> CUMPLE | Q33: =IFERROR(IF(Q74=$S$21,IF(Q34>(Q22*$S$33),$B$24,$B$25),IF(Q34>(Q22*$T$33),$B$24,$B$25)),"-") -> CUMPLE | S33: 0.25 | T33: 0.25
B34: =CONCATENATE("CT = Activo Corriente - Pasivo Corriente ≥ ",TEXT((S22*S33),"$###.###.###.##0")) -> CT = Activo Corriente - Pasivo Corriente ≥ $86.214.371 | E34: =IFERROR(E12-E13,"-") -> 4799932878 | I34: =IFERROR(I12-I13,"-") -> 7482177581 | M34: =IFERROR(M12-M13,"-") -> 1563956152 | N34: =IFERROR(N12-N13,"-") -> 1481066531 | Q34: =IFERROR(Q12-Q13,"-") -> 8.5177963e+09
B35: CRITERIO DE VERIFICACIÓN CAPACIDAD ORGANIZACIONAL
B37: =CONCATENATE("Indicador Rentabilidad del Patrimonio",CHAR(10),$S$21," ≥ ",TEXT(S37,"#0 %. "),IF($S$21=$T$21,"",_xlfn.CONCAT($T$21," ≥ ",TEXT(T37,"#0 %.")))) -> Indicador Rentabilidad del Patrimonio MiPyME ≥ 2 %. Gran Empresa ≥ 4 %. | C37: - | D37: - | E37: =IFERROR(IF((IF(E74=$S$21,IF(E38>=$S$37,$B$24,$B$25),IF(E38>=$T$37,$B$24,$B$25)))="No hábil",IF(AND(E38<0,E16>0,E74="ESAL"),$B$24,$B$25),IF(E74=$S$21,IF(E38>=$S$37,$B$24,$B$25),IF(E38>=$T$37,$B$24,$B$25))),"-") -> CUMPLE | F37: - | G37: - | H37: - | I37: =IFERROR(IF((IF(I74=$S$21,IF(I38>=$S$37,$B$24,$B$25),IF(I38>=$T$37,$B$24,$B$25)))="No hábil",IF(AND(I38<0,I16>0,I74="ESAL"),$B$24,$B$25),IF(I74=$S$21,IF(I38>=$S$37,$B$24,$B$25),IF(I38>=$T$37,$B$24,$B$25))),"-") -> CUMPLE | J37: - | K37: - | L37: - | M37: =IFERROR(IF((IF(M74=$S$21,IF(M38>=$S$37,$B$24,$B$25),IF(M38>=$T$37,$B$24,$B$25)))="No hábil",IF(AND(M38<0,M16>0,M74="ESAL"),$B$24,$B$25),IF(M74=$S$21,IF(M38>=$S$37,$B$24,$B$25),IF(M38>=$T$37,$B$24,$B$25))),"-") -> CUMPLE | N37: =IFERROR(IF((IF(N74=$S$21,IF(N38>=$S$37,$B$24,$B$25),IF(N38>=$T$37,$B$24,$B$25)))="No hábil",IF(AND(N38<0,N16>0,N74="ESAL"),$B$24,$B$25),IF(N74=$S$21,IF(N38>=$S$37,$B$24,$B$25),IF(N38>=$T$37,$B$24,$B$25))),"-") -> CUMPLE | O37: - | P37: - | Q37: =IFERROR(IF((IF(Q74=$S$21,IF(Q38>=$S$37,$B$24,$B$25),IF(Q38>=$T$37,$B$24,$B$25)))="No hábil",IF(AND(Q38<0,Q16>0,Q74="ESAL"),$B$24,$B$25),IF(Q74=$S$21,IF(Q38>=$S$37,$B$24,$B$25),IF(Q38>=$T$37,$B$24,$B$25))),"-") -> CUMPLE | S37: 0.02 | T37: 0.04
B38: RP = (Utilidad Operacional / Patrimonio) | C38: - | D38: - | E38: =IFERROR(E18/E16,"-") -> 0.43171395 | F38: - | G38: - | H38: - | I38: =IFERROR(I18/I16,"-") -> 0.070643763 | J38: - | K38: - | L38: - | M38: =IFERROR(M18/M16,"-") -> 0.20652069 | N38: =IFERROR(N18/N16,"-") -> 0.29825972 | O38: - | P38: - | Q38: =IFERROR(Q18/Q16,"-") -> 0.17043149
B39: =CONCATENATE("Indicador Rentabilidad del Activo",CHAR(10),$S$21," ≥ ",TEXT(S39,"#0 %. "),IF($S$21=$T$21,"",_xlfn.CONCAT($T$21," ≥ ",TEXT(T39,"#0 %.")))) -> Indicador Rentabilidad del Activo MiPyME ≥ 1 %. Gran Empresa ≥ 3 %. | C39: - | D39: - | E39: =IFERROR(IF((IF(E74=$S$21,IF(E40>=$S$39,$B$24,$B$25),IF(E40>=$T$39,$B$24,$B$25)))="No hábil",IF(AND(E40<0,E16>0,E74="ESAL"),$B$24,$B$25),IF(E74=$S$21,IF(E40>=$S$39,$B$24,$B$25),IF(E40>=$T$39,$B$24,$B$25))),"-") -> CUMPLE | F39: - | G39: - | H39: - | I39: =IFERROR(IF((IF(I74=$S$21,IF(I40>=$S$39,$B$24,$B$25),IF(I40>=$T$39,$B$24,$B$25)))="No hábil",IF(AND(I40<0,I16>0,I74="ESAL"),$B$24,$B$25),IF(I74=$S$21,IF(I40>=$S$39,$B$24,$B$25),IF(I40>=$T$39,$B$24,$B$25))),"-") -> CUMPLE | J39: - | K39: - | L39: - | M39: =IFERROR(IF((IF(M74=$S$21,IF(M40>=$S$39,$B$24,$B$25),IF(M40>=$T$39,$B$24,$B$25)))="No hábil",IF(AND(M40<0,M16>0,M74="ESAL"),$B$24,$B$25),IF(M74=$S$21,IF(M40>=$S$39,$B$24,$B$25),IF(M40>=$T$39,$B$24,$B$25))),"-") -> CUMPLE | N39: =IFERROR(IF((IF(N74=$S$21,IF(N40>=$S$39,$B$24,$B$25),IF(N40>=$T$39,$B$24,$B$25)))="No hábil",IF(AND(N40<0,N16>0,N74="ESAL"),$B$24,$B$25),IF(N74=$S$21,IF(N40>=$S$39,$B$24,$B$25),IF(N40>=$T$39,$B$24,$B$25))),"-") -> CUMPLE | O39: - | P39: - | Q39: =IFERROR(IF((IF(Q74=$S$21,IF(Q40>=$S$39,$B$24,$B$25),IF(Q40>=$T$39,$B$24,$B$25)))="No hábil",IF(AND(Q40<0,Q16>0,Q74="ESAL"),$B$24,$B$25),IF(Q74=$S$21,IF(Q40>=$S$39,$B$24,$B$25),IF(Q40>=$T$39,$B$24,$B$25))),"-") -> CUMPLE | S39: 0.01 | T39: 0.03
B40: RA = (Utilidad Operacional / Activo Total) | C40: - | D40: - | E40: =IFERROR(E18/E14,"-") -> 0.25615571 | F40: - | G40: - | H40: - | I40: =IFERROR(I18/I14,"-") -> 0.05141718 | J40: - | K40: - | L40: - | M40: =IFERROR(M18/M14,"-") -> 0.13611548 | N40: =IFERROR(N18/N14,"-") -> 0.16294014 | O40: - | P40: - | Q40: =IFERROR(Q18/Q14,"-") -> 0.11841939
B41: CUMPLIMIENTO REQUISITOS HABLITANTES | E41: =IF(E10="NO CUMPLE","DEBE SUBSANAR",IF(COUNTIF(E27:E40,"NO CUMPLE")>=1,"NO HABILITADO","HABILITADO")) -> HABILITADO | I41: =IF(I10="NO CUMPLE","DEBE SUBSANAR",IF(COUNTIF(I27:I40,"NO CUMPLE")>=1,"NO HABILITADO","HABILITADO")) -> HABILITADO | M41: =IF(M10="NO CUMPLE","DEBE SUBSANAR",IF(COUNTIF(M27:M40,"NO CUMPLE")>=1,"NO HABILITADO","HABILITADO")) -> HABILITADO | N41: =IF(N10="NO CUMPLE","DEBE SUBSANAR",IF(COUNTIF(N27:N40,"NO CUMPLE")>=1,"NO HABILITADO","HABILITADO")) -> HABILITADO | Q41: =IF(Q10="NO CUMPLE","DEBE SUBSANAR",IF(COUNTIF(Q27:Q40,"NO CUMPLE")>=1,"NO HABILITADO","HABILITADO")) -> HABILITADO
S42: MiPyME:
B43: NOTA: Una vez verificada la Información Financiera presentada por cada uno de los proponentes, se informa que las sociedades arriba descritas, que | S43: Tratándose de Proponentes Plurales estos indicadores solo se aplicarán si por lo menos uno de los integrantes acredita la calidad de Mipyme de conformidad con lo previsto en el artículo 2.2.1.2.4.2.4. del Decreto 1082 de 2015, o la normas que los modifiquen, sustituyan o complementen, y tienen una participación igual o superior al diez por ciento (10 %) en el Consorcio o en la Unión Temporal.
B44: cumplen con lo solicitado en los pliegos de condiciones definitivos en cuanto a los Indicadores Financieros requeridos, se encuentran HABILITADAS.
B46: =B71 -> Fecha de cierre del proceso:
B47: =C71 -> 46006
B49: Fecha de elaboración (preliminar):
B50: =C65 -> 46008
D51: Miguel Ángel Granados Gutiérrez
B52: Fecha de verificación definitiva: | D52: Profesional Área de Contratación - FDL Usme
B53: ='1. Oferentes 1 a 8'!B53 -> 46020 | D53: Comité Evaluador Financiero
B55: ="NOTA: La fecha de corte de la información financiera registrada en el RUP debe ser 31/12/2024, de acuerdo a lo establecido en el pliego definitivo de condiciones del proceso "&S23&"," -> NOTA: La fecha de corte de la información financiera registrada en el RUP debe ser 31/12/2024, de acuerdo a lo establecido en el pliego definitivo de condiciones del proceso FDLU-CMA-027-2025 (143212),
B56: ='Consolidado 1 a 9'!J58 -> de las (46) empresas evaluadas, (45) empresas están habilitadas.
B63: Verificaciones efectuadas por el(los) miembro(s) del Comité Evaluador:
B65: Fecha de elaboración: | C65: 46008
C67: =C8 -> A | D67: =D8 -> B | E67: =E8 -> 9 | F67: =F8 -> A | G67: =G8 -> B | H67: =H8 -> C | I67: =I8 -> 10 | J67: =J8 -> A | ... Q67: =Q8 -> 13
B68: Fecha de expedición RUP: | C68: 45993 | D68: 45986 | F68: 45986 | G68: 45979 | H68: 46000 | J68: 45986 | K68: 46000 | L68: 45979 | N68: 46000 | O68: 45987 | P68: 45999
B69: Fecha de última renovación en el registro de los proponentes:
B71: Fecha de cierre del proceso: | C71: 46006 | D71: =C71 -> 46006 | F71: =D71 -> 46006 | G71: =F71 -> 46006 | H71: =G71 -> 46006 | J71: =H71 -> 46006 | K71: =J71 -> 46006 | L71: =K71 -> 46006 | N71: =L71 -> 46006 | O71: =N71 -> 46006 | P71: =O71 -> 46006
B72: Días (calend.) transcurridos entre exped. RUP y cierre del proceso: | C72: =C71-C68 -> 13 | D72: =D71-D68 -> 20 | F72: =F71-F68 -> 20 | G72: =G71-G68 -> 27 | H72: =H71-H68 -> 6 | J72: =J71-J68 -> 20 | K72: =K71-K68 -> 6 | L72: =L71-L68 -> 27 | N72: =N71-N68 -> 6 | O72: =O71-O68 -> 19 | P72: =P71-P68 -> 7
B73: 30
B74: Clasificación para evaluación aplicable: | C74: MiPyME | D74: MiPyME | E74: MiPyME | F74: MiPyME | G74: MiPyME | H74: MiPyME | I74: MiPyME | J74: MiPyME | K74: MiPyME | L74: MiPyME | M74: MiPyME | N74: MiPyME | O74: MiPyME | P74: Gran Empresa | Q74: MiPyME

Sheet 3. Oferentes 14 a 19
C1: VERIFICACIÓN FINANCIERA Y CAPACIDAD ORGANIZACIONAL | Q1: Código: GCO-GCI-F107 Versión: 03 Vigencia: 21 de diciembre de 2022 Caso HOLA: 282943
B6: OBJETO: “REALIZAR LA INTERVENTORIA TÉCNICA, ADMINISTRATIVA, FINANCIERA, SISO, JURÍDICA, AMBIENTAL Y CONTABLE A LA EJECUCION DEL CONTRATO DE OBRA PUBLICA QUE CELEBRE EL FONDO DE DESARROLLO LOCAL DE USME COMO RESULTADO DE LA ADJUDICACION DE LA LICITACION PUBLICA QUE TIENE POR OBJETO "REALIZAR LAS OBRAS DE CONSERVACIÓN DE LA MALLA VIAL Y ESPACIO PÚBLICO ASOCIADO EN LA LOCALIDAD DE USME, BOGOTÁ, D.C. A TRAVÉS DEL SISTEMA DE PRECIOS UNITARIOS FIJOS Y A MONTO AGOTABLE”
B7: CONCEPTO / NOMBRE OFERENTE | C7: HR INGENIERIA SAS NIT: 830133073 1 | D7: AS INGENIERIA Y CONSULTORIA S.A.S NIT:901728234-0 | E7: LEPESQUEUR MARTINEZ ALFREDO JOSE NIT:10766786-4 | F7: CONSORCIO INTEROBRAS USME | G7: ARCELIA ARIAS DIAZ NIT: 41773229 5 | H7: ARENAS PRADA NORTON FERNANDO NIT:93396792-2 | I7: MCPP INGENIERIA SAS NIT: 901957001 3 | J7: CONSORCIO INTER USME | K7: PROYECTISTAS DE COLOMBIA & CIA. S.A.S PROYECTCOL S.A.S NIT:830144388-1 | L7: JMELO INGENIERIA DE PROYECTOS S.A.S. NIT: 900866325 1 | M7: CONSORCIO VIAS PJ | N7: GRUPO IRT S.A.S. NIT: 901.291.784 - 1 | O7: SPL INFRAESTRUCTURA SAS NIT: 901920140 9 | P7: SPL INGENIERIA SAS NIT: 901554678 9 | Q7: CONSORCIO SPL INFRAESTRUCTURA 027 | S7: Datos para validación financiera
B8: Oferente No. | C8: ='2. Oferentes 9 a 13'!Q8+1 -> 14 | D8: A | E8: B | F8: =C8+1 -> 15 | G8: A | H8: B | I8: C | J8: =F8+1 -> 16 | K8: A | L8: B | M8: =J8+1 -> 17 | N8: =M8+1 -> 18 | O8: A | P8: B | Q8: =N8+1 -> 19
B9: BALANCE GENERAL CON CORTE A 31 DE DICIEMBRE DEL AÑO: 2024 | C9: 31-DIC.-2024 RUP | D9: 31-DIC.-2024 RUP | E9: 31-DIC.-2024 RUP | F9: 31-DIC.-2024 RUP | G9: 31-DIC.-2024 RUP | H9: 31-DIC.-2024 RUP | I9: 22-MAY.-2025 RUP | J9: 31-DIC.-2024 RUP | K9: 31-DIC.-2024 RUP | L9: 31-DIC.-2024 RUP | M9: 31-DIC.-2024 RUP | N9: 31-DIC.-2024 RUP | O9: 24-FEB.-2025 RUP | P9: 31-DIC.-2024 RUP | Q9: 31-DIC.-2024 RUP
B10: PRESENTACIÓN DE RUP VIGENTE EN TÉRMINO | C10: =IF(C72<=$B$73,"CUMPLE","NO CUMPLE") -> CUMPLE | D10: =IF(D72<=$B$73,"CUMPLE","NO CUMPLE") -> CUMPLE | E10: =IF(E72<=$B$73,"CUMPLE","NO CUMPLE") -> CUMPLE | F10: =IF(COUNTIF(D10:E10,"NO CUMPLE")>=1,"NO CUMPLE","CUMPLE") -> CUMPLE | G10: =IF(G72<=$B$73,"CUMPLE","NO CUMPLE") -> CUMPLE | H10: =IF(H72<=$B$73,"CUMPLE","NO CUMPLE") -> CUMPLE | I10: =IF(I72<=$B$73,"CUMPLE","NO CUMPLE") -> CUMPLE | J10: =IF(COUNTIF(G10:I10,"NO CUMPLE")>=1,"NO CUMPLE","CUMPLE") -> CUMPLE | K10: =IF(K72<=$B$73,"CUMPLE","NO CUMPLE") -> CUMPLE | L10: =IF(L72<=$B$73,"CUMPLE","NO CUMPLE") -> CUMPLE | M10: =IF(COUNTIF(K10:L10,"NO CUMPLE")>=1,"NO CUMPLE","CUMPLE") -> CUMPLE | N10: =IF(N72<=$B$73,"CUMPLE","NO CUMPLE") -> CUMPLE | O10: =IF(O72<=$B$73,"CUMPLE","NO CUMPLE") -> CUMPLE | P10: =IF(P72<=$B$73,"CUMPLE","NO CUMPLE") -> CUMPLE | Q10: =IF(COUNTIF(O10:P10,"NO CUMPLE")>=1,"NO CUMPLE","CUMPLE") -> CUMPLE
B11: INFORMACION TOMADA DEL RUP VIGENTE | C11: 1 | D11: 0.9 | E11: 0.1 | F11: =SUM(D11:E11) -> 1 | G11: 0.35 | H11: 0.1 | I11: 0.55 | J11: =SUM(G11:I11) -> 1 | K11: 0.6 | L11: 0.4 | M11: =SUM(K11:L11) -> 1 | N11: 1 | O11: 0.9 | P11: 0.1 | Q11: =SUM(O11:P11) -> 1
B12: ACTIVO CORRIENTE | C12: 1457879835 | D12: 757194290 | E12: 1934273583 | F12: =SUM(D12:E12) -> 2691467873 | G12: 859768153 | H12: 1503994085 | I12: 300000000 | J12: =SUM(G12:I12) -> 2663762238 | K12: 3510776903 | L12: 567154000 | M12: =SUM(K12:L12) -> 4077930903 | N12: 414064000 | O12: 100000000 | P12: 339225745 | Q12: =SUM(O12:P12) -> 439225745
B13: PASIVO CORRIENTE | C13: 120364445 | D13: 6314795 | E13: 201221385 | F13: =SUM(D13:E13) -> 207536180 | G13: 40819931 | H13: 9065000 | I13: 0 | J13: =SUM(G13:I13) -> 49884931 | K13: 664142147 | L13: 19586000 | M13: =SUM(K13:L13) -> 683728147 | N13: 5632000 | O13: 0 | P13: 55321057 | Q13: =SUM(O13:P13) -> 55321057
B14: ACTIVO TOTAL | C14: 1479838865 | D14: 757194290 | E14: 3608532785 | F14: =SUM(D14:E14) -> 4365727075 | G14: 2077968554 | H14: 3532144085 | I14: 300000000 | J14: =SUM(G14:I14) -> 5910112639 | K14: 3510776903 | L14: 664340000 | M14: =SUM(K14:L14) -> 4175116903 | N14: 419990000 | O14: 100000000 | P14: 340485745 | Q14: =SUM(O14:P14) -> 440485745
B15: PASIVO TOTAL | C15: 350921791 | D15: 6314795 | E15: 709283926 | F15: =SUM(D15:E15) -> 715598721 | G15: 40819931 | H15: 74565000 | I15: 0 | J15: =SUM(G15:I15) -> 115384931 | K15: 664142147 | L15: 166581000 | M15: =SUM(K15:L15) -> 830723147 | N15: 5632000 | O15: 0 | P15: 209535859 | Q15: =SUM(O15:P15) -> 209535859
B16: PATRIMONIO | C16: 1128917074 | D16: 750879495 | E16: 2899248859 | F16: =SUM(D16:E16) -> 3650128354 | G16: 2037148623 | H16: 3457579085 | I16: 300000000 | J16: =SUM(G16:I16) -> 5794727708 | K16: 2846634756 | L16: 497759000 | M16: =SUM(K16:L16) -> 3344393756 | N16: 414358000 | O16: 100000000 | P16: 130949886 | Q16: =SUM(O16:P16) -> 230949886
B17: Activo total-Pasivo total-Patrimonio | C17: =+C14-C15-C16 -> 0 | D17: =+D14-D15-D16 -> 0 | E17: =+E14-E15-E16 -> 0 | F17: =+F14-F15-F16 -> 0 | G17: =+G14-G15-G16 -> 0 | H17: =+H14-H15-H16 -> 0 | I17: =+I14-I15-I16 -> 0 | J17: =+J14-J15-J16 -> 0 | ... Q17: =+Q14-Q15-Q16 -> 0
B18: UTILIDAD OPERACIONAL | C18: 51389885 | D18: 35438630 | E18: 694366025 | F18: =SUM(D18:E18) -> 729804655 | G18: 2707933 | H18: 206605432 | I18: 0 | J18: =SUM(G18:I18) -> 209313365 | K18: 244232754 | L18: 7757000 | M18: =SUM(K18:L18) -> 251989754 | N18: 131295000 | O18: 0 | P18: 10797473 | Q18: =SUM(O18:P18) -> 10797473
B19: GASTOS DE INTERESES | C19: 1871224 | D19: 0 | E19: 64072586 | F19: =SUM(D19:E19) -> 64072586 | G19: 12051710 | H19: 76945000 | I19: 0 | J19: =SUM(G19:I19) -> 88996710 | K19: 9948026 | L19: 0 | M19: =SUM(K19:L19) -> 9948026 | N19: 46000 | O19: 0 | P19: 994484 | Q19: =SUM(O19:P19) -> 994484
B20: Rentabilidad del Patrimonio (Utilidad Operacional / Patrimonio) | C20: =IFERROR((C18/C16),"-") -> 0.045521399 | D20: =IFERROR((D18/D16),"-") -> 0.047196162 | E20: =IFERROR((E18/E16),"-") -> 0.23949859 | F20: =IFERROR((F18/F16),"-") -> 0.19993945 | G20: =IFERROR((G18/G16),"-") -> 0.0013292761 | H20: =IFERROR((H18/H16),"-") -> 0.059754362 | I20: =IFERROR((I18/I16),"-") -> 0 | J20: =IFERROR((J18/J16),"-") -> 0.036121346 | ... Q20: =IFERROR((Q18/Q16),"-") -> 0.04675245
B21: Rentabilidad del Activo (Utilidad Operacional / Activo Total) | C21: =IFERROR((C18/C14),"-") -> 0.034726676 | D21: =IFERROR((D18/D14),"-") -> 0.046802558 | E21: =IFERROR((E18/E14),"-") -> 0.19242337 | F21: =IFERROR((F18/F14),"-") -> 0.16716681 | G21: =IFERROR((G18/G14),"-") -> 0.0013031636 | H21: =IFERROR((H18/H14),"-") -> 0.058492923 | I21: =IFERROR((I18/I14),"-") -> 0 | J21: =IFERROR((J18/J14),"-") -> 0.035416138 | ... Q21: =IFERROR((Q18/Q14),"-") -> 0.02451265 | S21: MiPyME | T21: Gran Empresa
B22: VALOR DEL PRESUPUESTO OFICIAL | C22: =IF(C11=1,$S$22,"") -> 344857484 | D22: =IF(D11=1,$S$22,"") | E22: =IF(E11=1,$S$22,"") | F22: =IF(F11=1,$S$22,"") -> 344857484 | G22: =IF(G11=1,$S$22,"") | H22: =IF(H11=1,$S$22,"") | I22: =IF(I11=1,$S$22,"") | J22: =IF(J11=1,$S$22,"") -> 344857484 | ... Q22: =IF(Q11=1,$S$22,"") -> 344857484 | S22: 344857484 | T22: =S22 -> 344857484
B23: CRITERIO DE VERIFICACIÓN FINANCIERA | S23: FDLU-CMA-027-2025 (143212)
B24: CUMPLE | S24: 1423500 | T24: SMMLV 2025
B25: NO CUMPLE | R25: >0 | S25: =T22/S24 -> 242.26026 | T25: <4.000 | U25: Rango 1
B26: CRITERIO DE VERIFICACIÓN FINANCIERA | S26: Plazo: | T26: Seis (6) meses
B27: =CONCATENATE("Índice de Liquidez: ",CHAR(10),$S$21," ≥ ",S27," veces. ",IF($S$21=$T$21,"",_xlfn.CONCAT($T$21," ≥ ",T27," veces."))) -> Índice de Liquidez: MiPyME ≥ 1,1 veces. Gran Empresa ≥ 1,2 veces. | C27: =IFERROR(IF(C74=$S$21,IF(C28>=$S$27,$B$24,$B$25),IF(C28>=$T$27,$B$24,$B$25)),"-") -> CUMPLE | F27: =IFERROR(IF(F74=$S$21,IF(F28>=$S$27,$B$24,$B$25),IF(F28>=$T$27,$B$24,$B$25)),"-") -> CUMPLE | J27: =IFERROR(IF(J74=$S$21,IF(J28>=$S$27,$B$24,$B$25),IF(J28>=$T$27,$B$24,$B$25)),"-") -> CUMPLE | M27: =IFERROR(IF(M74=$S$21,IF(M28>=$S$27,$B$24,$B$25),IF(M28>=$T$27,$B$24,$B$25)),"-") -> CUMPLE | N27: =IFERROR(IF(N74=$S$21,IF(N28>=$S$27,$B$24,$B$25),IF(N28>=$T$27,$B$24,$B$25)),"-") -> CUMPLE | Q27: =IFERROR(IF(Q74=$S$21,IF(Q28>=$S$27,$B$24,$B$25),IF(Q28>=$T$27,$B$24,$B$25)),"-") -> CUMPLE | S27: 1.1 | T27: 1.2
B28: IL = Activo corriente / Pasivo corriente | C28: =IFERROR(C12/C13,"-") -> 12.112213 | F28: =IFERROR(F12/F13,"-") -> 12.968668 | J28: =IFERROR(J12/J13,"-") -> 53.398134 | M28: =IFERROR(M12/M13,"-") -> 5.9642578 | N28: =IFERROR(N12/N13,"-") -> 73.519886 | Q28: =IFERROR(Q12/Q13,"-") -> 7.9395762
B29: =CONCATENATE("Endeudamiento total: ",CHAR(10),$S$21," ≤ ",TEXT(S29,"#0 %"),". ",IF($S$21=$T$21,"",_xlfn.CONCAT($T$21," ≤ ",TEXT(T29,"#0 %.")))) -> Endeudamiento total: MiPyME ≤ 65 %. Gran Empresa ≤ 65 %. | C29: =IFERROR(IF(C74=$S$21,IF(C30<=$S$29,$B$24,$B$25),IF(C30<=$T$29,$B$24,$B$25)),"-") -> CUMPLE | F29: =IFERROR(IF(F74=$S$21,IF(F30<=$S$29,$B$24,$B$25),IF(F30<=$T$29,$B$24,$B$25)),"-") -> CUMPLE | J29: =IFERROR(IF(J74=$S$21,IF(J30<=$S$29,$B$24,$B$25),IF(J30<=$T$29,$B$24,$B$25)),"-") -> CUMPLE | M29: =IFERROR(IF(M74=$S$21,IF(M30<=$S$29,$B$24,$B$25),IF(M30<=$T$29,$B$24,$B$25)),"-") -> CUMPLE | N29: =IFERROR(IF(N74=$S$21,IF(N30<=$S$29,$B$24,$B$25),IF(N30<=$T$29,$B$24,$B$25)),"-") -> CUMPLE | Q29: =IFERROR(IF(Q74=$S$21,IF(Q30<=$S$29,$B$24,$B$25),IF(Q30<=$T$29,$B$24,$B$25)),"-") -> CUMPLE | S29: 0.65 | T29: 0.65
B30: ET = (Pasivo total / Activo total)*100 | C30: =IFERROR(C15/C14,"-") -> 0.23713514 | F30: =IFERROR(F15/F14,"-") -> 0.16391284 | J30: =IFERROR(J15/J14,"-") -> 0.019523305 | M30: =IFERROR(M15/M14,"-") -> 0.19897003 | N30: =IFERROR(N15/N14,"-") -> 0.013409843 | Q30: =IFERROR(Q15/Q14,"-") -> 0.47569271
B31: =CONCATENATE("Razón de Cobertura de Intereses: ",CHAR(10),$S$21," ≥ ",S31," vez(ces) o Indet."," ",IF($S$21=$T$21,"",_xlfn.CONCAT($T$21," ≥ ",T31," vez(ces) o Indet."))) -> Razón de Cobertura de Intereses: MiPyME ≥ 1,5 vez(ces) o Indet. Gran Empresa ≥ 1,5 vez(ces) o Indet. | C31: =IFERROR(IF(C74=$S$21,IF(AND(C32="Indeterminado",C18<=0),$B$25,IF(C32>=$S$31,$B$24,$B$25)),IF(AND(C32="Indeterminado",C18<=0),$B$25,IF(C32>=$T$31,$B$24,$B$25))),"-") -> CUMPLE | F31: =IFERROR(IF(F74=$S$21,IF(AND(F32="Indeterminado",F18<=0),$B$25,IF(F32>=$S$31,$B$24,$B$25)),IF(AND(F32="Indeterminado",F18<=0),$B$25,IF(F32>=$T$31,$B$24,$B$25))),"-") -> CUMPLE | J31: =IFERROR(IF(J74=$S$21,IF(AND(J32="Indeterminado",J18<=0),$B$25,IF(J32>=$S$31,$B$24,$B$25)),IF(AND(J32="Indeterminado",J18<=0),$B$25,IF(J32>=$T$31,$B$24,$B$25))),"-") -> CUMPLE | M31: =IFERROR(IF(M74=$S$21,IF(AND(M32="Indeterminado",M18<=0),$B$25,IF(M32>=$S$31,$B$24,$B$25)),IF(AND(M32="Indeterminado",M18<=0),$B$25,IF(M32>=$T$31,$B$24,$B$25))),"-") -> CUMPLE | N31: =IFERROR(IF(N74=$S$21,IF(AND(N32="Indeterminado",N18<=0),$B$25,IF(N32>=$S$31,$B$24,$B$25)),IF(AND(N32="Indeterminado",N18<=0),$B$25,IF(N32>=$T$31,$B$24,$B$25))),"-") -> CUMPLE | Q31: =IFERROR(IF(Q74=$S$21,IF(AND(Q32="Indeterminado",Q18<=0),$B$25,IF(Q32>=$S$31,$B$24,$B$25)),IF(AND(Q32="Indeterminado",Q18<=0),$B$25,IF(Q32>=$T$31,$B$24,$B$25))),"-") -> CUMPLE | S31: 1.5 | T31: 1.5
B32: RC= (Utilidad Operacional) / (Gastos de Intereses) | C32: =IFERROR(C18/C19,"Indeterminado") -> 27.463246 | F32: =IFERROR(F18/F19,"Indeterminado") -> 11.390279 | J32: =IFERROR(J18/J19,"Indeterminado") -> 2.3519225 | M32: =IFERROR(M18/M19,"Indeterminado") -> 25.330629 | N32: =IFERROR(N18/N19,"Indeterminado") -> 2854.2391 | Q32: =IFERROR(Q18/Q19,"Indeterminado") -> 10.857362
B33: =CONCATENATE("Capital de trabajo:",CHAR(10),$S$21," ≥ ",TEXT(S33,"0 %")," del PO. ",IF($S$21=$T$21,"",_xlfn.CONCAT($T$21," ≥ ",TEXT(T33,"0 %")," del PO."))) -> Capital de trabajo: MiPyME ≥ 25 % del PO. Gran Empresa ≥ 25 % del PO. | C33: =IFERROR(IF(C74=$S$21,IF(C34>(C22*$S$33),$B$24,$B$25),IF(C34>(C22*$T$33),$B$24,$B$25)),"-") -> CUMPLE | F33: =IFERROR(IF(F74=$S$21,IF(F34>(F22*$S$33),$B$24,$B$25),IF(F34>(F22*$T$33),$B$24,$B$25)),"-") -> CUMPLE | J33: =IFERROR(IF(J74=$S$21,IF(J34>(J22*$S$33),$B$24,$B$25),IF(J34>(J22*$T$33),$B$24,$B$25)),"-") -> CUMPLE | M33: =IFERROR(IF(M74=$S$21,IF(M34>(M22*$S$33),$B$24,$B$25),IF(M34>(M22*$T$33),$B$24,$B$25)),"-") -> CUMPLE | N33: =IFERROR(IF(N74=$S$21,IF(N34>(N22*$S$33),$B$24,$B$25),IF(N34>(N22*$T$33),$B$24,$B$25)),"-") -> CUMPLE | Q33: =IFERROR(IF(Q74=$S$21,IF(Q34>(Q22*$S$33),$B$24,$B$25),IF(Q34>(Q22*$T$33),$B$24,$B$25)),"-") -> CUMPLE | S33: 0.25 | T33: 0.25
B34: =CONCATENATE("CT = Activo Corriente - Pasivo Corriente ≥ ",TEXT((S22*S33),"$###.###.###.##0")) -> CT = Activo Corriente - Pasivo Corriente ≥ $86.214.371 | C34: =IFERROR(C12-C13,"-") -> 1337515390 | F34: =IFERROR(F12-F13,"-") -> 2483931693 | J34: =IFERROR(J12-J13,"-") -> 2613877307 | M34: =IFERROR(M12-M13,"-") -> 3394202756 | N34: =IFERROR(N12-N13,"-") -> 408432000 | Q34: =IFERROR(Q12-Q13,"-") -> 383904688
B35: CRITERIO DE VERIFICACIÓN CAPACIDAD ORGANIZACIONAL
B37: =CONCATENATE("Indicador Rentabilidad del Patrimonio",CHAR(10),$S$21," ≥ ",TEXT(S37,"#0 %. "),IF($S$21=$T$21,"",_xlfn.CONCAT($T$21," ≥ ",TEXT(T37,"#0 %.")))) -> Indicador Rentabilidad del Patrimonio MiPyME ≥ 2 %. Gran Empresa ≥ 4 %. | C37: =IFERROR(IF((IF(C74=$S$21,IF(C38>=$S$37,$B$24,$B$25),IF(C38>=$T$37,$B$24,$B$25)))="No hábil",IF(AND(C38<0,C16>0,C74="ESAL"),$B$24,$B$25),IF(C74=$S$21,IF(C38>=$S$37,$B$24,$B$25),IF(C38>=$T$37,$B$24,$B$25))),"-") -> CUMPLE | D37: - | E37: - | F37: =IFERROR(IF((IF(F74=$S$21,IF(F38>=$S$37,$B$24,$B$25),IF(F38>=$T$37,$B$24,$B$25)))="No hábil",IF(AND(F38<0,F16>0,F74="ESAL"),$B$24,$B$25),IF(F74=$S$21,IF(F38>=$S$37,$B$24,$B$25),IF(F38>=$T$37,$B$24,$B$25))),"-") -> CUMPLE | G37: - | H37: - | I37: - | J37: =IFERROR(IF((IF(J74=$S$21,IF(J38>=$S$37,$B$24,$B$25),IF(J38>=$T$37,$B$24,$B$25)))="No hábil",IF(AND(J38<0,J16>0,J74="ESAL"),$B$24,$B$25),IF(J74=$S$21,IF(J38>=$S$37,$B$24,$B$25),IF(J38>=$T$37,$B$24,$B$25))),"-") -> CUMPLE | K37: - | L37: - | M37: =IFERROR(IF((IF(M74=$S$21,IF(M38>=$S$37,$B$24,$B$25),IF(M38>=$T$37,$B$24,$B$25)))="No hábil",IF(AND(M38<0,M16>0,M74="ESAL"),$B$24,$B$25),IF(M74=$S$21,IF(M38>=$S$37,$B$24,$B$25),IF(M38>=$T$37,$B$24,$B$25))),"-") -> CUMPLE | N37: =IFERROR(IF((IF(N74=$S$21,IF(N38>=$S$37,$B$24,$B$25),IF(N38>=$T$37,$B$24,$B$25)))="No hábil",IF(AND(N38<0,N16>0,N74="ESAL"),$B$24,$B$25),IF(N74=$S$21,IF(N38>=$S$37,$B$24,$B$25),IF(N38>=$T$37,$B$24,$B$25))),"-") -> CUMPLE | O37: - | P37: - | Q37: =IFERROR(IF((IF(Q74=$S$21,IF(Q38>=$S$37,$B$24,$B$25),IF(Q38>=$T$37,$B$24,$B$25)))="No hábil",IF(AND(Q38<0,Q16>0,Q74="ESAL"),$B$24,$B$25),IF(Q74=$S$21,IF(Q38>=$S$37,$B$24,$B$25),IF(Q38>=$T$37,$B$24,$B$25))),"-") -> CUMPLE | S37: 0.02 | T37: 0.04
B38: RP = (Utilidad Operacional / Patrimonio) | C38: =IFERROR(C18/C16,"-") -> 0.045521399 | D38: - | E38: - | F38: =IFERROR(F18/F16,"-") -> 0.19993945 | G38: - | H38: - | I38: - | J38: =IFERROR(J18/J16,"-") -> 0.036121346 | K38: - | L38: - | M38: =IFERROR(M18/M16,"-") -> 0.075346916 | N38: =IFERROR(N18/N16,"-") -> 0.31686368 | O38: - | P38: - | Q38: =IFERROR(Q18/Q16,"-") -> 0.04675245
B39: =CONCATENATE("Indicador Rentabilidad del Activo",CHAR(10),$S$21," ≥ ",TEXT(S39,"#0 %. "),IF($S$21=$T$21,"",_xlfn.CONCAT($T$21," ≥ ",TEXT(T39,"#0 %.")))) -> Indicador Rentabilidad del Activo MiPyME ≥ 1 %. Gran Empresa ≥ 3 %. | C39: =IFERROR(IF((IF(C74=$S$21,IF(C40>=$S$39,$B$24,$B$25),IF(C40>=$T$39,$B$24,$B$25)))="No hábil",IF(AND(C40<0,C16>0,C74="ESAL"),$B$24,$B$25),IF(C74=$S$21,IF(C40>=$S$39,$B$24,$B$25),IF(C40>=$T$39,$B$24,$B$25))),"-") -> CUMPLE | D39: - | E39: - | F39: =IFERROR(IF((IF(F74=$S$21,IF(F40>=$S$39,$B$24,$B$25),IF(F40>=$T$39,$B$24,$B$25)))="No hábil",IF(AND(F40<0,F16>0,F74="ESAL"),$B$24,$B$25),IF(F74=$S$21,IF(F40>=$S$39,$B$24,$B$25),IF(F40>=$T$39,$B$24,$B$25))),"-") -> CUMPLE | G39: - | H39: - | I39: - | J39: =IFERROR(IF((IF(J74=$S$21,IF(J40>=$S$39,$B$24,$B$25),IF(J40>=$T$39,$B$24,$B$25)))="No hábil",IF(AND(J40<0,J16>0,J74="ESAL"),$B$24,$B$25),IF(J74=$S$21,IF(J40>=$S$39,$B$24,$B$25),IF(J40>=$T$39,$B$24,$B$25))),"-") -> CUMPLE | K39: - | L39: - | M39: =IFERROR(IF((IF(M74=$S$21,IF(M40>=$S$39,$B$24,$B$25),IF(M40>=$T$39,$B$24,$B$25)))="No hábil",IF(AND(M40<0,M16>0,M74="ESAL"),$B$24,$B$25),IF(M74=$S$21,IF(M40>=$S$39,$B$24,$B$25),IF(M40>=$T$39,$B$24,$B$25))),"-") -> CUMPLE | N39: =IFERROR(IF((IF(N74=$S$21,IF(N40>=$S$39,$B$24,$B$25),IF(N40>=$T$39,$B$24,$B$25)))="No hábil",IF(AND(N40<0,N16>0,N74="ESAL"),$B$24,$B$25),IF(N74=$S$21,IF(N40>=$S$39,$B$24,$B$25),IF(N40>=$T$39,$B$24,$B$25))),"-") -> CUMPLE | O39: - | P39: - | Q39: =IFERROR(IF((IF(Q74=$S$21,IF(Q40>=$S$39,$B$24,$B$25),IF(Q40>=$T$39,$B$24,$B$25)))="No hábil",IF(AND(Q40<0,Q16>0,Q74="ESAL"),$B$24,$B$25),IF(Q74=$S$21,IF(Q40>=$S$39,$B$24,$B$25),IF(Q40>=$T$39,$B$24,$B$25))),"-") -> CUMPLE | S39: 0.01 | T39: 0.03
B40: RA = (Utilidad Operacional / Activo Total) | C40: =IFERROR(C18/C14,"-") -> 0.034726676 | D40: - | E40: - | F40: =IFERROR(F18/F14,"-") -> 0.16716681 | G40: - | H40: - | I40: - | J40: =IFERROR(J18/J14,"-") -> 0.035416138 | K40: - | L40: - | M40: =IFERROR(M18/M14,"-") -> 0.060355137 | N40: =IFERROR(N18/N14,"-") -> 0.31261459 | O40: - | P40: - | Q40: =IFERROR(Q18/Q14,"-") -> 0.02451265
B41: CUMPLIMIENTO REQUISITOS HABLITANTES | C41: =IF(C10="NO CUMPLE","DEBE SUBSANAR",IF(COUNTIF(C27:C40,"NO CUMPLE")>=1,"NO HABILITADO","HABILITADO")) -> HABILITADO | F41: =IF(F10="NO CUMPLE","DEBE SUBSANAR",IF(COUNTIF(F27:F40,"NO CUMPLE")>=1,"NO HABILITADO","HABILITADO")) -> HABILITADO | J41: =IF(J10="NO CUMPLE","DEBE SUBSANAR",IF(COUNTIF(J27:J40,"NO CUMPLE")>=1,"NO HABILITADO","HABILITADO")) -> HABILITADO | M41: =IF(M10="NO CUMPLE","DEBE SUBSANAR",IF(COUNTIF(M27:M40,"NO CUMPLE")>=1,"NO HABILITADO","HABILITADO")) -> HABILITADO | N41: =IF(N10="NO CUMPLE","DEBE SUBSANAR",IF(COUNTIF(N27:N40,"NO CUMPLE")>=1,"NO HABILITADO","HABILITADO")) -> HABILITADO | Q41: =IF(Q10="NO CUMPLE","DEBE SUBSANAR",IF(COUNTIF(Q27:Q40,"NO CUMPLE")>=1,"NO HABILITADO","HABILITADO")) -> HABILITADO
S42: MiPyME:
B43: NOTA: Una vez verificada la Información Financiera presentada por cada uno de los proponentes, se informa que las sociedades arriba descritas, que | S43: Tratándose de Proponentes Plurales estos indicadores solo se aplicarán si por lo menos uno de los integrantes acredita la calidad de Mipyme de conformidad con lo previsto en el artículo 2.2.1.2.4.2.4. del Decreto 1082 de 2015, o la normas que los modifiquen, sustituyan o complementen, y tienen una participación igual o superior al diez por ciento (10 %) en el Consorcio o en la Unión Temporal.
B44: cumplen con lo solicitado en los pliegos de condiciones definitivos en cuanto a los Indicadores Financieros requeridos, se encuentran HABILITADAS.
B46: =B71 -> Fecha de cierre del proceso:
B47: =C71 -> 46006
B49: Fecha de elaboración (preliminar):
B50: =C65 -> 46008
D51: Miguel Ángel Granados Gutiérrez
B52: Fecha de verificación definitiva: | D52: Profesional Área de Contratación - FDL Usme
B53: ='2. Oferentes 9 a 13'!B53 -> 46020 | D53: Comité Evaluador Financiero
B55: ="NOTA: La fecha de corte de la información financiera registrada en el RUP debe ser 31/12/2024, de acuerdo a lo establecido en el pliego definitivo de condiciones del proceso "&S23&"," -> NOTA: La fecha de corte de la información financiera registrada en el RUP debe ser 31/12/2024, de acuerdo a lo establecido en el pliego definitivo de condiciones del proceso FDLU-CMA-027-2025 (143212),
B56: ='Consolidado 1 a 9'!J58 -> de las (46) empresas evaluadas, (45) empresas están habilitadas.
B63: Verificaciones efectuadas por el(los) miembro(s) del Comité Evaluador:
B65: Fecha de elaboración: | C65: 46008
C67: =C8 -> 14 | D67: =D8 -> A | E67: =E8 -> B | F67: =F8 -> 15 | G67: =G8 -> A | H67: =H8 -> B | I67: =I8 -> C | J67: =J8 -> 16 | ... Q67: =Q8 -> 19
B68: Fecha de expedición RUP: | C68: 45999 | D68: 45986 | E68: 45986 | G68: 45987 | H68: 46002 | I68: 46002 | K68: 45989 | L68: 45980 | N68: 45994 | O68: 45992 | P68: 45979
B69: Fecha de última renovación en el registro de los proponentes:
B71: Fecha de cierre del proceso: | C71: 46006 | D71: =C71 -> 46006 | E71: =D71 -> 46006 | G71: =E71 -> 46006 | H71: =G71 -> 46006 | I71: =H71 -> 46006 | K71: =I71 -> 46006 | L71: =K71 -> 46006 | N71: =L71 -> 46006 | O71: =N71 -> 46006 | P71: =O71 -> 46006
B72: Días (calend.) transcurridos entre exped. RUP y cierre del proceso: | C72: =C71-C68 -> 7 | D72: =D71-D68 -> 20 | E72: =E71-E68 -> 20 | G72: =G71-G68 -> 19 | H72: =H71-H68 -> 4 | I72: =I71-I68 -> 4 | K72: =K71-K68 -> 17 | L72: =L71-L68 -> 26 | N72: =N71-N68 -> 12 | O72: =O71-O68 -> 14 | P72: =P71-P68 -> 27
B73: 30
B74: Clasificación para evaluación aplicable: | C74: MiPyME | D74: MiPyME | E74: MiPyME | F74: MiPyME | G74: MiPyME | H74: MiPyME | I74: MiPyME | J74: MiPyME | K74: MiPyME | L74: MiPyME | M74: MiPyME | N74: MiPyME | O74: MiPyME | P74: MiPyME | Q74: MiPyME

Sheet 4. Oferentes 20 a 27
C1: VERIFICACIÓN FINANCIERA Y CAPACIDAD ORGANIZACIONAL | N1: Código: GCO-GCI-F107 Versión: 03 Vigencia: 21 de diciembre de 2022 Caso HOLA: 282943
B6: OBJETO: “REALIZAR LA INTERVENTORIA TÉCNICA, ADMINISTRATIVA, FINANCIERA, SISO, JURÍDICA, AMBIENTAL Y CONTABLE A LA EJECUCION DEL CONTRATO DE OBRA PUBLICA QUE CELEBRE EL FONDO DE DESARROLLO LOCAL DE USME COMO RESULTADO DE LA ADJUDICACION DE LA LICITACION PUBLICA QUE TIENE POR OBJETO "REALIZAR LAS OBRAS DE CONSERVACIÓN DE LA MALLA VIAL Y ESPACIO PÚBLICO ASOCIADO EN LA LOCALIDAD DE USME, BOGOTÁ, D.C. A TRAVÉS DEL SISTEMA DE PRECIOS UNITARIOS FIJOS Y A MONTO AGOTABLE”
B7: CONCEPTO / NOMBRE OFERENTE | C7: INVESTMENT & CONSTRUCTION SAS NIT: 900224218 5 | D7: PROYECTISTAS ASOCIADOS SAS NIT: 900426155 7 | E7: CONSTRUCTORA TEATINO VARGAS - CONSTRUTEV S.A.S NIT: 830512601 5 | F7: CONSORCIO VÍAS URBANAS P&C U-027 | G7: INTERVENTORIA Y CONSTRUCIVILES S.A.S NIT: 900107376 1 | H7: EQUILATERO ARQUITECTURA E INGENIERÍA SAS NIT: 901272510-1 | I7: MIRS LATINOAMERICA S A S NIT: 900241875 6 | J7: R & M CONSTRUCCIONES E INTERVENTORIAS S A S NIT: 830028126 2 | K7: KONSTRUCCIONES Y KONSULTORIAS S.A.S SIGLA:KONKON S.A.S NIT:901839938-3 | L7: ENVIRONMENTAL AND GEOMECHANICAL SOLUTIONS EGS SAS NIT: 900573269 7 | M7: JAPG INGENIERÍA SAS NIT: 901795306 8 | N7: CONSORCIO INT VUM 25 | P7: Datos para validación financiera
B8: Oferente No. | C8: ='3. Oferentes 14 a 19'!Q8+1 -> 20 | D8: A | E8: B | F8: =C8+1 -> 21 | G8: =F8+1 -> 22 | H8: =G8+1 -> 23 | I8: =H8+1 -> 24 | J8: =I8+1 -> 25 | K8: =J8+1 -> 26 | L8: A | M8: B | N8: =K8+1 -> 27
B9: BALANCE GENERAL CON CORTE A 31 DE DICIEMBRE DEL AÑO: 2024 | C9: 31-DIC.-2024 RUP | D9: 31-DIC.-2024 RUP | E9: 31-DIC.-2024 RUP | F9: 31-DIC.-2024 RUP | G9: 31-DIC.-2024 RUP | H9: 31-DIC.-2024 RUP | I9: 31-DIC.-2024 RUP | J9: 31-DIC.-2024 RUP | K9: 31-DIC.-2024 RUP | L9: 31-DIC.-2024 RUP | M9: 31-DIC.-2024 RUP | N9: 31-DIC.-2024 RUP
B10: PRESENTACIÓN DE RUP VIGENTE EN TÉRMINO | C10: =IF(C72<=$B$73,"CUMPLE","NO CUMPLE") -> CUMPLE | D10: =IF(D72<=$B$73,"CUMPLE","NO CUMPLE") -> CUMPLE | E10: =IF(E72<=$B$73,"CUMPLE","NO CUMPLE") -> CUMPLE | F10: =IF(COUNTIF(D10:E10,"NO CUMPLE")>=1,"NO CUMPLE","CUMPLE") -> CUMPLE | G10: =IF(G72<=$B$73,"CUMPLE","NO CUMPLE") -> CUMPLE | H10: =IF(H72<=$B$73,"CUMPLE","NO CUMPLE") -> CUMPLE | I10: =IF(I72<=$B$73,"CUMPLE","NO CUMPLE") -> CUMPLE | J10: =IF(J72<=$B$73,"CUMPLE","NO CUMPLE") -> CUMPLE | K10: =IF(K72<=$B$73,"CUMPLE","NO CUMPLE") -> CUMPLE | L10: =IF(L72<=$B$73,"CUMPLE","NO CUMPLE") -> CUMPLE | M10: =IF(M72<=$B$73,"CUMPLE","NO CUMPLE") -> CUMPLE | N10: =IF(COUNTIF(L10:M10,"NO CUMPLE")>=1,"NO CUMPLE","CUMPLE") -> CUMPLE
B11: INFORMACION TOMADA DEL RUP VIGENTE | C11: 1 | D11: 0.91 | E11: 0.09 | F11: =SUM(D11:E11) -> 1 | G11: 1 | H11: 1 | I11: 1 | J11: 1 | K11: 1 | L11: 0.9 | M11: 0.1 | N11: =SUM(L11:M11) -> 1
B12: ACTIVO CORRIENTE | C12: 673712000 | D12: 4405927512 | E12: 2468805755 | F12: =SUM(D12:E12) -> 6874733267 | G12: 2098030864 | H12: 641795229 | I12: 12037051207 | J12: 3705875802 | K12: 2002000000 | L12: 1703170880 | M12: 105500000 | N12: =SUM(L12:M12) -> 1808670880
B13: PASIVO CORRIENTE | C13: 39783900 | D13: 956671956 | E13: 233774736 | F13: =SUM(D13:E13) -> 1190446692 | G13: 508404352 | H13: 66839189 | I13: 382523581 | J13: 342227519 | K13: 51520000 | L13: 119872910 | M13: 1850000 | N13: =SUM(L13:M13) -> 121722910
B14: ACTIVO TOTAL | C14: 1613114000 | D14: 6761210620 | E14: 3035024936 | F14: =SUM(D14:E14) -> 9796235556 | G14: 3964420864 | H14: 739886871 | I14: 12204499539 | J14: 6517780388 | K14: 2037021000 | L14: 4782035780 | M14: 125000000 | N14: =SUM(L14:M14) -> 4907035780
B15: PASIVO TOTAL | C15: 85095900 | D15: 2029967735 | E15: 1700066412 | F15: =SUM(D15:E15) -> 3730034147 | G15: 508404352 | H15: 66839189 | I15: 2733608510 | J15: 342227519 | K15: 51520000 | L15: 1866920689 | M15: 1850000 | N15: =SUM(L15:M15) -> 1868770689
B16: PATRIMONIO | C16: 1528018100 | D16: 4731242885 | E16: 1334958524 | F16: =SUM(D16:E16) -> 6066201409 | G16: 3456016512 | H16: 673047682 | I16: 9470891029 | J16: 6175552869 | K16: 1985501000 | L16: 2915115091 | M16: 123150000 | N16: =SUM(L16:M16) -> 3038265091
B17: Activo total-Pasivo total-Patrimonio | C17: =+C14-C15-C16 -> 0 | D17: =+D14-D15-D16 -> 0 | E17: =+E14-E15-E16 -> 0 | F17: =+F14-F15-F16 -> 0 | G17: =+G14-G15-G16 -> 0 | H17: =+H14-H15-H16 -> 0 | I17: =+I14-I15-I16 -> 0 | J17: =+J14-J15-J16 -> 0 | ... N17: =+N14-N15-N16 -> 0
B18: UTILIDAD OPERACIONAL | C18: 86365844 | D18: 808453491 | E18: 267241161 | F18: =SUM(D18:E18) -> 1075694652 | G18: 447321720 | H18: 118694996 | I18: 644938020 | J18: 596021476 | K18: 1269083000 | L18: 497142673 | M18: 0 | N18: =SUM(L18:M18) -> 497142673
B19: GASTOS DE INTERESES | C19: 20564329 | D19: 191617338 | E19: 11633076 | F19: =SUM(D19:E19) -> 2.0325041e+08 | G19: 0 | H19: 1871694 | I19: 2819432 | J19: 25119966 | K19: 1000000 | L19: 34000 | M19: 0 | N19: =SUM(L19:M19) -> 34000
B20: Rentabilidad del Patrimonio (Utilidad Operacional / Patrimonio) | C20: =IFERROR((C18/C16),"-") -> 0.05652148 | D20: =IFERROR((D18/D16),"-") -> 0.1708755 | E20: =IFERROR((E18/E16),"-") -> 0.20018686 | F20: =IFERROR((F18/F16),"-") -> 0.1773259 | G20: =IFERROR((G18/G16),"-") -> 0.12943275 | H20: =IFERROR((H18/H16),"-") -> 0.17635451 | I20: =IFERROR((I18/I16),"-") -> 0.068096868 | J20: =IFERROR((J18/J16),"-") -> 0.096513055 | ... N20: =IFERROR((N18/N16),"-") -> 0.16362716
B21: Rentabilidad del Activo (Utilidad Operacional / Activo Total) | C21: =IFERROR((C18/C14),"-") -> 0.053539827 | D21: =IFERROR((D18/D14),"-") -> 0.1195723 | E21: =IFERROR((E18/E14),"-") -> 0.088052377 | F21: =IFERROR((F18/F14),"-") -> 0.10980694 | G21: =IFERROR((G18/G14),"-") -> 0.11283406 | H21: =IFERROR((H18/H14),"-") -> 0.16042317 | I21: =IFERROR((I18/I14),"-") -> 0.052844282 | J21: =IFERROR((J18/J14),"-") -> 0.091445468 | ... N21: =IFERROR((N18/N14),"-") -> 0.10131222 | P21: MiPyME | Q21: Gran Empresa
B22: VALOR DEL PRESUPUESTO OFICIAL | C22: =IF(C11=1,$P$22,"") -> 344857484 | D22: =IF(D11=1,$P$22,"") | E22: =IF(E11=1,$P$22,"") | F22: =IF(F11=1,$P$22,"") -> 344857484 | G22: =IF(G11=1,$P$22,"") -> 344857484 | H22: =IF(H11=1,$P$22,"") -> 344857484 | I22: =IF(I11=1,$P$22,"") -> 344857484 | J22: =IF(J11=1,$P$22,"") -> 344857484 | ... N22: =IF(N11=1,$P$22,"") -> 344857484 | P22: 344857484 | Q22: =P22 -> 344857484
B23: CRITERIO DE VERIFICACIÓN FINANCIERA | P23: FDLU-CMA-027-2025 (143212)
B24: CUMPLE | P24: 1423500 | Q24: SMMLV 2025
B25: NO CUMPLE | O25: >0 | P25: =Q22/P24 -> 242.26026 | Q25: <4.000 | R25: Rango 1
B26: CRITERIO DE VERIFICACIÓN FINANCIERA | P26: Plazo: | Q26: Seis (6) meses
B27: =CONCATENATE("Índice de Liquidez: ",CHAR(10),$P$21," ≥ ",P27," veces. ",IF($P$21=$Q$21,"",_xlfn.CONCAT($Q$21," ≥ ",Q27," veces."))) -> Índice de Liquidez: MiPyME ≥ 1,1 veces. Gran Empresa ≥ 1,2 veces. | C27: =IFERROR(IF(C74=$P$21,IF(C28>=$P$27,$B$24,$B$25),IF(C28>=$Q$27,$B$24,$B$25)),"-") -> CUMPLE | F27: =IFERROR(IF(F74=$P$21,IF(F28>=$P$27,$B$24,$B$25),IF(F28>=$Q$27,$B$24,$B$25)),"-") -> CUMPLE | G27: =IFERROR(IF(G74=$P$21,IF(G28>=$P$27,$B$24,$B$25),IF(G28>=$Q$27,$B$24,$B$25)),"-") -> CUMPLE | H27: =IFERROR(IF(H74=$P$21,IF(H28>=$P$27,$B$24,$B$25),IF(H28>=$Q$27,$B$24,$B$25)),"-") -> CUMPLE | I27: =IFERROR(IF(I74=$P$21,IF(I28>=$P$27,$B$24,$B$25),IF(I28>=$Q$27,$B$24,$B$25)),"-") -> CUMPLE | J27: =IFERROR(IF(J74=$P$21,IF(J28>=$P$27,$B$24,$B$25),IF(J28>=$Q$27,$B$24,$B$25)),"-") -> CUMPLE | K27: =IFERROR(IF(K74=$P$21,IF(K28>=$P$27,$B$24,$B$25),IF(K28>=$Q$27,$B$24,$B$25)),"-") -> CUMPLE | N27: =IFERROR(IF(N74=$P$21,IF(N28>=$P$27,$B$24,$B$25),IF(N28>=$Q$27,$B$24,$B$25)),"-") -> CUMPLE | P27: 1.1 | Q27: 1.2
B28: IL = Activo corriente / Pasivo corriente | C28: =IFERROR(C12/C13,"-") -> 16.934287 | F28: =IFERROR(F12/F13,"-") -> 5.774919 | G28: =IFERROR(G12/G13,"-") -> 4.1266973 | H28: =IFERROR(H12/H13,"-") -> 9.6020798 | I28: =IFERROR(I12/I13,"-") -> 31.467475 | J28: =IFERROR(J12/J13,"-") -> 10.82869 | K28: =IFERROR(K12/K13,"-") -> 38.858696 | N28: =IFERROR(N12/N13,"-") -> 14.858919
B29: =CONCATENATE("Endeudamiento total: ",CHAR(10),$P$21," ≤ ",TEXT(P29,"#0 %"),". ",IF($P$21=$Q$21,"",_xlfn.CONCAT($Q$21," ≤ ",TEXT(Q29,"#0 %.")))) -> Endeudamiento total: MiPyME ≤ 65 %. Gran Empresa ≤ 65 %. | C29: =IFERROR(IF(C74=$P$21,IF(C30<=$P$29,$B$24,$B$25),IF(C30<=$Q$29,$B$24,$B$25)),"-") -> CUMPLE | F29: =IFERROR(IF(F74=$P$21,IF(F30<=$P$29,$B$24,$B$25),IF(F30<=$Q$29,$B$24,$B$25)),"-") -> CUMPLE | G29: =IFERROR(IF(G74=$P$21,IF(G30<=$P$29,$B$24,$B$25),IF(G30<=$Q$29,$B$24,$B$25)),"-") -> CUMPLE | H29: =IFERROR(IF(H74=$P$21,IF(H30<=$P$29,$B$24,$B$25),IF(H30<=$Q$29,$B$24,$B$25)),"-") -> CUMPLE | I29: =IFERROR(IF(I74=$P$21,IF(I30<=$P$29,$B$24,$B$25),IF(I30<=$Q$29,$B$24,$B$25)),"-") -> CUMPLE | J29: =IFERROR(IF(J74=$P$21,IF(J30<=$P$29,$B$24,$B$25),IF(J30<=$Q$29,$B$24,$B$25)),"-") -> CUMPLE | K29: =IFERROR(IF(K74=$P$21,IF(K30<=$P$29,$B$24,$B$25),IF(K30<=$Q$29,$B$24,$B$25)),"-") -> CUMPLE | N29: =IFERROR(IF(N74=$P$21,IF(N30<=$P$29,$B$24,$B$25),IF(N30<=$Q$29,$B$24,$B$25)),"-") -> CUMPLE | P29: 0.65 | Q29: 0.65
B30: ET = (Pasivo total / Activo total)*100 | C30: =IFERROR(C15/C14,"-") -> 0.052752564 | F30: =IFERROR(F15/F14,"-") -> 0.38076199 | G30: =IFERROR(G15/G14,"-") -> 0.12824177 | H30: =IFERROR(H15/H14,"-") -> 0.090337039 | I30: =IFERROR(I15/I14,"-") -> 0.22398366 | J30: =IFERROR(J15/J14,"-") -> 0.052506758 | K30: =IFERROR(K15/K14,"-") -> 0.025291835 | N30: =IFERROR(N15/N14,"-") -> 0.38083494
B31: =CONCATENATE("Razón de Cobertura de Intereses: ",CHAR(10),$P$21," ≥ ",P31," vez(ces) o Indet."," ",IF($P$21=$Q$21,"",_xlfn.CONCAT($Q$21," ≥ ",Q31," vez(ces) o Indet."))) -> Razón de Cobertura de Intereses: MiPyME ≥ 1,5 vez(ces) o Indet. Gran Empresa ≥ 1,5 vez(ces) o Indet. | C31: =IFERROR(IF(C74=$P$21,IF(AND(C32="Indeterminado",C18<=0),$B$25,IF(C32>=$P$31,$B$24,$B$25)),IF(AND(C32="Indeterminado",C18<=0),$B$25,IF(C32>=$Q$31,$B$24,$B$25))),"-") -> CUMPLE | F31: =IFERROR(IF(F74=$P$21,IF(AND(F32="Indeterminado",F18<=0),$B$25,IF(F32>=$P$31,$B$24,$B$25)),IF(AND(F32="Indeterminado",F18<=0),$B$25,IF(F32>=$Q$31,$B$24,$B$25))),"-") -> CUMPLE | G31: =IFERROR(IF(G74=$P$21,IF(AND(G32="Indeterminado",G18<=0),$B$25,IF(G32>=$P$31,$B$24,$B$25)),IF(AND(G32="Indeterminado",G18<=0),$B$25,IF(G32>=$Q$31,$B$24,$B$25))),"-") -> CUMPLE | H31: =IFERROR(IF(H74=$P$21,IF(AND(H32="Indeterminado",H18<=0),$B$25,IF(H32>=$P$31,$B$24,$B$25)),IF(AND(H32="Indeterminado",H18<=0),$B$25,IF(H32>=$Q$31,$B$24,$B$25))),"-") -> CUMPLE | I31: =IFERROR(IF(I74=$P$21,IF(AND(I32="Indeterminado",I18<=0),$B$25,IF(I32>=$P$31,$B$24,$B$25)),IF(AND(I32="Indeterminado",I18<=0),$B$25,IF(I32>=$Q$31,$B$24,$B$25))),"-") -> CUMPLE | J31: =IFERROR(IF(J74=$P$21,IF(AND(J32="Indeterminado",J18<=0),$B$25,IF(J32>=$P$31,$B$24,$B$25)),IF(AND(J32="Indeterminado",J18<=0),$B$25,IF(J32>=$Q$31,$B$24,$B$25))),"-") -> CUMPLE | K31: =IFERROR(IF(K74=$P$21,IF(AND(K32="Indeterminado",K18<=0),$B$25,IF(K32>=$P$31,$B$24,$B$25)),IF(AND(K32="Indeterminado",K18<=0),$B$25,IF(K32>=$Q$31,$B$24,$B$25))),"-") -> CUMPLE | N31: =IFERROR(IF(N74=$P$21,IF(AND(N32="Indeterminado",N18<=0),$B$25,IF(N32>=$P$31,$B$24,$B$25)),IF(AND(N32="Indeterminado",N18<=0),$B$25,IF(N32>=$Q$31,$B$24,$B$25))),"-") -> CUMPLE | P31: 1.5 | Q31: 1.5
B32: RC= (Utilidad Operacional) / (Gastos de Intereses) | C32: =IFERROR(C18/C19,"Indeterminado") -> 4.1997891 | F32: =IFERROR(F18/F19,"Indeterminado") -> 5.2924598 | G32: =IFERROR(G18/G19,"Indeterminado") -> Indeterminado | H32: =IFERROR(H18/H19,"Indeterminado") -> 63.415813 | I32: =IFERROR(I18/I19,"Indeterminado") -> 228.7475 | J32: =IFERROR(J18/J19,"Indeterminado") -> 23.727002 | K32: =IFERROR(K18/K19,"Indeterminado") -> 1269.083 | N32: =IFERROR(N18/N19,"Indeterminado") -> 14621.843
B33: =CONCATENATE("Capital de trabajo:",CHAR(10),$P$21," ≥ ",TEXT(P33,"0 %")," del PO. ",IF($P$21=$Q$21,"",_xlfn.CONCAT($Q$21," ≥ ",TEXT(Q33,"0 %")," del PO."))) -> Capital de trabajo: MiPyME ≥ 25 % del PO. Gran Empresa ≥ 25 % del PO. | C33: =IFERROR(IF(C74=$P$21,IF(C34>(C22*$P$33),$B$24,$B$25),IF(C34>(C22*$Q$33),$B$24,$B$25)),"-") -> CUMPLE | F33: =IFERROR(IF(F74=$P$21,IF(F34>(F22*$P$33),$B$24,$B$25),IF(F34>(F22*$Q$33),$B$24,$B$25)),"-") -> CUMPLE | G33: =IFERROR(IF(G74=$P$21,IF(G34>(G22*$P$33),$B$24,$B$25),IF(G34>(G22*$Q$33),$B$24,$B$25)),"-") -> CUMPLE | H33: =IFERROR(IF(H74=$P$21,IF(H34>(H22*$P$33),$B$24,$B$25),IF(H34>(H22*$Q$33),$B$24,$B$25)),"-") -> CUMPLE | I33: =IFERROR(IF(I74=$P$21,IF(I34>(I22*$P$33),$B$24,$B$25),IF(I34>(I22*$Q$33),$B$24,$B$25)),"-") -> CUMPLE | J33: =IFERROR(IF(J74=$P$21,IF(J34>(J22*$P$33),$B$24,$B$25),IF(J34>(J22*$Q$33),$B$24,$B$25)),"-") -> CUMPLE | K33: =IFERROR(IF(K74=$P$21,IF(K34>(K22*$P$33),$B$24,$B$25),IF(K34>(K22*$Q$33),$B$24,$B$25)),"-") -> CUMPLE | N33: =IFERROR(IF(N74=$P$21,IF(N34>(N22*$P$33),$B$24,$B$25),IF(N34>(N22*$Q$33),$B$24,$B$25)),"-") -> CUMPLE | P33: 0.25 | Q33: 0.25
B34: =CONCATENATE("CT = Activo Corriente - Pasivo Corriente ≥ ",TEXT((P22*P33),"$###.###.###.##0")) -> CT = Activo Corriente - Pasivo Corriente ≥ $86.214.371 | C34: =IFERROR(C12-C13,"-") -> 633928100 | F34: =IFERROR(F12-F13,"-") -> 5684286575 | G34: =IFERROR(G12-G13,"-") -> 1589626512 | H34: =IFERROR(H12-H13,"-") -> 574956040 | I34: =IFERROR(I12-I13,"-") -> 11654527626 | J34: =IFERROR(J12-J13,"-") -> 3363648283 | K34: =IFERROR(K12-K13,"-") -> 1950480000 | N34: =IFERROR(N12-N13,"-") -> 1686947970
B35: CRITERIO DE VERIFICACIÓN CAPACIDAD ORGANIZACIONAL
B37: =CONCATENATE("Indicador Rentabilidad del Patrimonio",CHAR(10),$P$21," ≥ ",TEXT(P37,"#0 %. "),IF($P$21=$Q$21,"",_xlfn.CONCAT($Q$21," ≥ ",TEXT(Q37,"#0 %.")))) -> Indicador Rentabilidad del Patrimonio MiPyME ≥ 2 %. Gran Empresa ≥ 4 %. | C37: =IFERROR(IF((IF(C74=$P$21,IF(C38>=$P$37,$B$24,$B$25),IF(C38>=$Q$37,$B$24,$B$25)))="No hábil",IF(AND(C38<0,C16>0,C74="ESAL"),$B$24,$B$25),IF(C74=$P$21,IF(C38>=$P$37,$B$24,$B$25),IF(C38>=$Q$37,$B$24,$B$25))),"-") -> CUMPLE | D37: - | E37: - | F37: =IFERROR(IF((IF(F74=$P$21,IF(F38>=$P$37,$B$24,$B$25),IF(F38>=$Q$37,$B$24,$B$25)))="No hábil",IF(AND(F38<0,F16>0,F74="ESAL"),$B$24,$B$25),IF(F74=$P$21,IF(F38>=$P$37,$B$24,$B$25),IF(F38>=$Q$37,$B$24,$B$25))),"-") -> CUMPLE | G37: =IFERROR(IF((IF(G74=$P$21,IF(G38>=$P$37,$B$24,$B$25),IF(G38>=$Q$37,$B$24,$B$25)))="No hábil",IF(AND(G38<0,G16>0,G74="ESAL"),$B$24,$B$25),IF(G74=$P$21,IF(G38>=$P$37,$B$24,$B$25),IF(G38>=$Q$37,$B$24,$B$25))),"-") -> CUMPLE | H37: =IFERROR(IF((IF(H74=$P$21,IF(H38>=$P$37,$B$24,$B$25),IF(H38>=$Q$37,$B$24,$B$25)))="No hábil",IF(AND(H38<0,H16>0,H74="ESAL"),$B$24,$B$25),IF(H74=$P$21,IF(H38>=$P$37,$B$24,$B$25),IF(H38>=$Q$37,$B$24,$B$25))),"-") -> CUMPLE | I37: =IFERROR(IF((IF(I74=$P$21,IF(I38>=$P$37,$B$24,$B$25),IF(I38>=$Q$37,$B$24,$B$25)))="No hábil",IF(AND(I38<0,I16>0,I74="ESAL"),$B$24,$B$25),IF(I74=$P$21,IF(I38>=$P$37,$B$24,$B$25),IF(I38>=$Q$37,$B$24,$B$25))),"-") -> CUMPLE | J37: =IFERROR(IF((IF(J74=$P$21,IF(J38>=$P$37,$B$24,$B$25),IF(J38>=$Q$37,$B$24,$B$25)))="No hábil",IF(AND(J38<0,J16>0,J74="ESAL"),$B$24,$B$25),IF(J74=$P$21,IF(J38>=$P$37,$B$24,$B$25),IF(J38>=$Q$37,$B$24,$B$25))),"-") -> CUMPLE | K37: =IFERROR(IF((IF(K74=$P$21,IF(K38>=$P$37,$B$24,$B$25),IF(K38>=$Q$37,$B$24,$B$25)))="No hábil",IF(AND(K38<0,K16>0,K74="ESAL"),$B$24,$B$25),IF(K74=$P$21,IF(K38>=$P$37,$B$24,$B$25),IF(K38>=$Q$37,$B$24,$B$25))),"-") -> CUMPLE | L37: - | M37: - | N37: =IFERROR(IF((IF(N74=$P$21,IF(N38>=$P$37,$B$24,$B$25),IF(N38>=$Q$37,$B$24,$B$25)))="No hábil",IF(AND(N38<0,N16>0,N74="ESAL"),$B$24,$B$25),IF(N74=$P$21,IF(N38>=$P$37,$B$24,$B$25),IF(N38>=$Q$37,$B$24,$B$25))),"-") -> CUMPLE | P37: 0.02 | Q37: 0.04
B38: RP = (Utilidad Operacional / Patrimonio) | C38: =IFERROR(C18/C16,"-") -> 0.05652148 | D38: - | E38: - | F38: =IFERROR(F18/F16,"-") -> 0.1773259 | G38: =IFERROR(G18/G16,"-") -> 0.12943275 | H38: =IFERROR(H18/H16,"-") -> 0.17635451 | I38: =IFERROR(I18/I16,"-") -> 0.068096868 | J38: =IFERROR(J18/J16,"-") -> 0.096513055 | K38: =IFERROR(K18/K16,"-") -> 0.6391752 | L38: - | M38: - | N38: =IFERROR(N18/N16,"-") -> 0.16362716
B39: =CONCATENATE("Indicador Rentabilidad del Activo",CHAR(10),$P$21," ≥ ",TEXT(P39,"#0 %. "),IF($P$21=$Q$21,"",_xlfn.CONCAT($Q$21," ≥ ",TEXT(Q39,"#0 %.")))) -> Indicador Rentabilidad del Activo MiPyME ≥ 1 %. Gran Empresa ≥ 3 %. | C39: =IFERROR(IF((IF(C74=$P$21,IF(C40>=$P$39,$B$24,$B$25),IF(C40>=$Q$39,$B$24,$B$25)))="No hábil",IF(AND(C40<0,C16>0,C74="ESAL"),$B$24,$B$25),IF(C74=$P$21,IF(C40>=$P$39,$B$24,$B$25),IF(C40>=$Q$39,$B$24,$B$25))),"-") -> CUMPLE | D39: - | E39: - | F39: =IFERROR(IF((IF(F74=$P$21,IF(F40>=$P$39,$B$24,$B$25),IF(F40>=$Q$39,$B$24,$B$25)))="No hábil",IF(AND(F40<0,F16>0,F74="ESAL"),$B$24,$B$25),IF(F74=$P$21,IF(F40>=$P$39,$B$24,$B$25),IF(F40>=$Q$39,$B$24,$B$25))),"-") -> CUMPLE | G39: =IFERROR(IF((IF(G74=$P$21,IF(G40>=$P$39,$B$24,$B$25),IF(G40>=$Q$39,$B$24,$B$25)))="No hábil",IF(AND(G40<0,G16>0,G74="ESAL"),$B$24,$B$25),IF(G74=$P$21,IF(G40>=$P$39,$B$24,$B$25),IF(G40>=$Q$39,$B$24,$B$25))),"-") -> CUMPLE | H39: =IFERROR(IF((IF(H74=$P$21,IF(H40>=$P$39,$B$24,$B$25),IF(H40>=$Q$39,$B$24,$B$25)))="No hábil",IF(AND(H40<0,H16>0,H74="ESAL"),$B$24,$B$25),IF(H74=$P$21,IF(H40>=$P$39,$B$24,$B$25),IF(H40>=$Q$39,$B$24,$B$25))),"-") -> CUMPLE | I39: =IFERROR(IF((IF(I74=$P$21,IF(I40>=$P$39,$B$24,$B$25),IF(I40>=$Q$39,$B$24,$B$25)))="No hábil",IF(AND(I40<0,I16>0,I74="ESAL"),$B$24,$B$25),IF(I74=$P$21,IF(I40>=$P$39,$B$24,$B$25),IF(I40>=$Q$39,$B$24,$B$25))),"-") -> CUMPLE | J39: =IFERROR(IF((IF(J74=$P$21,IF(J40>=$P$39,$B$24,$B$25),IF(J40>=$Q$39,$B$24,$B$25)))="No hábil",IF(AND(J40<0,J16>0,J74="ESAL"),$B$24,$B$25),IF(J74=$P$21,IF(J40>=$P$39,$B$24,$B$25),IF(J40>=$Q$39,$B$24,$B$25))),"-") -> CUMPLE | K39: =IFERROR(IF((IF(K74=$P$21,IF(K40>=$P$39,$B$24,$B$25),IF(K40>=$Q$39,$B$24,$B$25)))="No hábil",IF(AND(K40<0,K16>0,K74="ESAL"),$B$24,$B$25),IF(K74=$P$21,IF(K40>=$P$39,$B$24,$B$25),IF(K40>=$Q$39,$B$24,$B$25))),"-") -> CUMPLE | L39: - | M39: - | N39: =IFERROR(IF((IF(N74=$P$21,IF(N40>=$P$39,$B$24,$B$25),IF(N40>=$Q$39,$B$24,$B$25)))="No hábil",IF(AND(N40<0,N16>0,N74="ESAL"),$B$24,$B$25),IF(N74=$P$21,IF(N40>=$P$39,$B$24,$B$25),IF(N40>=$Q$39,$B$24,$B$25))),"-") -> CUMPLE | P39: 0.01 | Q39: 0.03
B40: RA = (Utilidad Operacional / Activo Total) | C40: =IFERROR(C18/C14,"-") -> 0.053539827 | D40: - | E40: - | F40: =IFERROR(F18/F14,"-") -> 0.10980694 | G40: =IFERROR(G18/G14,"-") -> 0.11283406 | H40: =IFERROR(H18/H14,"-") -> 0.16042317 | I40: =IFERROR(I18/I14,"-") -> 0.052844282 | J40: =IFERROR(J18/J14,"-") -> 0.091445468 | K40: =IFERROR(K18/K14,"-") -> 0.62300929 | L40: - | M40: - | N40: =IFERROR(N18/N14,"-") -> 0.10131222
B41: CUMPLIMIENTO REQUISITOS HABLITANTES | C41: =IF(C10="NO CUMPLE","DEBE SUBSANAR",IF(COUNTIF(C27:C40,"NO CUMPLE")>=1,"NO HABILITADO","HABILITADO")) -> HABILITADO | F41: =IF(F10="NO CUMPLE","DEBE SUBSANAR",IF(COUNTIF(F27:F40,"NO CUMPLE")>=1,"NO HABILITADO","HABILITADO")) -> HABILITADO | G41: =IF(G10="NO CUMPLE","DEBE SUBSANAR",IF(COUNTIF(G27:G40,"NO CUMPLE")>=1,"NO HABILITADO","HABILITADO")) -> HABILITADO | H41: =IF(H10="NO CUMPLE","DEBE SUBSANAR",IF(COUNTIF(H27:H40,"NO CUMPLE")>=1,"NO HABILITADO","HABILITADO")) -> HABILITADO | I41: =IF(I10="NO CUMPLE","DEBE SUBSANAR",IF(COUNTIF(I27:I40,"NO CUMPLE")>=1,"NO HABILITADO","HABILITADO")) -> HABILITADO | J41: =IF(J10="NO CUMPLE","DEBE SUBSANAR",IF(COUNTIF(J27:J40,"NO CUMPLE")>=1,"NO HABILITADO","HABILITADO")) -> HABILITADO | K41: =IF(K10="NO CUMPLE","DEBE SUBSANAR",IF(COUNTIF(K27:K40,"NO CUMPLE")>=1,"NO HABILITADO","HABILITADO")) -> HABILITADO | N41: =IF(N10="NO CUMPLE","DEBE SUBSANAR",IF(COUNTIF(N27:N40,"NO CUMPLE")>=1,"NO HABILITADO","HABILITADO")) -> HABILITADO
P42: MiPyME:
B43: NOTA: Una vez verificada la Información Financiera presentada por cada uno de los proponentes, se informa que las sociedades arriba descritas, que | P43: Tratándose de Proponentes Plurales estos indicadores solo se aplicarán si por lo menos uno de los integrantes acredita la calidad de Mipyme de conformidad con lo previsto en el artículo 2.2.1.2.4.2.4. del Decreto 1082 de 2015, o la normas que los modifiquen, sustituyan o complementen, y tienen una participación igual o superior al diez por ciento (10 %) en el Consorcio o en la Unión Temporal.
B44: cumplen con lo solicitado en los pliegos de condiciones definitivos en cuanto a los Indicadores Financieros requeridos, se encuentran HABILITADAS.
B46: =B71 -> Fecha de cierre del proceso:
B47: =C71 -> 46006
B49: Fecha de elaboración (preliminar):
B50: =C65 -> 46008
D51: Miguel Ángel Granados Gutiérrez
B52: Fecha de verificación definitiva: | D52: Profesional Área de Contratación - FDL Usme
B53: ='1. Oferentes 1 a 8'!B53 -> 46020 | D53: Comité Evaluador Financiero
B55: ="NOTA: La fecha de corte de la información financiera registrada en el RUP debe ser 31/12/2024, de acuerdo a lo establecido en el pliego definitivo de condiciones del proceso "&P23&"," -> NOTA: La fecha de corte de la información financiera registrada en el RUP debe ser 31/12/2024, de acuerdo a lo establecido en el pliego definitivo de condiciones del proceso FDLU-CMA-027-2025 (143212),
B56: ='Consolidado 1 a 9'!J58 -> de las (46) empresas evaluadas, (45) empresas están habilitadas.
B63: Verificaciones efectuadas por el(los) miembro(s) del Comité Evaluador:
B65: Fecha de elaboración: | C65: 46008
C67: =C8 -> 20 | D67: =D8 -> A | E67: =E8 -> B | F67: =F8 -> 21 | G67: =G8 -> 22 | H67: =H8 -> 23 | I67: =I8 -> 24 | J67: =J8 -> 25 | ... N67: =N8 -> 27
B68: Fecha de expedición RUP: | C68: 46002 | D68: 45988 | E68: 45988 | G68: 45996 | H68: 45979 | I68: 45980 | J68: 46001 | K68: 46000 | L68: 46000 | M68: 45985
B69: Fecha de última renovación en el registro de los proponentes:
B71: Fecha de cierre del proceso: | C71: 46006 | D71: =C71 -> 46006 | E71: =D71 -> 46006 | G71: =E71 -> 46006 | H71: =G71 -> 46006 | I71: =H71 -> 46006 | J71: =I71 -> 46006 | K71: =J71 -> 46006 | L71: =K71 -> 46006 | M71: =L71 -> 46006
B72: Días (calend.) transcurridos entre exped. RUP y cierre del proceso: | C72: =C71-C68 -> 4 | D72: =D71-D68 -> 18 | E72: =E71-E68 -> 18 | G72: =G71-G68 -> 10 | H72: =H71-H68 -> 27 | I72: =I71-I68 -> 26 | J72: =J71-J68 -> 5 | K72: =K71-K68 -> 6 | L72: =L71-L68 -> 6 | M72: =M71-M68 -> 21
B73: 30
B74: Clasificación para evaluación aplicable: | C74: MiPyME | D74: MiPyME | E74: MiPyME | F74: MiPyME | G74: MiPyME | H74: MiPyME | I74: MiPyME | J74: MiPyME | K74: MiPyME | L74: MiPyME | M74: MiPyME | N74: MiPyME

Sheet 5. Oferentes 28 a 33
C1: VERIFICACIÓN FINANCIERA Y CAPACIDAD ORGANIZACIONAL | N1: Código: GCO-GCI-F107 Versión: 03 Vigencia: 21 de diciembre de 2022 Caso HOLA: 282943
B6: OBJETO: “REALIZAR LA INTERVENTORIA TÉCNICA, ADMINISTRATIVA, FINANCIERA, SISO, JURÍDICA, AMBIENTAL Y CONTABLE A LA EJECUCION DEL CONTRATO DE OBRA PUBLICA QUE CELEBRE EL FONDO DE DESARROLLO LOCAL DE USME COMO RESULTADO DE LA ADJUDICACION DE LA LICITACION PUBLICA QUE TIENE POR OBJETO "REALIZAR LAS OBRAS DE CONSERVACIÓN DE LA MALLA VIAL Y ESPACIO PÚBLICO ASOCIADO EN LA LOCALIDAD DE USME, BOGOTÁ, D.C. A TRAVÉS DEL SISTEMA DE PRECIOS UNITARIOS FIJOS Y A MONTO AGOTABLE”
B7: CONCEPTO / NOMBRE OFERENTE | C7: ARM CONSULTORIA Y CONSTRUCCIONES SAS NIT: 901212455 6 | D7: YOU ARE SERVICES S.A.S. SIGLA:YA SERVICES SAS NIT:901796967-0 | E7: CONSORCIO INTER VIAS USME 2025 | F7: SOLUCIONES PARA LA INGENIERIA S.A.S NIT: 900389180 2 | G7: CB INGENIEROS S.A.S NIT: 860509943 7 | H7: PROYECTOS URBANOS & CONSTRUCCIONES DEL CARIBE SAS NIT:830515396-3 | I7: DESARROLLO TECNOLOGIA Y PLANEACION COLOMBIA S.A.S NIT: 901.743.392 - 9 | J7: CONSORCIO INTERVIAS USME 2025 | K7: INGENIEROS CIVILES ESPECIALISTAS S.A.S. NIT: 802.008.390 - 3 | L7: INGENIERIA Y GERENCIA DE OBRAS SAS SIGLA:INGEROBRAS SAS NIT:900201542-8 | M7: INGENIERIA Y DESARROLLO NACIONAL INALDEX SAS NIT: 901431997 5 | N7: CONSORCIO INTER USME 2026 | P7: Datos para validación financiera
B8: Oferente No. | C8: A | D8: B | E8: ='4. Oferentes 20 a 27'!N8+1 -> 28 | F8: =E8+1 -> 29 | G8: =F8+1 -> 30 | H8: A | I8: B | J8: =G8+1 -> 31 | K8: =J8+1 -> 32 | L8: A | M8: B | N8: =K8+1 -> 33
B9: BALANCE GENERAL CON CORTE A 31 DE DICIEMBRE DEL AÑO: 2024 | C9: 31-DIC.-2024 RUP | D9: 31-DIC.-2024 RUP | E9: 31-DIC.-2024 RUP | F9: 31-DIC.-2024 RUP | G9: 31-DIC.-2024 RUP | H9: 31-DIC.-2024 RUP | I9: 31-DIC.-2024 RUP | J9: 31-DIC.-2024 RUP | K9: 31-DIC.-2024 RUP | L9: 31-DIC.-2024 RUP | M9: 31-DIC.-2024 RUP | N9: 31-DIC.-2024 RUP
B10: PRESENTACIÓN DE RUP VIGENTE EN TÉRMINO | C10: =IF(C72<=$B$73,"CUMPLE","NO CUMPLE") -> CUMPLE | D10: =IF(D72<=$B$73,"CUMPLE","NO CUMPLE") -> CUMPLE | E10: =IF(COUNTIF(C10:D10,"NO CUMPLE")>=1,"NO CUMPLE","CUMPLE") -> CUMPLE | F10: =IF(F72<=$B$73,"CUMPLE","NO CUMPLE") -> CUMPLE | G10: =IF(G72<=$B$73,"CUMPLE","NO CUMPLE") -> CUMPLE | H10: =IF(H72<=$B$73,"CUMPLE","NO CUMPLE") -> CUMPLE | I10: =IF(I72<=$B$73,"CUMPLE","NO CUMPLE") -> CUMPLE | J10: =IF(COUNTIF(H10:I10,"NO CUMPLE")>=1,"NO CUMPLE","CUMPLE") -> CUMPLE | K10: =IF(K72<=$B$73,"CUMPLE","NO CUMPLE") -> CUMPLE | L10: =IF(L72<=$B$73,"CUMPLE","NO CUMPLE") -> CUMPLE | M10: =IF(M72<=$B$73,"CUMPLE","NO CUMPLE") -> CUMPLE | N10: =IF(COUNTIF(L10:M10,"NO CUMPLE")>=1,"NO CUMPLE","CUMPLE") -> CUMPLE
B11: INFORMACION TOMADA DEL RUP VIGENTE | C11: 0.1 | D11: 0.9 | E11: =SUM(C11:D11) -> 1 | F11: 1 | G11: 1 | H11: 0.5 | I11: 0.5 | J11: =SUM(H11:I11) -> 1 | K11: 1 | L11: 0.8 | M11: 0.2 | N11: =SUM(L11:M11) -> 1
B12: ACTIVO CORRIENTE | C12: 1428594112 | D12: 1015000590 | E12: =SUM(C12:D12) -> 2443594702 | F12: 2325301000 | G12: 3041440615 | H12: 1940414351 | I12: 254824000 | J12: =SUM(H12:I12) -> 2195238351 | K12: 4767912799 | L12: 354868336 | M12: 6696757113 | N12: =SUM(L12:M12) -> 7051625449
B13: PASIVO CORRIENTE | C13: 238880182 | D13: 55957314 | E13: =SUM(C13:D13) -> 294837496 | F13: 133397000 | G13: 599475004 | H13: 482769836 | I13: 5362000 | J13: =SUM(H13:I13) -> 488131836 | K13: 386327182 | L13: 43724000 | M13: 1187012273 | N13: =SUM(L13:M13) -> 1230736273
B14: ACTIVO TOTAL | C14: 1517081112 | D14: 1065846327 | E14: =SUM(C14:D14) -> 2582927439 | F14: 3011665000 | G14: 5443459286 | H14: 2956593397 | I14: 305362000 | J14: =SUM(H14:I14) -> 3261955397 | K14: 5557017893 | L14: 395949336 | M14: 6696953128 | N14: =SUM(L14:M14) -> 7092902464
B15: PASIVO TOTAL | C15: 238880182 | D15: 55957314 | E15: =SUM(C15:D15) -> 294837496 | F15: 133397000 | G15: 2053372813 | H15: 768254794 | I15: 5362000 | J15: =SUM(H15:I15) -> 773616794 | K15: 467511667 | L15: 43724000 | M15: 2673676372 | N15: =SUM(L15:M15) -> 2717400372
B16: PATRIMONIO | C16: 1278200930 | D16: 1009889013 | E16: =SUM(C16:D16) -> 2288089943 | F16: 2878268000 | G16: 3390086473 | H16: 2188338603 | I16: 300000000 | J16: =SUM(H16:I16) -> 2488338603 | K16: 5089506226 | L16: 352225336 | M16: 4023276756 | N16: =SUM(L16:M16) -> 4375502092
B17: Activo total-Pasivo total-Patrimonio | C17: =+C14-C15-C16 -> 0 | D17: =+D14-D15-D16 -> 0 | E17: =+E14-E15-E16 -> 0 | F17: =+F14-F15-F16 -> 0 | G17: =+G14-G15-G16 -> 0 | H17: =+H14-H15-H16 -> 0 | I17: =+I14-I15-I16 -> 0 | J17: =+J14-J15-J16 -> 0 | ... N17: =+N14-N15-N16 -> 0
B18: UTILIDAD OPERACIONAL | C18: 207271269 | D18: 10548161 | E18: =SUM(C18:D18) -> 217819430 | F18: 301208000 | G18: 645255991 | H18: 189091143 | I18: 0 | J18: =SUM(H18:I18) -> 189091143 | K18: 610207480 | L18: 172922364 | M18: 406613576 | N18: =SUM(L18:M18) -> 579535940
B19: GASTOS DE INTERESES | C19: 0 | D19: 392900 | E19: =SUM(C19:D19) -> 392900 | F19: 6450000 | G19: 16125095 | H19: 2812000 | I19: 0 | J19: =SUM(H19:I19) -> 2812000 | K19: 35896763 | L19: 756000 | M19: 1175600 | N19: =SUM(L19:M19) -> 1931600
B20: Rentabilidad del Patrimonio (Utilidad Operacional / Patrimonio) | C20: =IFERROR((C18/C16),"-") -> 0.1621586 | D20: =IFERROR((D18/D16),"-") -> 0.010444872 | E20: =IFERROR((E18/E16),"-") -> 0.095197058 | F20: =IFERROR((F18/F16),"-") -> 0.10464905 | G20: =IFERROR((G18/G16),"-") -> 0.19033615 | H20: =IFERROR((H18/H16),"-") -> 0.08640854 | I20: =IFERROR((I18/I16),"-") -> 0 | J20: =IFERROR((J18/J16),"-") -> 0.075990921 | ... N20: =IFERROR((N18/N16),"-") -> 0.13245016
B21: Rentabilidad del Activo (Utilidad Operacional / Activo Total) | C21: =IFERROR((C18/C14),"-") -> 0.13662504 | D21: =IFERROR((D18/D14),"-") -> 0.009896512 | E21: =IFERROR((E18/E14),"-") -> 0.084330449 | F21: =IFERROR((F18/F14),"-") -> 0.10001378 | G21: =IFERROR((G18/G14),"-") -> 0.11853786 | H21: =IFERROR((H18/H14),"-") -> 0.063955748 | I21: =IFERROR((I18/I14),"-") -> 0 | J21: =IFERROR((J18/J14),"-") -> 0.057968648 | ... N21: =IFERROR((N18/N14),"-") -> 0.081706458 | P21: MiPyME | Q21: Gran Empresa
B22: VALOR DEL PRESUPUESTO OFICIAL | C22: =IF(C11=1,$P$22,"") | D22: =IF(D11=1,$P$22,"") | E22: =IF(E11=1,$P$22,"") -> 344857484 | F22: =IF(F11=1,$P$22,"") -> 344857484 | G22: =IF(G11=1,$P$22,"") -> 344857484 | H22: =IF(H11=1,$P$22,"") | I22: =IF(I11=1,$P$22,"") | J22: =IF(J11=1,$P$22,"") -> 344857484 | ... N22: =IF(N11=1,$P$22,"") -> 344857484 | P22: 344857484 | Q22: =P22 -> 344857484
B23: CRITERIO DE VERIFICACIÓN FINANCIERA | P23: FDLU-CMA-027-2025 (143212)
B24: CUMPLE | P24: 1423500 | Q24: SMMLV 2025
B25: NO CUMPLE | O25: >0 | P25: =Q22/P24 -> 242.26026 | Q25: <4.000 | R25: Rango 1
B26: CRITERIO DE VERIFICACIÓN FINANCIERA | P26: Plazo: | Q26: Seis (6) meses
B27: =CONCATENATE("Índice de Liquidez: ",CHAR(10),$P$21," ≥ ",P27," veces. ",IF($P$21=$Q$21,"",_xlfn.CONCAT($Q$21," ≥ ",Q27," veces."))) -> Índice de Liquidez: MiPyME ≥ 1,1 veces. Gran Empresa ≥ 1,2 veces. | E27: =IFERROR(IF(E74=$P$21,IF(E28>=$P$27,$B$24,$B$25),IF(E28>=$Q$27,$B$24,$B$25)),"-") -> CUMPLE | F27: =IFERROR(IF(F74=$P$21,IF(F28>=$P$27,$B$24,$B$25),IF(F28>=$Q$27,$B$24,$B$25)),"-") -> CUMPLE | G27: =IFERROR(IF(G74=$P$21,IF(G28>=$P$27,$B$24,$B$25),IF(G28>=$Q$27,$B$24,$B$25)),"-") -> CUMPLE | J27: =IFERROR(IF(J74=$P$21,IF(J28>=$P$27,$B$24,$B$25),IF(J28>=$Q$27,$B$24,$B$25)),"-") -> CUMPLE | K27: =IFERROR(IF(K74=$P$21,IF(K28>=$P$27,$B$24,$B$25),IF(K28>=$Q$27,$B$24,$B$25)),"-") -> CUMPLE | N27: =IFERROR(IF(N74=$P$21,IF(N28>=$P$27,$B$24,$B$25),IF(N28>=$Q$27,$B$24,$B$25)),"-") -> CUMPLE | P27: 1.1 | Q27: 1.2
B28: IL = Activo corriente / Pasivo corriente | E28: =IFERROR(E12/E13,"-") -> 8.2879374 | F28: =IFERROR(F12/F13,"-") -> 17.431434 | G28: =IFERROR(G12/G13,"-") -> 5.073507 | J28: =IFERROR(J12/J13,"-") -> 4.4972243 | K28: =IFERROR(K12/K13,"-") -> 12.341645 | N28: =IFERROR(N12/N13,"-") -> 5.7295991
B29: =CONCATENATE("Endeudamiento total: ",CHAR(10),$P$21," ≤ ",TEXT(P29,"#0 %"),". ",IF($P$21=$Q$21,"",_xlfn.CONCAT($Q$21," ≤ ",TEXT(Q29,"#0 %.")))) -> Endeudamiento total: MiPyME ≤ 65 %. Gran Empresa ≤ 65 %. | E29: =IFERROR(IF(E74=$P$21,IF(E30<=$P$29,$B$24,$B$25),IF(E30<=$Q$29,$B$24,$B$25)),"-") -> CUMPLE | F29: =IFERROR(IF(F74=$P$21,IF(F30<=$P$29,$B$24,$B$25),IF(F30<=$Q$29,$B$24,$B$25)),"-") -> CUMPLE | G29: =IFERROR(IF(G74=$P$21,IF(G30<=$P$29,$B$24,$B$25),IF(G30<=$Q$29,$B$24,$B$25)),"-") -> CUMPLE | J29: =IFERROR(IF(J74=$P$21,IF(J30<=$P$29,$B$24,$B$25),IF(J30<=$Q$29,$B$24,$B$25)),"-") -> CUMPLE | K29: =IFERROR(IF(K74=$P$21,IF(K30<=$P$29,$B$24,$B$25),IF(K30<=$Q$29,$B$24,$B$25)),"-") -> CUMPLE | N29: =IFERROR(IF(N74=$P$21,IF(N30<=$P$29,$B$24,$B$25),IF(N30<=$Q$29,$B$24,$B$25)),"-") -> CUMPLE | P29: 0.65 | Q29: 0.65
B30: ET = (Pasivo total / Activo total)*100 | E30: =IFERROR(E15/E14,"-") -> 0.11414858 | F30: =IFERROR(F15/F14,"-") -> 0.044293439 | G30: =IFERROR(G15/G14,"-") -> 0.37721837 | J30: =IFERROR(J15/J14,"-") -> 0.23716351 | K30: =IFERROR(K15/K14,"-") -> 0.084129955 | N30: =IFERROR(N15/N14,"-") -> 0.38311543
B31: =CONCATENATE("Razón de Cobertura de Intereses: ",CHAR(10),$P$21," ≥ ",P31," vez(ces) o Indet."," ",IF($P$21=$Q$21,"",_xlfn.CONCAT($Q$21," ≥ ",Q31," vez(ces) o Indet."))) -> Razón de Cobertura de Intereses: MiPyME ≥ 1,5 vez(ces) o Indet. Gran Empresa ≥ 1,5 vez(ces) o Indet. | E31: =IFERROR(IF(E74=$P$21,IF(AND(E32="Indeterminado",E18<=0),$B$25,IF(E32>=$P$31,$B$24,$B$25)),IF(AND(E32="Indeterminado",E18<=0),$B$25,IF(E32>=$Q$31,$B$24,$B$25))),"-") -> CUMPLE | F31: =IFERROR(IF(F74=$P$21,IF(AND(F32="Indeterminado",F18<=0),$B$25,IF(F32>=$P$31,$B$24,$B$25)),IF(AND(F32="Indeterminado",F18<=0),$B$25,IF(F32>=$Q$31,$B$24,$B$25))),"-") -> CUMPLE | G31: =IFERROR(IF(G74=$P$21,IF(AND(G32="Indeterminado",G18<=0),$B$25,IF(G32>=$P$31,$B$24,$B$25)),IF(AND(G32="Indeterminado",G18<=0),$B$25,IF(G32>=$Q$31,$B$24,$B$25))),"-") -> CUMPLE | J31: =IFERROR(IF(J74=$P$21,IF(AND(J32="Indeterminado",J18<=0),$B$25,IF(J32>=$P$31,$B$24,$B$25)),IF(AND(J32="Indeterminado",J18<=0),$B$25,IF(J32>=$Q$31,$B$24,$B$25))),"-") -> CUMPLE | K31: =IFERROR(IF(K74=$P$21,IF(AND(K32="Indeterminado",K18<=0),$B$25,IF(K32>=$P$31,$B$24,$B$25)),IF(AND(K32="Indeterminado",K18<=0),$B$25,IF(K32>=$Q$31,$B$24,$B$25))),"-") -> CUMPLE | N31: =IFERROR(IF(N74=$P$21,IF(AND(N32="Indeterminado",N18<=0),$B$25,IF(N32>=$P$31,$B$24,$B$25)),IF(AND(N32="Indeterminado",N18<=0),$B$25,IF(N32>=$Q$31,$B$24,$B$25))),"-") -> CUMPLE | P31: 1.5 | Q31: 1.5
B32: RC= (Utilidad Operacional) / (Gastos de Intereses) | E32: =IFERROR(E18/E19,"Indeterminado") -> 554.38898 | F32: =IFERROR(F18/F19,"Indeterminado") -> 46.698915 | G32: =IFERROR(G18/G19,"Indeterminado") -> 40.01564 | J32: =IFERROR(J18/J19,"Indeterminado") -> 67.244361 | K32: =IFERROR(K18/K19,"Indeterminado") -> 16.998956 | N32: =IFERROR(N18/N19,"Indeterminado") -> 300.02896
B33: =CONCATENATE("Capital de trabajo:",CHAR(10),$P$21," ≥ ",TEXT(P33,"0 %")," del PO. ",IF($P$21=$Q$21,"",_xlfn.CONCAT($Q$21," ≥ ",TEXT(Q33,"0 %")," del PO."))) -> Capital de trabajo: MiPyME ≥ 25 % del PO. Gran Empresa ≥ 25 % del PO. | E33: =IFERROR(IF(E74=$P$21,IF(E34>(E22*$P$33),$B$24,$B$25),IF(E34>(E22*$Q$33),$B$24,$B$25)),"-") -> CUMPLE | F33: =IFERROR(IF(F74=$P$21,IF(F34>(F22*$P$33),$B$24,$B$25),IF(F34>(F22*$Q$33),$B$24,$B$25)),"-") -> CUMPLE | G33: =IFERROR(IF(G74=$P$21,IF(G34>(G22*$P$33),$B$24,$B$25),IF(G34>(G22*$Q$33),$B$24,$B$25)),"-") -> CUMPLE | J33: =IFERROR(IF(J74=$P$21,IF(J34>(J22*$P$33),$B$24,$B$25),IF(J34>(J22*$Q$33),$B$24,$B$25)),"-") -> CUMPLE | K33: =IFERROR(IF(K74=$P$21,IF(K34>(K22*$P$33),$B$24,$B$25),IF(K34>(K22*$Q$33),$B$24,$B$25)),"-") -> CUMPLE | N33: =IFERROR(IF(N74=$P$21,IF(N34>(N22*$P$33),$B$24,$B$25),IF(N34>(N22*$Q$33),$B$24,$B$25)),"-") -> CUMPLE | P33: 0.25 | Q33: 0.25
B34: =CONCATENATE("CT = Activo Corriente - Pasivo Corriente ≥ ",TEXT((P22*P33),"$###.###.###.##0")) -> CT = Activo Corriente - Pasivo Corriente ≥ $86.214.371 | E34: =IFERROR(E12-E13,"-") -> 2148757206 | F34: =IFERROR(F12-F13,"-") -> 2191904000 | G34: =IFERROR(G12-G13,"-") -> 2441965611 | J34: =IFERROR(J12-J13,"-") -> 1707106515 | K34: =IFERROR(K12-K13,"-") -> 4381585617 | N34: =IFERROR(N12-N13,"-") -> 5820889176
B35: CRITERIO DE VERIFICACIÓN CAPACIDAD ORGANIZACIONAL
B37: =CONCATENATE("Indicador Rentabilidad del Patrimonio",CHAR(10),$P$21," ≥ ",TEXT(P37,"#0 %. "),IF($P$21=$Q$21,"",_xlfn.CONCAT($Q$21," ≥ ",TEXT(Q37,"#0 %.")))) -> Indicador Rentabilidad del Patrimonio MiPyME ≥ 2 %. Gran Empresa ≥ 4 %. | C37: - | D37: - | E37: =IFERROR(IF((IF(E74=$P$21,IF(E38>=$P$37,$B$24,$B$25),IF(E38>=$Q$37,$B$24,$B$25)))="No hábil",IF(AND(E38<0,E16>0,E74="ESAL"),$B$24,$B$25),IF(E74=$P$21,IF(E38>=$P$37,$B$24,$B$25),IF(E38>=$Q$37,$B$24,$B$25))),"-") -> CUMPLE | F37: =IFERROR(IF((IF(F74=$P$21,IF(F38>=$P$37,$B$24,$B$25),IF(F38>=$Q$37,$B$24,$B$25)))="No hábil",IF(AND(F38<0,F16>0,F74="ESAL"),$B$24,$B$25),IF(F74=$P$21,IF(F38>=$P$37,$B$24,$B$25),IF(F38>=$Q$37,$B$24,$B$25))),"-") -> CUMPLE | G37: =IFERROR(IF((IF(G74=$P$21,IF(G38>=$P$37,$B$24,$B$25),IF(G38>=$Q$37,$B$24,$B$25)))="No hábil",IF(AND(G38<0,G16>0,G74="ESAL"),$B$24,$B$25),IF(G74=$P$21,IF(G38>=$P$37,$B$24,$B$25),IF(G38>=$Q$37,$B$24,$B$25))),"-") -> CUMPLE | H37: - | I37: - | J37: =IFERROR(IF((IF(J74=$P$21,IF(J38>=$P$37,$B$24,$B$25),IF(J38>=$Q$37,$B$24,$B$25)))="No hábil",IF(AND(J38<0,J16>0,J74="ESAL"),$B$24,$B$25),IF(J74=$P$21,IF(J38>=$P$37,$B$24,$B$25),IF(J38>=$Q$37,$B$24,$B$25))),"-") -> CUMPLE | K37: =IFERROR(IF((IF(K74=$P$21,IF(K38>=$P$37,$B$24,$B$25),IF(K38>=$Q$37,$B$24,$B$25)))="No hábil",IF(AND(K38<0,K16>0,K74="ESAL"),$B$24,$B$25),IF(K74=$P$21,IF(K38>=$P$37,$B$24,$B$25),IF(K38>=$Q$37,$B$24,$B$25))),"-") -> CUMPLE | L37: - | M37: - | N37: =IFERROR(IF((IF(N74=$P$21,IF(N38>=$P$37,$B$24,$B$25),IF(N38>=$Q$37,$B$24,$B$25)))="No hábil",IF(AND(N38<0,N16>0,N74="ESAL"),$B$24,$B$25),IF(N74=$P$21,IF(N38>=$P$37,$B$24,$B$25),IF(N38>=$Q$37,$B$24,$B$25))),"-") -> CUMPLE | P37: 0.02 | Q37: 0.04
B38: RP = (Utilidad Operacional / Patrimonio) | C38: - | D38: - | E38: =IFERROR(E18/E16,"-") -> 0.095197058 | F38: =IFERROR(F18/F16,"-") -> 0.10464905 | G38: =IFERROR(G18/G16,"-") -> 0.19033615 | H38: - | I38: - | J38: =IFERROR(J18/J16,"-") -> 0.075990921 | K38: =IFERROR(K18/K16,"-") -> 0.11989522 | L38: - | M38: - | N38: =IFERROR(N18/N16,"-") -> 0.13245016
B39: =CONCATENATE("Indicador Rentabilidad del Activo",CHAR(10),$P$21," ≥ ",TEXT(P39,"#0 %. "),IF($P$21=$Q$21,"",_xlfn.CONCAT($Q$21," ≥ ",TEXT(Q39,"#0 %.")))) -> Indicador Rentabilidad del Activo MiPyME ≥ 1 %. Gran Empresa ≥ 3 %. | C39: - | D39: - | E39: =IFERROR(IF((IF(E74=$P$21,IF(E40>=$P$39,$B$24,$B$25),IF(E40>=$Q$39,$B$24,$B$25)))="No hábil",IF(AND(E40<0,E16>0,E74="ESAL"),$B$24,$B$25),IF(E74=$P$21,IF(E40>=$P$39,$B$24,$B$25),IF(E40>=$Q$39,$B$24,$B$25))),"-") -> CUMPLE | F39: =IFERROR(IF((IF(F74=$P$21,IF(F40>=$P$39,$B$24,$B$25),IF(F40>=$Q$39,$B$24,$B$25)))="No hábil",IF(AND(F40<0,F16>0,F74="ESAL"),$B$24,$B$25),IF(F74=$P$21,IF(F40>=$P$39,$B$24,$B$25),IF(F40>=$Q$39,$B$24,$B$25))),"-") -> CUMPLE | G39: =IFERROR(IF((IF(G74=$P$21,IF(G40>=$P$39,$B$24,$B$25),IF(G40>=$Q$39,$B$24,$B$25)))="No hábil",IF(AND(G40<0,G16>0,G74="ESAL"),$B$24,$B$25),IF(G74=$P$21,IF(G40>=$P$39,$B$24,$B$25),IF(G40>=$Q$39,$B$24,$B$25))),"-") -> CUMPLE | H39: - | I39: - | J39: =IFERROR(IF((IF(J74=$P$21,IF(J40>=$P$39,$B$24,$B$25),IF(J40>=$Q$39,$B$24,$B$25)))="No hábil",IF(AND(J40<0,J16>0,J74="ESAL"),$B$24,$B$25),IF(J74=$P$21,IF(J40>=$P$39,$B$24,$B$25),IF(J40>=$Q$39,$B$24,$B$25))),"-") -> CUMPLE | K39: =IFERROR(IF((IF(K74=$P$21,IF(K40>=$P$39,$B$24,$B$25),IF(K40>=$Q$39,$B$24,$B$25)))="No hábil",IF(AND(K40<0,K16>0,K74="ESAL"),$B$24,$B$25),IF(K74=$P$21,IF(K40>=$P$39,$B$24,$B$25),IF(K40>=$Q$39,$B$24,$B$25))),"-") -> CUMPLE | L39: - | M39: - | N39: =IFERROR(IF((IF(N74=$P$21,IF(N40>=$P$39,$B$24,$B$25),IF(N40>=$Q$39,$B$24,$B$25)))="No hábil",IF(AND(N40<0,N16>0,N74="ESAL"),$B$24,$B$25),IF(N74=$P$21,IF(N40>=$P$39,$B$24,$B$25),IF(N40>=$Q$39,$B$24,$B$25))),"-") -> CUMPLE | P39: 0.01 | Q39: 0.03
B40: RA = (Utilidad Operacional / Activo Total) | C40: - | D40: - | E40: =IFERROR(E18/E14,"-") -> 0.084330449 | F40: =IFERROR(F18/F14,"-") -> 0.10001378 | G40: =IFERROR(G18/G14,"-") -> 0.11853786 | H40: - | I40: - | J40: =IFERROR(J18/J14,"-") -> 0.057968648 | K40: =IFERROR(K18/K14,"-") -> 0.10980844 | L40: - | M40: - | N40: =IFERROR(N18/N14,"-") -> 0.081706458
B41: CUMPLIMIENTO REQUISITOS HABLITANTES | E41: =IF(E10="NO CUMPLE","DEBE SUBSANAR",IF(COUNTIF(E27:E40,"NO CUMPLE")>=1,"NO HABILITADO","HABILITADO")) -> HABILITADO | F41: =IF(F10="NO CUMPLE","DEBE SUBSANAR",IF(COUNTIF(F27:F40,"NO CUMPLE")>=1,"NO HABILITADO","HABILITADO")) -> HABILITADO | G41: =IF(G10="NO CUMPLE","DEBE SUBSANAR",IF(COUNTIF(G27:G40,"NO CUMPLE")>=1,"NO HABILITADO","HABILITADO")) -> HABILITADO | J41: =IF(J10="NO CUMPLE","DEBE SUBSANAR",IF(COUNTIF(J27:J40,"NO CUMPLE")>=1,"NO HABILITADO","HABILITADO")) -> HABILITADO | K41: =IF(K10="NO CUMPLE","DEBE SUBSANAR",IF(COUNTIF(K27:K40,"NO CUMPLE")>=1,"NO HABILITADO","HABILITADO")) -> HABILITADO | N41: =IF(N10="NO CUMPLE","DEBE SUBSANAR",IF(COUNTIF(N27:N40,"NO CUMPLE")>=1,"NO HABILITADO","HABILITADO")) -> HABILITADO
P42: MiPyME:
B43: NOTA: Una vez verificada la Información Financiera presentada por cada uno de los proponentes, se informa que las sociedades arriba descritas, que | P43: Tratándose de Proponentes Plurales estos indicadores solo se aplicarán si por lo menos uno de los integrantes acredita la calidad de Mipyme de conformidad con lo previsto en el artículo 2.2.1.2.4.2.4. del Decreto 1082 de 2015, o la normas que los modifiquen, sustituyan o complementen, y tienen una participación igual o superior al diez por ciento (10 %) en el Consorcio o en la Unión Temporal.
B44: cumplen con lo solicitado en los pliegos de condiciones definitivos en cuanto a los Indicadores Financieros requeridos, se encuentran HABILITADAS.
B46: =B71 -> Fecha de cierre del proceso:
B47: =C71 -> 46006
B49: Fecha de elaboración (preliminar):
B50: =C65 -> 46008
D51: Miguel Ángel Granados Gutiérrez
B52: Fecha de verificación definitiva: | D52: Profesional Área de Contratación - FDL Usme
B53: ='1. Oferentes 1 a 8'!B53 -> 46020 | D53: Comité Evaluador Financiero
B55: ="NOTA: La fecha de corte de la información financiera registrada en el RUP debe ser 31/12/2024, de acuerdo a lo establecido en el pliego definitivo de condiciones del proceso "&P23&"," -> NOTA: La fecha de corte de la información financiera registrada en el RUP debe ser 31/12/2024, de acuerdo a lo establecido en el pliego definitivo de condiciones del proceso FDLU-CMA-027-2025 (143212),
B56: ='Consolidado 1 a 9'!J58 -> de las (46) empresas evaluadas, (45) empresas están habilitadas.
B63: Verificaciones efectuadas por el(los) miembro(s) del Comité Evaluador:
B65: Fecha de elaboración: | C65: 46008
C67: =C8 -> A | D67: =D8 -> B | E67: =E8 -> 28 | F67: =F8 -> 29 | G67: =G8 -> 30 | H67: =H8 -> A | I67: =I8 -> B | J67: =J8 -> 31 | ... N67: =N8 -> 33
B68: Fecha de expedición RUP: | C68: 46006 | D68: 45982 | F68: 45996 | G68: 46000 | H68: 45988 | I68: 46001 | K68: 46006 | L68: 46008 | M68: 46001
B69: Fecha de última renovación en el registro de los proponentes:
B71: Fecha de cierre del proceso: | C71: 46006 | D71: =C71 -> 46006 | F71: =D71 -> 46006 | G71: =F71 -> 46006 | H71: =G71 -> 46006 | I71: =H71 -> 46006 | K71: =I71 -> 46006 | L71: =K71 -> 46006 | M71: =L71 -> 46006
B72: Días (calend.) transcurridos entre exped. RUP y cierre del proceso: | C72: =C71-C68 -> 0 | D72: =D71-D68 -> 24 | F72: =F71-F68 -> 10 | G72: =G71-G68 -> 6 | H72: =H71-H68 -> 18 | I72: =I71-I68 -> 5 | K72: =K71-K68 -> 0 | L72: =L71-L68 -> -2 | M72: =M71-M68 -> 5
B73: 30
B74: Clasificación para evaluación aplicable: | C74: MiPyME | D74: MiPyME | E74: MiPyME | F74: MiPyME | G74: MiPyME | H74: MiPyME | I74: MiPyME | J74: MiPyME | K74: MiPyME | L74: MiPyME | M74: MiPyME | N74: MiPyME

Sheet 6. Oferentes 34 a 38
C1: VERIFICACIÓN FINANCIERA Y CAPACIDAD ORGANIZACIONAL | P1: Código: GCO-GCI-F107 Versión: 03 Vigencia: 21 de diciembre de 2022 Caso HOLA: 282943
B6: OBJETO: “REALIZAR LA INTERVENTORIA TÉCNICA, ADMINISTRATIVA, FINANCIERA, SISO, JURÍDICA, AMBIENTAL Y CONTABLE A LA EJECUCION DEL CONTRATO DE OBRA PUBLICA QUE CELEBRE EL FONDO DE DESARROLLO LOCAL DE USME COMO RESULTADO DE LA ADJUDICACION DE LA LICITACION PUBLICA QUE TIENE POR OBJETO "REALIZAR LAS OBRAS DE CONSERVACIÓN DE LA MALLA VIAL Y ESPACIO PÚBLICO ASOCIADO EN LA LOCALIDAD DE USME, BOGOTÁ, D.C. A TRAVÉS DEL SISTEMA DE PRECIOS UNITARIOS FIJOS Y A MONTO AGOTABLE”
B7: CONCEPTO / NOMBRE OFERENTE | C7: PC PROYECCION E INGENIERIA S.A.S NIT:901757531-7 | D7: CORZO GARCIA JORGE WILLAN NIT: 5689243-9 | E7: PUENTES GORDO GERMAN ALONSO NIT:7162821-0 | F7: CONSORCIO INTERVIAL USME027 PCP-PC | G7: INGENIERIA OCIMACS S.A.S NIT:901478086-3 | H7: O.P.H. INGENIEROS ASOCIADOS S A S NIT: 901048528 2 | I7: CONSORCIO INTERVENTORIA LUCIA | J7: CRAM INGENIERIA S.A.S NIT: 901863222 1 | K7: CARDOZO ROA ANDRES MAURICIO NIT: 79965798 7 | L7: CONSORCIO CRAM 056 DE 2025 | M7: ALMA INTERVENTORÍA & CONSULTORÍA SAS NIT: 901573477 6 | N7: ICOD CONSTRUCCIONES Y PROYECTOS SAS NIT: 901172605 1 | O7: MASEB INGENIERIA SAS NIT: 901579224 7 | P7: CONSORCIO INTER VIAS IM | R7: Datos para validación financiera
B8: Oferente No. | C8: A | D8: B | E8: C | F8: ='5. Oferentes 28 a 33'!N8+1 -> 34 | G8: A | H8: B | I8: =F8+1 -> 35 | J8: A | K8: B | L8: =I8+1 -> 36 | M8: =L8+1 -> 37 | N8: A | O8: B | P8: =M8+1 -> 38
B9: BALANCE GENERAL CON CORTE A 31 DE DICIEMBRE DEL AÑO: 2024 | C9: 31-DIC.-2024 RUP | D9: 31-DIC.-2024 RUP | E9: 31-DIC.-2024 RUP | F9: 31-DIC.-2024 RUP | G9: 31-DIC.-2024 RUP | H9: 31-DIC.-2024 RUP | I9: 31-DIC.-2024 RUP | J9: 31-DIC.-2024 RUP | K9: 31-DIC.-2024 RUP | L9: 31-DIC.-2024 RUP | M9: 31-DIC.-2024 RUP | N9: 31-DIC.-2024 RUP | O9: 31-DIC.-2024 RUP | P9: 31-DIC.-2024 RUP
B10: PRESENTACIÓN DE RUP VIGENTE EN TÉRMINO | C10: =IF(C72<=$B$73,"CUMPLE","NO CUMPLE") -> CUMPLE | D10: =IF(D72<=$B$73,"CUMPLE","NO CUMPLE") -> CUMPLE | E10: =IF(E72<=$B$73,"CUMPLE","NO CUMPLE") -> CUMPLE | F10: =IF(COUNTIF(C10:E10,"NO CUMPLE")>=1,"NO CUMPLE","CUMPLE") -> CUMPLE | G10: =IF(G72<=$B$73,"CUMPLE","NO CUMPLE") -> CUMPLE | H10: =IF(H72<=$B$73,"CUMPLE","NO CUMPLE") -> CUMPLE | I10: =IF(COUNTIF(G10:H10,"NO CUMPLE")>=1,"NO CUMPLE","CUMPLE") -> CUMPLE | J10: =IF(J72<=$B$73,"CUMPLE","NO CUMPLE") -> CUMPLE | K10: =IF(K72<=$B$73,"CUMPLE","NO CUMPLE") -> CUMPLE | L10: =IF(COUNTIF(J10:K10,"NO CUMPLE")>=1,"NO CUMPLE","CUMPLE") -> CUMPLE | M10: =IF(M72<=$B$73,"CUMPLE","NO CUMPLE") -> CUMPLE | N10: =IF(N72<=$B$73,"CUMPLE","NO CUMPLE") -> CUMPLE | O10: =IF(O72<=$B$73,"CUMPLE","NO CUMPLE") -> CUMPLE | P10: =IF(COUNTIF(N10:O10,"NO CUMPLE")>=1,"NO CUMPLE","CUMPLE") -> CUMPLE
B11: INFORMACION TOMADA DEL RUP VIGENTE | C11: 0.5 | D11: 0.2 | E11: 0.3 | F11: =SUM(C11:E11) -> 1 | G11: 0.5 | H11: 0.5 | I11: =SUM(G11:H11) -> 1 | J11: 0.9 | K11: 0.1 | L11: =SUM(J11:K11) -> 1 | M11: 1 | N11: 0.8 | O11: 0.2 | P11: =SUM(N11:O11) -> 1
B12: ACTIVO CORRIENTE | C12: 430724922 | D12: 586030409 | E12: 1097380316 | F12: =SUM(C12:E12) -> 2114135647 | G12: 779761143 | H12: 345570514 | I12: =SUM(G12:H12) -> 1125331657 | J12: 899901371 | K12: 929151515 | L12: =SUM(J12:K12) -> 1829052886 | M12: 1920664247 | N12: 3755742504 | O12: 407580032 | P12: =SUM(N12:O12) -> 4163322536
B13: PASIVO CORRIENTE | C13: 18896998 | D13: 23500000 | E13: 64572052 | F13: =SUM(C13:E13) -> 106969050 | G13: 339633288 | H13: 76654766 | I13: =SUM(G13:H13) -> 416288054 | J13: 72294000 | K13: 111991975 | L13: =SUM(J13:K13) -> 184285975 | M13: 24538000 | N13: 629325017 | O13: 2653011 | P13: =SUM(N13:O13) -> 631978028
B14: ACTIVO TOTAL | C14: 436754130 | D14: 1154581934 | E14: 1480383785 | F14: =SUM(C14:E14) -> 3071719849 | G14: 811631348 | H14: 405500874 | I14: =SUM(G14:H14) -> 1217132222 | J14: 959374371 | K14: 1009151515 | L14: =SUM(J14:K14) -> 1968525886 | M14: 3168106513 | N14: 3843185321 | O14: 407580032 | P14: =SUM(N14:O14) -> 4250765353
B15: PASIVO TOTAL | C15: 114879215 | D15: 26400000 | E15: 166779607 | F15: =SUM(C15:E15) -> 308058822 | G15: 339633288 | H15: 76654766 | I15: =SUM(G15:H15) -> 416288054 | J15: 72294000 | K15: 200476778 | L15: =SUM(J15:K15) -> 272770778 | M15: 1232568000 | N15: 937580043 | O15: 2653011 | P15: =SUM(N15:O15) -> 940233054
B16: PATRIMONIO | C16: 321874915 | D16: 1128181934 | E16: 1313604178 | F16: =SUM(C16:E16) -> 2763661027 | G16: 471998060 | H16: 328846108 | I16: =SUM(G16:H16) -> 800844168 | J16: 887080371 | K16: 808674737 | L16: =SUM(J16:K16) -> 1695755108 | M16: 1935538513 | N16: 2905605278 | O16: 404927021 | P16: =SUM(N16:O16) -> 3310532299
B17: Activo total-Pasivo total-Patrimonio | C17: =+C14-C15-C16 -> 0 | D17: =+D14-D15-D16 -> 0 | E17: =+E14-E15-E16 -> 0 | F17: =+F14-F15-F16 -> 0 | G17: =+G14-G15-G16 -> 0 | H17: =+H14-H15-H16 -> 0 | I17: =+I14-I15-I16 -> 0 | J17: =+J14-J15-J16 -> 0 | ... P17: =+P14-P15-P16 -> 0
B18: UTILIDAD OPERACIONAL | C18: 33653715 | D18: 187595237 | E18: 101409227 | F18: =SUM(C18:E18) -> 322658179 | G18: 151486769 | H18: 32023868 | I18: =SUM(G18:H18) -> 183510637 | J18: 65131050 | K18: 210556672 | L18: =SUM(J18:K18) -> 275687722 | M18: 538228064 | N18: 766660108 | O18: 7585832 | P18: =SUM(N18:O18) -> 774245940
B19: GASTOS DE INTERESES | C19: 0 | D19: 150000 | E19: 1188750 | F19: =SUM(C19:E19) -> 1338750 | G19: 1810300 | H19: 121319 | I19: =SUM(G19:H19) -> 1931619 | J19: 1745800 | K19: 9562000 | L19: =SUM(J19:K19) -> 11307800 | M19: 0 | N19: 3791008 | O19: 5800 | P19: =SUM(N19:O19) -> 3796808
B20: Rentabilidad del Patrimonio (Utilidad Operacional / Patrimonio) | C20: =IFERROR((C18/C16),"-") -> 0.10455526 | D20: =IFERROR((D18/D16),"-") -> 0.16628101 | E20: =IFERROR((E18/E16),"-") -> 0.077199227 | F20: =IFERROR((F18/F16),"-") -> 0.11675027 | G20: =IFERROR((G18/G16),"-") -> 0.32094786 | H20: =IFERROR((H18/H16),"-") -> 0.097382536 | I20: =IFERROR((I18/I16),"-") -> 0.2291465 | J20: =IFERROR((J18/J16),"-") -> 0.073421814 | ... P20: =IFERROR((P18/P16),"-") -> 0.23387355
B21: Rentabilidad del Activo (Utilidad Operacional / Activo Total) | C21: =IFERROR((C18/C14),"-") -> 0.077054143 | D21: =IFERROR((D18/D14),"-") -> 0.16247893 | E21: =IFERROR((E18/E14),"-") -> 0.068501984 | F21: =IFERROR((F18/F14),"-") -> 0.10504154 | G21: =IFERROR((G18/G14),"-") -> 0.1866448 | H21: =IFERROR((H18/H14),"-") -> 0.07897361 | I21: =IFERROR((I18/I14),"-") -> 0.15077297 | J21: =IFERROR((J18/J14),"-") -> 0.067889087 | ... P21: =IFERROR((P18/P14),"-") -> 0.18214271 | R21: MiPyME | S21: Gran Empresa
B22: VALOR DEL PRESUPUESTO OFICIAL | C22: =IF(C11=1,$R$22,"") | D22: =IF(D11=1,$R$22,"") | E22: =IF(E11=1,$R$22,"") | F22: =IF(F11=1,$R$22,"") -> 344857484 | G22: =IF(G11=1,$R$22,"") | H22: =IF(H11=1,$R$22,"") | I22: =IF(I11=1,$R$22,"") -> 344857484 | J22: =IF(J11=1,$R$22,"") | ... P22: =IF(P11=1,$R$22,"") -> 344857484 | R22: 344857484 | S22: =R22 -> 344857484
B23: CRITERIO DE VERIFICACIÓN FINANCIERA | R23: FDLU-CMA-027-2025 (143212)
B24: CUMPLE | R24: 1423500 | S24: SMMLV 2025
B25: NO CUMPLE | Q25: >0 | R25: =S22/R24 -> 242.26026 | S25: <4.000 | T25: Rango 1
B26: CRITERIO DE VERIFICACIÓN FINANCIERA | R26: Plazo: | S26: Seis (6) meses
B27: =CONCATENATE("Índice de Liquidez: ",CHAR(10),$R$21," ≥ ",R27," veces. ",IF($R$21=$S$21,"",_xlfn.CONCAT($S$21," ≥ ",S27," veces."))) -> Índice de Liquidez: MiPyME ≥ 1,1 veces. Gran Empresa ≥ 1,2 veces. | F27: =IFERROR(IF(F74=$R$21,IF(F28>=$R$27,$B$24,$B$25),IF(F28>=$S$27,$B$24,$B$25)),"-") -> CUMPLE | I27: =IFERROR(IF(I74=$R$21,IF(I28>=$R$27,$B$24,$B$25),IF(I28>=$S$27,$B$24,$B$25)),"-") -> CUMPLE | L27: =IFERROR(IF(L74=$R$21,IF(L28>=$R$27,$B$24,$B$25),IF(L28>=$S$27,$B$24,$B$25)),"-") -> CUMPLE | M27: =IFERROR(IF(M74=$R$21,IF(M28>=$R$27,$B$24,$B$25),IF(M28>=$S$27,$B$24,$B$25)),"-") -> CUMPLE | P27: =IFERROR(IF(P74=$R$21,IF(P28>=$R$27,$B$24,$B$25),IF(P28>=$S$27,$B$24,$B$25)),"-") -> CUMPLE | R27: 1.1 | S27: 1.2
B28: IL = Activo corriente / Pasivo corriente | F28: =IFERROR(F12/F13,"-") -> 19.763994 | I28: =IFERROR(I12/I13,"-") -> 2.7032523 | L28: =IFERROR(L12/L13,"-") -> 9.9250791 | M28: =IFERROR(M12/M13,"-") -> 78.273056 | P28: =IFERROR(P12/P13,"-") -> 6.5877647
B29: =CONCATENATE("Endeudamiento total: ",CHAR(10),$R$21," ≤ ",TEXT(R29,"#0 %"),". ",IF($R$21=$S$21,"",_xlfn.CONCAT($S$21," ≤ ",TEXT(S29,"#0 %.")))) -> Endeudamiento total: MiPyME ≤ 65 %. Gran Empresa ≤ 65 %. | F29: =IFERROR(IF(F74=$R$21,IF(F30<=$R$29,$B$24,$B$25),IF(F30<=$S$29,$B$24,$B$25)),"-") -> CUMPLE | I29: =IFERROR(IF(I74=$R$21,IF(I30<=$R$29,$B$24,$B$25),IF(I30<=$S$29,$B$24,$B$25)),"-") -> CUMPLE | L29: =IFERROR(IF(L74=$R$21,IF(L30<=$R$29,$B$24,$B$25),IF(L30<=$S$29,$B$24,$B$25)),"-") -> CUMPLE | M29: =IFERROR(IF(M74=$R$21,IF(M30<=$R$29,$B$24,$B$25),IF(M30<=$S$29,$B$24,$B$25)),"-") -> CUMPLE | P29: =IFERROR(IF(P74=$R$21,IF(P30<=$R$29,$B$24,$B$25),IF(P30<=$S$29,$B$24,$B$25)),"-") -> CUMPLE | R29: 0.65 | S29: 0.65
B30: ET = (Pasivo total / Activo total)*100 | F30: =IFERROR(F15/F14,"-") -> 0.10028871 | I30: =IFERROR(I15/I14,"-") -> 0.34202369 | L30: =IFERROR(L15/L14,"-") -> 0.13856601 | M30: =IFERROR(M15/M14,"-") -> 0.3890551 | P30: =IFERROR(P15/P14,"-") -> 0.22119147
B31: =CONCATENATE("Razón de Cobertura de Intereses: ",CHAR(10),$R$21," ≥ ",R31," vez(ces) o Indet."," ",IF($R$21=$S$21,"",_xlfn.CONCAT($S$21," ≥ ",S31," vez(ces) o Indet."))) -> Razón de Cobertura de Intereses: MiPyME ≥ 1,5 vez(ces) o Indet. Gran Empresa ≥ 1,5 vez(ces) o Indet. | F31: =IFERROR(IF(F74=$R$21,IF(AND(F32="Indeterminado",F18<=0),$B$25,IF(F32>=$R$31,$B$24,$B$25)),IF(AND(F32="Indeterminado",F18<=0),$B$25,IF(F32>=$S$31,$B$24,$B$25))),"-") -> CUMPLE | I31: =IFERROR(IF(I74=$R$21,IF(AND(I32="Indeterminado",I18<=0),$B$25,IF(I32>=$R$31,$B$24,$B$25)),IF(AND(I32="Indeterminado",I18<=0),$B$25,IF(I32>=$S$31,$B$24,$B$25))),"-") -> CUMPLE | L31: =IFERROR(IF(L74=$R$21,IF(AND(L32="Indeterminado",L18<=0),$B$25,IF(L32>=$R$31,$B$24,$B$25)),IF(AND(L32="Indeterminado",L18<=0),$B$25,IF(L32>=$S$31,$B$24,$B$25))),"-") -> CUMPLE | M31: =IFERROR(IF(M74=$R$21,IF(AND(M32="Indeterminado",M18<=0),$B$25,IF(M32>=$R$31,$B$24,$B$25)),IF(AND(M32="Indeterminado",M18<=0),$B$25,IF(M32>=$S$31,$B$24,$B$25))),"-") -> CUMPLE | P31: =IFERROR(IF(P74=$R$21,IF(AND(P32="Indeterminado",P18<=0),$B$25,IF(P32>=$R$31,$B$24,$B$25)),IF(AND(P32="Indeterminado",P18<=0),$B$25,IF(P32>=$S$31,$B$24,$B$25))),"-") -> CUMPLE | R31: 1.5 | S31: 1.5
B32: RC= (Utilidad Operacional) / (Gastos de Intereses) | F32: =IFERROR(F18/F19,"Indeterminado") -> 241.01451 | I32: =IFERROR(I18/I19,"Indeterminado") -> 95.003537 | L32: =IFERROR(L18/L19,"Indeterminado") -> 24.380315 | M32: =IFERROR(M18/M19,"Indeterminado") -> Indeterminado | P32: =IFERROR(P18/P19,"Indeterminado") -> 203.92022
B33: =CONCATENATE("Capital de trabajo:",CHAR(10),$R$21," ≥ ",TEXT(R33,"0 %")," del PO. ",IF($R$21=$S$21,"",_xlfn.CONCAT($S$21," ≥ ",TEXT(S33,"0 %")," del PO."))) -> Capital de trabajo: MiPyME ≥ 25 % del PO. Gran Empresa ≥ 25 % del PO. | F33: =IFERROR(IF(F74=$R$21,IF(F34>(F22*$R$33),$B$24,$B$25),IF(F34>(F22*$S$33),$B$24,$B$25)),"-") -> CUMPLE | I33: =IFERROR(IF(I74=$R$21,IF(I34>(I22*$R$33),$B$24,$B$25),IF(I34>(I22*$S$33),$B$24,$B$25)),"-") -> CUMPLE | L33: =IFERROR(IF(L74=$R$21,IF(L34>(L22*$R$33),$B$24,$B$25),IF(L34>(L22*$S$33),$B$24,$B$25)),"-") -> CUMPLE | M33: =IFERROR(IF(M74=$R$21,IF(M34>(M22*$R$33),$B$24,$B$25),IF(M34>(M22*$S$33),$B$24,$B$25)),"-") -> CUMPLE | P33: =IFERROR(IF(P74=$R$21,IF(P34>(P22*$R$33),$B$24,$B$25),IF(P34>(P22*$S$33),$B$24,$B$25)),"-") -> CUMPLE | R33: 0.25 | S33: 0.25
B34: =CONCATENATE("CT = Activo Corriente - Pasivo Corriente ≥ ",TEXT((R22*R33),"$###.###.###.##0")) -> CT = Activo Corriente - Pasivo Corriente ≥ $86.214.371 | F34: =IFERROR(F12-F13,"-") -> 2007166597 | I34: =IFERROR(I12-I13,"-") -> 709043603 | L34: =IFERROR(L12-L13,"-") -> 1644766911 | M34: =IFERROR(M12-M13,"-") -> 1896126247 | P34: =IFERROR(P12-P13,"-") -> 3531344508
B35: CRITERIO DE VERIFICACIÓN CAPACIDAD ORGANIZACIONAL
B37: =CONCATENATE("Indicador Rentabilidad del Patrimonio",CHAR(10),$R$21," ≥ ",TEXT(R37,"#0 %. "),IF($R$21=$S$21,"",_xlfn.CONCAT($S$21," ≥ ",TEXT(S37,"#0 %.")))) -> Indicador Rentabilidad del Patrimonio MiPyME ≥ 2 %. Gran Empresa ≥ 4 %. | C37: - | D37: - | E37: - | F37: =IFERROR(IF((IF(F74=$R$21,IF(F38>=$R$37,$B$24,$B$25),IF(F38>=$S$37,$B$24,$B$25)))="No hábil",IF(AND(F38<0,F16>0,F74="ESAL"),$B$24,$B$25),IF(F74=$R$21,IF(F38>=$R$37,$B$24,$B$25),IF(F38>=$S$37,$B$24,$B$25))),"-") -> CUMPLE | G37: - | H37: - | I37: =IFERROR(IF((IF(I74=$R$21,IF(I38>=$R$37,$B$24,$B$25),IF(I38>=$S$37,$B$24,$B$25)))="No hábil",IF(AND(I38<0,I16>0,I74="ESAL"),$B$24,$B$25),IF(I74=$R$21,IF(I38>=$R$37,$B$24,$B$25),IF(I38>=$S$37,$B$24,$B$25))),"-") -> CUMPLE | J37: - | K37: - | L37: =IFERROR(IF((IF(L74=$R$21,IF(L38>=$R$37,$B$24,$B$25),IF(L38>=$S$37,$B$24,$B$25)))="No hábil",IF(AND(L38<0,L16>0,L74="ESAL"),$B$24,$B$25),IF(L74=$R$21,IF(L38>=$R$37,$B$24,$B$25),IF(L38>=$S$37,$B$24,$B$25))),"-") -> CUMPLE | M37: =IFERROR(IF((IF(M74=$R$21,IF(M38>=$R$37,$B$24,$B$25),IF(M38>=$S$37,$B$24,$B$25)))="No hábil",IF(AND(M38<0,M16>0,M74="ESAL"),$B$24,$B$25),IF(M74=$R$21,IF(M38>=$R$37,$B$24,$B$25),IF(M38>=$S$37,$B$24,$B$25))),"-") -> CUMPLE | N37: - | O37: - | P37: =IFERROR(IF((IF(P74=$R$21,IF(P38>=$R$37,$B$24,$B$25),IF(P38>=$S$37,$B$24,$B$25)))="No hábil",IF(AND(P38<0,P16>0,P74="ESAL"),$B$24,$B$25),IF(P74=$R$21,IF(P38>=$R$37,$B$24,$B$25),IF(P38>=$S$37,$B$24,$B$25))),"-") -> CUMPLE | R37: 0.02 | S37: 0.04
B38: RP = (Utilidad Operacional / Patrimonio) | C38: - | D38: - | E38: - | F38: =IFERROR(F18/F16,"-") -> 0.11675027 | G38: - | H38: - | I38: =IFERROR(I18/I16,"-") -> 0.2291465 | J38: - | K38: - | L38: =IFERROR(L18/L16,"-") -> 0.1625752 | M38: =IFERROR(M18/M16,"-") -> 0.27807665 | N38: - | O38: - | P38: =IFERROR(P18/P16,"-") -> 0.23387355
B39: =CONCATENATE("Indicador Rentabilidad del Activo",CHAR(10),$R$21," ≥ ",TEXT(R39,"#0 %. "),IF($R$21=$S$21,"",_xlfn.CONCAT($S$21," ≥ ",TEXT(S39,"#0 %.")))) -> Indicador Rentabilidad del Activo MiPyME ≥ 1 %. Gran Empresa ≥ 3 %. | C39: - | D39: - | E39: - | F39: =IFERROR(IF((IF(F74=$R$21,IF(F40>=$R$39,$B$24,$B$25),IF(F40>=$S$39,$B$24,$B$25)))="No hábil",IF(AND(F40<0,F16>0,F74="ESAL"),$B$24,$B$25),IF(F74=$R$21,IF(F40>=$R$39,$B$24,$B$25),IF(F40>=$S$39,$B$24,$B$25))),"-") -> CUMPLE | G39: - | H39: - | I39: =IFERROR(IF((IF(I74=$R$21,IF(I40>=$R$39,$B$24,$B$25),IF(I40>=$S$39,$B$24,$B$25)))="No hábil",IF(AND(I40<0,I16>0,I74="ESAL"),$B$24,$B$25),IF(I74=$R$21,IF(I40>=$R$39,$B$24,$B$25),IF(I40>=$S$39,$B$24,$B$25))),"-") -> CUMPLE | J39: - | K39: - | L39: =IFERROR(IF((IF(L74=$R$21,IF(L40>=$R$39,$B$24,$B$25),IF(L40>=$S$39,$B$24,$B$25)))="No hábil",IF(AND(L40<0,L16>0,L74="ESAL"),$B$24,$B$25),IF(L74=$R$21,IF(L40>=$R$39,$B$24,$B$25),IF(L40>=$S$39,$B$24,$B$25))),"-") -> CUMPLE | M39: =IFERROR(IF((IF(M74=$R$21,IF(M40>=$R$39,$B$24,$B$25),IF(M40>=$S$39,$B$24,$B$25)))="No hábil",IF(AND(M40<0,M16>0,M74="ESAL"),$B$24,$B$25),IF(M74=$R$21,IF(M40>=$R$39,$B$24,$B$25),IF(M40>=$S$39,$B$24,$B$25))),"-") -> CUMPLE | N39: - | O39: - | P39: =IFERROR(IF((IF(P74=$R$21,IF(P40>=$R$39,$B$24,$B$25),IF(P40>=$S$39,$B$24,$B$25)))="No hábil",IF(AND(P40<0,P16>0,P74="ESAL"),$B$24,$B$25),IF(P74=$R$21,IF(P40>=$R$39,$B$24,$B$25),IF(P40>=$S$39,$B$24,$B$25))),"-") -> CUMPLE | R39: 0.01 | S39: 0.03
B40: RA = (Utilidad Operacional / Activo Total) | C40: - | D40: - | E40: - | F40: =IFERROR(F18/F14,"-") -> 0.10504154 | G40: - | H40: - | I40: =IFERROR(I18/I14,"-") -> 0.15077297 | J40: - | K40: - | L40: =IFERROR(L18/L14,"-") -> 0.1400478 | M40: =IFERROR(M18/M14,"-") -> 0.16988951 | N40: - | O40: - | P40: =IFERROR(P18/P14,"-") -> 0.18214271
B41: CUMPLIMIENTO REQUISITOS HABLITANTES | F41: =IF(F10="NO CUMPLE","DEBE SUBSANAR",IF(COUNTIF(F27:F40,"NO CUMPLE")>=1,"NO HABILITADO","HABILITADO")) -> HABILITADO | I41: =IF(I10="NO CUMPLE","DEBE SUBSANAR",IF(COUNTIF(I27:I40,"NO CUMPLE")>=1,"NO HABILITADO","HABILITADO")) -> HABILITADO | L41: =IF(L10="NO CUMPLE","DEBE SUBSANAR",IF(COUNTIF(L27:L40,"NO CUMPLE")>=1,"NO HABILITADO","HABILITADO")) -> HABILITADO | M41: =IF(M10="NO CUMPLE","DEBE SUBSANAR",IF(COUNTIF(M27:M40,"NO CUMPLE")>=1,"NO HABILITADO","HABILITADO")) -> HABILITADO | P41: =IF(P10="NO CUMPLE","DEBE SUBSANAR",IF(COUNTIF(P27:P40,"NO CUMPLE")>=1,"NO HABILITADO","HABILITADO")) -> HABILITADO
R42: MiPyME:
B43: NOTA: Una vez verificada la Información Financiera presentada por cada uno de los proponentes, se informa que las sociedades arriba descritas, que | R43: Tratándose de Proponentes Plurales estos indicadores solo se aplicarán si por lo menos uno de los integrantes acredita la calidad de Mipyme de conformidad con lo previsto en el artículo 2.2.1.2.4.2.4. del Decreto 1082 de 2015, o la normas que los modifiquen, sustituyan o complementen, y tienen una participación igual o superior al diez por ciento (10 %) en el Consorcio o en la Unión Temporal.
B44: cumplen con lo solicitado en los pliegos de condiciones definitivos en cuanto a los Indicadores Financieros requeridos, se encuentran HABILITADAS.
B46: =B71 -> Fecha de cierre del proceso:
B47: =C71 -> 46006
B49: Fecha de elaboración (preliminar):
B50: =C65 -> 46008
D51: Miguel Ángel Granados Gutiérrez
B52: Fecha de verificación definitiva: | D52: Profesional Área de Contratación - FDL Usme
B53: ='1. Oferentes 1 a 8'!B53 -> 46020 | D53: Comité Evaluador Financiero
B55: ="NOTA: La fecha de corte de la información financiera registrada en el RUP debe ser 31/12/2024, de acuerdo a lo establecido en el pliego definitivo de condiciones del proceso "&R23&"," -> NOTA: La fecha de corte de la información financiera registrada en el RUP debe ser 31/12/2024, de acuerdo a lo establecido en el pliego definitivo de condiciones del proceso FDLU-CMA-027-2025 (143212),
B56: ='Consolidado 1 a 9'!J58 -> de las (46) empresas evaluadas, (45) empresas están habilitadas.
B63: Verificaciones efectuadas por el(los) miembro(s) del Comité Evaluador:
B65: Fecha de elaboración: | C65: 46008
C67: =C8 -> A | D67: =D8 -> B | E67: =E8 -> C | F67: =F8 -> 34 | G67: =G8 -> A | H67: =H8 -> B | I67: =I8 -> 35 | J67: =J8 -> A | ... P67: =P8 -> 38
B68: Fecha de expedición RUP: | C68: 45979 | D68: 45979 | E68: 45988 | G68: 45995 | H68: 46000 | J68: 45988 | K68: 45987 | M68: 45992 | N68: 46002 | O68: 46001
B69: Fecha de última renovación en el registro de los proponentes:
B71: Fecha de cierre del proceso: | C71: 46006 | D71: =C71 -> 46006 | E71: =D71 -> 46006 | G71: =D71 -> 46006 | H71: =G71 -> 46006 | J71: =H71 -> 46006 | K71: =J71 -> 46006 | M71: =K71 -> 46006 | N71: =M71 -> 46006 | O71: =N71 -> 46006
B72: Días (calend.) transcurridos entre exped. RUP y cierre del proceso: | C72: =C71-C68 -> 27 | D72: =D71-D68 -> 27 | E72: =E71-E68 -> 18 | G72: =G71-G68 -> 11 | H72: =H71-H68 -> 6 | J72: =J71-J68 -> 18 | K72: =K71-K68 -> 19 | M72: =M71-M68 -> 14 | N72: =N71-N68 -> 4 | O72: =O71-O68 -> 5
B73: 30
B74: Clasificación para evaluación aplicable: | C74: MiPyME | D74: MiPyME | E74: MiPyME | F74: MiPyME | G74: MiPyME | H74: MiPyME | I74: MiPyME | J74: MiPyME | K74: MiPyME | L74: MiPyME | M74: MiPyME | N74: MiPyME | O74: MiPyME | P74: MiPyME

Sheet 7. Oferentes 39 a 46
C1: VERIFICACIÓN FINANCIERA Y CAPACIDAD ORGANIZACIONAL | N1: Código: GCO-GCI-F107 Versión: 03 Vigencia: 21 de diciembre de 2022 Caso HOLA: 282943
B6: OBJETO: “REALIZAR LA INTERVENTORIA TÉCNICA, ADMINISTRATIVA, FINANCIERA, SISO, JURÍDICA, AMBIENTAL Y CONTABLE A LA EJECUCION DEL CONTRATO DE OBRA PUBLICA QUE CELEBRE EL FONDO DE DESARROLLO LOCAL DE USME COMO RESULTADO DE LA ADJUDICACION DE LA LICITACION PUBLICA QUE TIENE POR OBJETO "REALIZAR LAS OBRAS DE CONSERVACIÓN DE LA MALLA VIAL Y ESPACIO PÚBLICO ASOCIADO EN LA LOCALIDAD DE USME, BOGOTÁ, D.C. A TRAVÉS DEL SISTEMA DE PRECIOS UNITARIOS FIJOS Y A MONTO AGOTABLE”
B7: CONCEPTO / NOMBRE OFERENTE | C7: INCOPLAN IN S.A.S NIT: 901472564 5 | D7: VATHA S.A.S NIT:901733411-8 | E7: ZERMIRA S.A.S. NIT:901896761-1 | F7: CONSORCIO VAZER USME | G7: GERMAN RAMIREZ BARBOSA NIT: 19342296 1 | H7: LEMOINE RIVERA INGENIEROS ASOCIADOS SAS NIT:800175083-4 | I7: PROYECTOS DESARROLLO E INFRAESTRUCTURA COLOMBIA SAS NIT: 900578931 8 | J7: JET INGENIERIA SOCIEDAD POR ACCIONES SIMPLIFICADA NIT: 802.024.876 - 8 | K7: MCCA SAS NIT: 901922907-1 | L7: CONSORCIO PERSEVERAR VIAL USME | M7: LITORAL CONSULTING S.A.S. NIT : 901499397 - 9 | N7: TECNOLOGIA DE NUEVAS MEDICIONES COLOMBIA S A S NIT: 830018821 0 | P7: Datos para validación financiera
B8: Oferente No. | C8: ='6. Oferentes 34 a 38'!P8+1 -> 39 | D8: A | E8: B | F8: =C8+1 -> 40 | G8: =F8+1 -> 41 | H8: =G8+1 -> 42 | I8: =H8+1 -> 43 | J8: A | K8: B | L8: =I8+1 -> 44 | M8: =L8+1 -> 45 | N8: =M8+1 -> 46
B9: BALANCE GENERAL CON CORTE A 31 DE DICIEMBRE DEL AÑO: 2024 | C9: 31-DIC.-2024 RUP | D9: 31-DIC.-2024 RUP | E9: 31-DIC.-2024 RUP | F9: 31-DIC.-2024 RUP | G9: 31-DIC.-2024 RUP | H9: 31-DIC.-2024 RUP | I9: 31-DIC.-2024 RUP | J9: 31-DIC.-2024 RUP | K9: 03-MAR.-2025 RUP | L9: 31-DIC.-2024 RUP | M9: 31-DIC.-2024 RUP | N9: 31-DIC.-2024 RUP
B10: PRESENTACIÓN DE RUP VIGENTE EN TÉRMINO | C10: =IF(C72<=$B$73,"CUMPLE","NO CUMPLE") -> CUMPLE | D10: =IF(D72<=$B$73,"CUMPLE","NO CUMPLE") -> CUMPLE | E10: =IF(E72<=$B$73,"CUMPLE","NO CUMPLE") -> CUMPLE | F10: =IF(COUNTIF(D10:E10,"NO CUMPLE")>=1,"NO CUMPLE","CUMPLE") -> CUMPLE | G10: =IF(G72<=$B$73,"CUMPLE","NO CUMPLE") -> CUMPLE | H10: =IF(H72<=$B$73,"CUMPLE","NO CUMPLE") -> CUMPLE | I10: =IF(I72<=$B$73,"CUMPLE","NO CUMPLE") -> CUMPLE | J10: =IF(J72<=$B$73,"CUMPLE","NO CUMPLE") -> CUMPLE | K10: =IF(K72<=$B$73,"CUMPLE","NO CUMPLE") -> CUMPLE | L10: =IF(COUNTIF(J10:K10,"NO CUMPLE")>=1,"NO CUMPLE","CUMPLE") -> CUMPLE | M10: =IF(COUNTIF(K10:L10,"NO CUMPLE")>=1,"NO CUMPLE","CUMPLE") -> CUMPLE | N10: =IF(N72<=$B$73,"CUMPLE","NO CUMPLE") -> CUMPLE
B11: INFORMACION TOMADA DEL RUP VIGENTE | C11: 1 | D11: 0.1 | E11: 0.9 | F11: =SUM(D11:E11) -> 1 | G11: 1 | H11: 1 | I11: 1 | J11: 0.1 | K11: 0.9 | L11: =SUM(J11:K11) -> 1 | M11: 1 | N11: 1
B12: ACTIVO CORRIENTE | C12: 4053178262 | D12: 20938000000 | E12: 156000000 | F12: =SUM(D12:E12) -> 21094000000 | G12: 3702325000 | H12: 1039633547 | I12: 888655443 | J12: 4299166970 | K12: 5000000 | L12: =SUM(J12:K12) -> 4304166970 | M12: 1612644406 | N12: 3716747870
B13: PASIVO CORRIENTE | C13: 549506040 | D13: 35000000 | E13: 5000000 | F13: =SUM(D13:E13) -> 40000000 | G13: 190174000 | H13: 258108141 | I13: 290636404 | J13: 1428886836 | K13: 0 | L13: =SUM(J13:K13) -> 1428886836 | M13: 216341966 | N13: 653224689
B14: ACTIVO TOTAL | C14: 4246324702 | D14: 21560500000 | E14: 178500000 | F14: =SUM(D14:E14) -> 21739000000 | G14: 3805911000 | H14: 1122566862 | I14: 944094638 | J14: 5020431758 | K14: 5000000 | L14: =SUM(J14:K14) -> 5025431758 | M14: 1612644406 | N14: 4008707373
B15: PASIVO TOTAL | C15: 624113342 | D15: 78100000 | E15: 5000000 | F15: =SUM(D15:E15) -> 83100000 | G15: 973015000 | H15: 303413464 | I15: 314626404 | J15: 1986085674 | K15: 0 | L15: =SUM(J15:K15) -> 1986085674 | M15: 676363423 | N15: 653224689
B16: PATRIMONIO | C16: 3622211360 | D16: 21482400000 | E16: 173500000 | F16: =SUM(D16:E16) -> 21655900000 | G16: 2832896000 | H16: 819153398 | I16: 629468234 | J16: 3034346084 | K16: 5000000 | L16: =SUM(J16:K16) -> 3039346084 | M16: 936280983 | N16: 3355482684
B17: Activo total-Pasivo total-Patrimonio | C17: =+C14-C15-C16 -> 0 | D17: =+D14-D15-D16 -> 0 | E17: =+E14-E15-E16 -> 0 | F17: =+F14-F15-F16 -> 0 | G17: =+G14-G15-G16 -> 0 | H17: =+H14-H15-H16 -> 0 | I17: =+I14-I15-I16 -> 0 | J17: =+J14-J15-J16 -> 0 | ... N17: =+N14-N15-N16 -> 0
B18: UTILIDAD OPERACIONAL | C18: 539143304 | D18: 8698000190 | E18: 62000000 | F18: =SUM(D18:E18) -> 8760000190 | G18: 85671000 | H18: 158981510 | I18: 168664492 | J18: 709065789 | K18: 0 | L18: =SUM(J18:K18) -> 709065789 | M18: 209840609 | N18: 361807081
B19: GASTOS DE INTERESES | C19: 1404258 | D19: 1000000 | E19: 0 | F19: =SUM(D19:E19) -> 1000000 | G19: 21903000 | H19: 387000 | I19: 0 | J19: 113761973 | K19: 0 | L19: =SUM(J19:K19) -> 113761973 | M19: 183000 | N19: 0
B20: Rentabilidad del Patrimonio (Utilidad Operacional / Patrimonio) | C20: =IFERROR((C18/C16),"-") -> 0.14884369 | D20: =IFERROR((D18/D16),"-") -> 0.40488959 | E20: =IFERROR((E18/E16),"-") -> 0.3573487 | F20: =IFERROR((F18/F16),"-") -> 0.40450871 | G20: =IFERROR((G18/G16),"-") -> 0.030241491 | H20: =IFERROR((H18/H16),"-") -> 0.19408027 | I20: =IFERROR((I18/I16),"-") -> 0.26794758 | J20: =IFERROR((J18/J16),"-") -> 0.23367993 | ... N20: =IFERROR((N18/N16),"-") -> 0.10782564
B21: Rentabilidad del Activo (Utilidad Operacional / Activo Total) | C21: =IFERROR((C18/C14),"-") -> 0.12696705 | D21: =IFERROR((D18/D14),"-") -> 0.40342293 | E21: =IFERROR((E18/E14),"-") -> 0.34733894 | F21: =IFERROR((F18/F14),"-") -> 0.40296243 | G21: =IFERROR((G18/G14),"-") -> 0.022509985 | H21: =IFERROR((H18/H14),"-") -> 0.1416232 | I21: =IFERROR((I18/I14),"-") -> 0.1786521 | J21: =IFERROR((J18/J14),"-") -> 0.14123602 | ... N21: =IFERROR((N18/N14),"-") -> 0.090255299 | P21: MiPyME | Q21: Gran Empresa
B22: VALOR DEL PRESUPUESTO OFICIAL | C22: =IF(C11=1,$P$22,"") -> 344857484 | D22: =IF(D11=1,$P$22,"") | E22: =IF(E11=1,$P$22,"") | F22: =IF(F11=1,$P$22,"") -> 344857484 | G22: =IF(G11=1,$P$22,"") -> 344857484 | H22: =IF(H11=1,$P$22,"") -> 344857484 | I22: =IF(I11=1,$P$22,"") -> 344857484 | J22: =IF(J11=1,$P$22,"") | ... N22: =IF(N11=1,$P$22,"") -> 344857484 | P22: 344857484 | Q22: =P22 -> 344857484
B23: CRITERIO DE VERIFICACIÓN FINANCIERA | P23: FDLU-CMA-027-2025 (143212)
B24: CUMPLE | P24: 1423500 | Q24: SMMLV 2025
B25: NO CUMPLE | O25: >0 | P25: =Q22/P24 -> 242.26026 | Q25: <4.000 | R25: Rango 1
B26: CRITERIO DE VERIFICACIÓN FINANCIERA | P26: Plazo: | Q26: Seis (6) meses
B27: =CONCATENATE("Índice de Liquidez: ",CHAR(10),$P$21," ≥ ",P27," veces. ",IF($P$21=$Q$21,"",_xlfn.CONCAT($Q$21," ≥ ",Q27," veces."))) -> Índice de Liquidez: MiPyME ≥ 1,1 veces. Gran Empresa ≥ 1,2 veces. | C27: =IFERROR(IF(C74=$P$21,IF(C28>=$P$27,$B$24,$B$25),IF(C28>=$Q$27,$B$24,$B$25)),"-") -> CUMPLE | F27: =IFERROR(IF(F74=$P$21,IF(F28>=$P$27,$B$24,$B$25),IF(F28>=$Q$27,$B$24,$B$25)),"-") -> CUMPLE | G27: =IFERROR(IF(G74=$P$21,IF(G28>=$P$27,$B$24,$B$25),IF(G28>=$Q$27,$B$24,$B$25)),"-") -> CUMPLE | H27: =IFERROR(IF(H74=$P$21,IF(H28>=$P$27,$B$24,$B$25),IF(H28>=$Q$27,$B$24,$B$25)),"-") -> CUMPLE | I27: =IFERROR(IF(I74=$P$21,IF(I28>=$P$27,$B$24,$B$25),IF(I28>=$Q$27,$B$24,$B$25)),"-") -> CUMPLE | L27: =IFERROR(IF(L74=$P$21,IF(L28>=$P$27,$B$24,$B$25),IF(L28>=$Q$27,$B$24,$B$25)),"-") -> CUMPLE | M27: =IFERROR(IF(M74=$P$21,IF(M28>=$P$27,$B$24,$B$25),IF(M28>=$Q$27,$B$24,$B$25)),"-") -> CUMPLE | N27: =IFERROR(IF(N74=$P$21,IF(N28>=$P$27,$B$24,$B$25),IF(N28>=$Q$27,$B$24,$B$25)),"-") -> CUMPLE | P27: 1.1 | Q27: 1.2
B28: IL = Activo corriente / Pasivo corriente | C28: =IFERROR(C12/C13,"-") -> 7.3760395 | F28: =IFERROR(F12/F13,"-") -> 527.35 | G28: =IFERROR(G12/G13,"-") -> 19.468092 | H28: =IFERROR(H12/H13,"-") -> 4.0278991 | I28: =IFERROR(I12/I13,"-") -> 3.0576192 | L28: =IFERROR(L12/L13,"-") -> 3.0122518 | M28: =IFERROR(M12/M13,"-") -> 7.4541451 | N28: =IFERROR(N12/N13,"-") -> 5.689846
B29: =CONCATENATE("Endeudamiento total: ",CHAR(10),$P$21," ≤ ",TEXT(P29,"#0 %"),". ",IF($P$21=$Q$21,"",_xlfn.CONCAT($Q$21," ≤ ",TEXT(Q29,"#0 %.")))) -> Endeudamiento total: MiPyME ≤ 65 %. Gran Empresa ≤ 65 %. | C29: =IFERROR(IF(C74=$P$21,IF(C30<=$P$29,$B$24,$B$25),IF(C30<=$Q$29,$B$24,$B$25)),"-") -> CUMPLE | F29: =IFERROR(IF(F74=$P$21,IF(F30<=$P$29,$B$24,$B$25),IF(F30<=$Q$29,$B$24,$B$25)),"-") -> CUMPLE | G29: =IFERROR(IF(G74=$P$21,IF(G30<=$P$29,$B$24,$B$25),IF(G30<=$Q$29,$B$24,$B$25)),"-") -> CUMPLE | H29: =IFERROR(IF(H74=$P$21,IF(H30<=$P$29,$B$24,$B$25),IF(H30<=$Q$29,$B$24,$B$25)),"-") -> CUMPLE | I29: =IFERROR(IF(I74=$P$21,IF(I30<=$P$29,$B$24,$B$25),IF(I30<=$Q$29,$B$24,$B$25)),"-") -> CUMPLE | L29: =IFERROR(IF(L74=$P$21,IF(L30<=$P$29,$B$24,$B$25),IF(L30<=$Q$29,$B$24,$B$25)),"-") -> CUMPLE | M29: =IFERROR(IF(M74=$P$21,IF(M30<=$P$29,$B$24,$B$25),IF(M30<=$Q$29,$B$24,$B$25)),"-") -> CUMPLE | N29: =IFERROR(IF(N74=$P$21,IF(N30<=$P$29,$B$24,$B$25),IF(N30<=$Q$29,$B$24,$B$25)),"-") -> CUMPLE | P29: 0.65 | Q29: 0.65
B30: ET = (Pasivo total / Activo total)*100 | C30: =IFERROR(C15/C14,"-") -> 0.1469773 | F30: =IFERROR(F15/F14,"-") -> 0.0038226229 | G30: =IFERROR(G15/G14,"-") -> 0.25565889 | H30: =IFERROR(H15/H14,"-") -> 0.27028543 | I30: =IFERROR(I15/I14,"-") -> 0.33325727 | L30: =IFERROR(L15/L14,"-") -> 0.39520697 | M30: =IFERROR(M15/M14,"-") -> 0.41941262 | N30: =IFERROR(N15/N14,"-") -> 0.16295145
B31: =CONCATENATE("Razón de Cobertura de Intereses: ",CHAR(10),$P$21," ≥ ",P31," vez(ces) o Indet."," ",IF($P$21=$Q$21,"",_xlfn.CONCAT($Q$21," ≥ ",Q31," vez(ces) o Indet."))) -> Razón de Cobertura de Intereses: MiPyME ≥ 1,5 vez(ces) o Indet. Gran Empresa ≥ 1,5 vez(ces) o Indet. | C31: =IFERROR(IF(C74=$P$21,IF(AND(C32="Indeterminado",C18<=0),$B$25,IF(C32>=$P$31,$B$24,$B$25)),IF(AND(C32="Indeterminado",C18<=0),$B$25,IF(C32>=$Q$31,$B$24,$B$25))),"-") -> CUMPLE | F31: =IFERROR(IF(F74=$P$21,IF(AND(F32="Indeterminado",F18<=0),$B$25,IF(F32>=$P$31,$B$24,$B$25)),IF(AND(F32="Indeterminado",F18<=0),$B$25,IF(F32>=$Q$31,$B$24,$B$25))),"-") -> CUMPLE | G31: =IFERROR(IF(G74=$P$21,IF(AND(G32="Indeterminado",G18<=0),$B$25,IF(G32>=$P$31,$B$24,$B$25)),IF(AND(G32="Indeterminado",G18<=0),$B$25,IF(G32>=$Q$31,$B$24,$B$25))),"-") -> CUMPLE | H31: =IFERROR(IF(H74=$P$21,IF(AND(H32="Indeterminado",H18<=0),$B$25,IF(H32>=$P$31,$B$24,$B$25)),IF(AND(H32="Indeterminado",H18<=0),$B$25,IF(H32>=$Q$31,$B$24,$B$25))),"-") -> CUMPLE | I31: =IFERROR(IF(I74=$P$21,IF(AND(I32="Indeterminado",I18<=0),$B$25,IF(I32>=$P$31,$B$24,$B$25)),IF(AND(I32="Indeterminado",I18<=0),$B$25,IF(I32>=$Q$31,$B$24,$B$25))),"-") -> CUMPLE | L31: =IFERROR(IF(L74=$P$21,IF(AND(L32="Indeterminado",L18<=0),$B$25,IF(L32>=$P$31,$B$24,$B$25)),IF(AND(L32="Indeterminado",L18<=0),$B$25,IF(L32>=$Q$31,$B$24,$B$25))),"-") -> CUMPLE | M31: =IFERROR(IF(M74=$P$21,IF(AND(M32="Indeterminado",M18<=0),$B$25,IF(M32>=$P$31,$B$24,$B$25)),IF(AND(M32="Indeterminado",M18<=0),$B$25,IF(M32>=$Q$31,$B$24,$B$25))),"-") -> CUMPLE | N31: =IFERROR(IF(N74=$P$21,IF(AND(N32="Indeterminado",N18<=0),$B$25,IF(N32>=$P$31,$B$24,$B$25)),IF(AND(N32="Indeterminado",N18<=0),$B$25,IF(N32>=$Q$31,$B$24,$B$25))),"-") -> CUMPLE | P31: 1.5 | Q31: 1.5
B32: RC= (Utilidad Operacional) / (Gastos de Intereses) | C32: =IFERROR(C18/C19,"Indeterminado") -> 383.93465 | F32: =IFERROR(F18/F19,"Indeterminado") -> 8760.0002 | G32: =IFERROR(G18/G19,"Indeterminado") -> 3.911382 | H32: =IFERROR(H18/H19,"Indeterminado") -> 410.80494 | I32: =IFERROR(I18/I19,"Indeterminado") -> Indeterminado | L32: =IFERROR(L18/L19,"Indeterminado") -> 6.2328893 | M32: =IFERROR(M18/M19,"Indeterminado") -> 1146.67 | N32: =IFERROR(N18/N19,"Indeterminado") -> Indeterminado
B33: =CONCATENATE("Capital de trabajo:",CHAR(10),$P$21," ≥ ",TEXT(P33,"0 %")," del PO. ",IF($P$21=$Q$21,"",_xlfn.CONCAT($Q$21," ≥ ",TEXT(Q33,"0 %")," del PO."))) -> Capital de trabajo: MiPyME ≥ 25 % del PO. Gran Empresa ≥ 25 % del PO. | C33: =IFERROR(IF(C74=$P$21,IF(C34>(C22*$P$33),$B$24,$B$25),IF(C34>(C22*$Q$33),$B$24,$B$25)),"-") -> CUMPLE | F33: =IFERROR(IF(F74=$P$21,IF(F34>(F22*$P$33),$B$24,$B$25),IF(F34>(F22*$Q$33),$B$24,$B$25)),"-") -> CUMPLE | G33: =IFERROR(IF(G74=$P$21,IF(G34>(G22*$P$33),$B$24,$B$25),IF(G34>(G22*$Q$33),$B$24,$B$25)),"-") -> CUMPLE | H33: =IFERROR(IF(H74=$P$21,IF(H34>(H22*$P$33),$B$24,$B$25),IF(H34>(H22*$Q$33),$B$24,$B$25)),"-") -> CUMPLE | I33: =IFERROR(IF(I74=$P$21,IF(I34>(I22*$P$33),$B$24,$B$25),IF(I34>(I22*$Q$33),$B$24,$B$25)),"-") -> CUMPLE | L33: =IFERROR(IF(L74=$P$21,IF(L34>(L22*$P$33),$B$24,$B$25),IF(L34>(L22*$Q$33),$B$24,$B$25)),"-") -> CUMPLE | M33: =IFERROR(IF(M74=$P$21,IF(M34>(M22*$P$33),$B$24,$B$25),IF(M34>(M22*$Q$33),$B$24,$B$25)),"-") -> CUMPLE | N33: =IFERROR(IF(N74=$P$21,IF(N34>(N22*$P$33),$B$24,$B$25),IF(N34>(N22*$Q$33),$B$24,$B$25)),"-") -> CUMPLE | P33: 0.25 | Q33: 0.25
B34: =CONCATENATE("CT = Activo Corriente - Pasivo Corriente ≥ ",TEXT((P22*P33),"$###.###.###.##0")) -> CT = Activo Corriente - Pasivo Corriente ≥ $86.214.371 | C34: =IFERROR(C12-C13,"-") -> 3503672222 | F34: =IFERROR(F12-F13,"-") -> 21054000000 | G34: =IFERROR(G12-G13,"-") -> 3512151000 | H34: =IFERROR(H12-H13,"-") -> 781525406 | I34: =IFERROR(I12-I13,"-") -> 598019039 | L34: =IFERROR(L12-L13,"-") -> 2875280134 | M34: =IFERROR(M12-M13,"-") -> 1396302440 | N34: =IFERROR(N12-N13,"-") -> 3063523181
B35: CRITERIO DE VERIFICACIÓN CAPACIDAD ORGANIZACIONAL
B37: =CONCATENATE("Indicador Rentabilidad del Patrimonio",CHAR(10),$P$21," ≥ ",TEXT(P37,"#0 %. "),IF($P$21=$Q$21,"",_xlfn.CONCAT($Q$21," ≥ ",TEXT(Q37,"#0 %.")))) -> Indicador Rentabilidad del Patrimonio MiPyME ≥ 2 %. Gran Empresa ≥ 4 %. | C37: =IFERROR(IF((IF(C74=$P$21,IF(C38>=$P$37,$B$24,$B$25),IF(C38>=$Q$37,$B$24,$B$25)))="No hábil",IF(AND(C38<0,C16>0,C74="ESAL"),$B$24,$B$25),IF(C74=$P$21,IF(C38>=$P$37,$B$24,$B$25),IF(C38>=$Q$37,$B$24,$B$25))),"-") -> CUMPLE | D37: - | E37: - | F37: =IFERROR(IF((IF(F74=$P$21,IF(F38>=$P$37,$B$24,$B$25),IF(F38>=$Q$37,$B$24,$B$25)))="No hábil",IF(AND(F38<0,F16>0,F74="ESAL"),$B$24,$B$25),IF(F74=$P$21,IF(F38>=$P$37,$B$24,$B$25),IF(F38>=$Q$37,$B$24,$B$25))),"-") -> CUMPLE | G37: =IFERROR(IF((IF(G74=$P$21,IF(G38>=$P$37,$B$24,$B$25),IF(G38>=$Q$37,$B$24,$B$25)))="No hábil",IF(AND(G38<0,G16>0,G74="ESAL"),$B$24,$B$25),IF(G74=$P$21,IF(G38>=$P$37,$B$24,$B$25),IF(G38>=$Q$37,$B$24,$B$25))),"-") -> CUMPLE | H37: =IFERROR(IF((IF(H74=$P$21,IF(H38>=$P$37,$B$24,$B$25),IF(H38>=$Q$37,$B$24,$B$25)))="No hábil",IF(AND(H38<0,H16>0,H74="ESAL"),$B$24,$B$25),IF(H74=$P$21,IF(H38>=$P$37,$B$24,$B$25),IF(H38>=$Q$37,$B$24,$B$25))),"-") -> CUMPLE | I37: =IFERROR(IF((IF(I74=$P$21,IF(I38>=$P$37,$B$24,$B$25),IF(I38>=$Q$37,$B$24,$B$25)))="No hábil",IF(AND(I38<0,I16>0,I74="ESAL"),$B$24,$B$25),IF(I74=$P$21,IF(I38>=$P$37,$B$24,$B$25),IF(I38>=$Q$37,$B$24,$B$25))),"-") -> CUMPLE | J37: - | K37: - | L37: =IFERROR(IF((IF(L74=$P$21,IF(L38>=$P$37,$B$24,$B$25),IF(L38>=$Q$37,$B$24,$B$25)))="No hábil",IF(AND(L38<0,L16>0,L74="ESAL"),$B$24,$B$25),IF(L74=$P$21,IF(L38>=$P$37,$B$24,$B$25),IF(L38>=$Q$37,$B$24,$B$25))),"-") -> CUMPLE | M37: =IFERROR(IF((IF(M74=$P$21,IF(M38>=$P$37,$B$24,$B$25),IF(M38>=$Q$37,$B$24,$B$25)))="No hábil",IF(AND(M38<0,M16>0,M74="ESAL"),$B$24,$B$25),IF(M74=$P$21,IF(M38>=$P$37,$B$24,$B$25),IF(M38>=$Q$37,$B$24,$B$25))),"-") -> CUMPLE | N37: =IFERROR(IF((IF(N74=$P$21,IF(N38>=$P$37,$B$24,$B$25),IF(N38>=$Q$37,$B$24,$B$25)))="No hábil",IF(AND(N38<0,N16>0,N74="ESAL"),$B$24,$B$25),IF(N74=$P$21,IF(N38>=$P$37,$B$24,$B$25),IF(N38>=$Q$37,$B$24,$B$25))),"-") -> CUMPLE | P37: 0.02 | Q37: 0.04
B38: RP = (Utilidad Operacional / Patrimonio) | C38: =IFERROR(C18/C16,"-") -> 0.14884369 | D38: - | E38: - | F38: =IFERROR(F18/F16,"-") -> 0.40450871 | G38: =IFERROR(G18/G16,"-") -> 0.030241491 | H38: =IFERROR(H18/H16,"-") -> 0.19408027 | I38: =IFERROR(I18/I16,"-") -> 0.26794758 | J38: - | K38: - | L38: =IFERROR(L18/L16,"-") -> 0.23329551 | M38: =IFERROR(M18/M16,"-") -> 0.2241214 | N38: =IFERROR(N18/N16,"-") -> 0.10782564
B39: =CONCATENATE("Indicador Rentabilidad del Activo",CHAR(10),$P$21," ≥ ",TEXT(P39,"#0 %. "),IF($P$21=$Q$21,"",_xlfn.CONCAT($Q$21," ≥ ",TEXT(Q39,"#0 %.")))) -> Indicador Rentabilidad del Activo MiPyME ≥ 1 %. Gran Empresa ≥ 3 %. | C39: =IFERROR(IF((IF(C74=$P$21,IF(C40>=$P$39,$B$24,$B$25),IF(C40>=$Q$39,$B$24,$B$25)))="No hábil",IF(AND(C40<0,C16>0,C74="ESAL"),$B$24,$B$25),IF(C74=$P$21,IF(C40>=$P$39,$B$24,$B$25),IF(C40>=$Q$39,$B$24,$B$25))),"-") -> CUMPLE | D39: - | E39: - | F39: =IFERROR(IF((IF(F74=$P$21,IF(F40>=$P$39,$B$24,$B$25),IF(F40>=$Q$39,$B$24,$B$25)))="No hábil",IF(AND(F40<0,F16>0,F74="ESAL"),$B$24,$B$25),IF(F74=$P$21,IF(F40>=$P$39,$B$24,$B$25),IF(F40>=$Q$39,$B$24,$B$25))),"-") -> CUMPLE | G39: =IFERROR(IF((IF(G74=$P$21,IF(G40>=$P$39,$B$24,$B$25),IF(G40>=$Q$39,$B$24,$B$25)))="No hábil",IF(AND(G40<0,G16>0,G74="ESAL"),$B$24,$B$25),IF(G74=$P$21,IF(G40>=$P$39,$B$24,$B$25),IF(G40>=$Q$39,$B$24,$B$25))),"-") -> CUMPLE | H39: =IFERROR(IF((IF(H74=$P$21,IF(H40>=$P$39,$B$24,$B$25),IF(H40>=$Q$39,$B$24,$B$25)))="No hábil",IF(AND(H40<0,H16>0,H74="ESAL"),$B$24,$B$25),IF(H74=$P$21,IF(H40>=$P$39,$B$24,$B$25),IF(H40>=$Q$39,$B$24,$B$25))),"-") -> CUMPLE | I39: =IFERROR(IF((IF(I74=$P$21,IF(I40>=$P$39,$B$24,$B$25),IF(I40>=$Q$39,$B$24,$B$25)))="No hábil",IF(AND(I40<0,I16>0,I74="ESAL"),$B$24,$B$25),IF(I74=$P$21,IF(I40>=$P$39,$B$24,$B$25),IF(I40>=$Q$39,$B$24,$B$25))),"-") -> CUMPLE | J39: - | K39: - | L39: =IFERROR(IF((IF(L74=$P$21,IF(L40>=$P$39,$B$24,$B$25),IF(L40>=$Q$39,$B$24,$B$25)))="No hábil",IF(AND(L40<0,L16>0,L74="ESAL"),$B$24,$B$25),IF(L74=$P$21,IF(L40>=$P$39,$B$24,$B$25),IF(L40>=$Q$39,$B$24,$B$25))),"-") -> CUMPLE | M39: =IFERROR(IF((IF(M74=$P$21,IF(M40>=$P$39,$B$24,$B$25),IF(M40>=$Q$39,$B$24,$B$25)))="No hábil",IF(AND(M40<0,M16>0,M74="ESAL"),$B$24,$B$25),IF(M74=$P$21,IF(M40>=$P$39,$B$24,$B$25),IF(M40>=$Q$39,$B$24,$B$25))),"-") -> CUMPLE | N39: =IFERROR(IF((IF(N74=$P$21,IF(N40>=$P$39,$B$24,$B$25),IF(N40>=$Q$39,$B$24,$B$25)))="No hábil",IF(AND(N40<0,N16>0,N74="ESAL"),$B$24,$B$25),IF(N74=$P$21,IF(N40>=$P$39,$B$24,$B$25),IF(N40>=$Q$39,$B$24,$B$25))),"-") -> CUMPLE | P39: 0.01 | Q39: 0.03
B40: RA = (Utilidad Operacional / Activo Total) | C40: =IFERROR(C18/C14,"-") -> 0.12696705 | D40: - | E40: - | F40: =IFERROR(F18/F14,"-") -> 0.40296243 | G40: =IFERROR(G18/G14,"-") -> 0.022509985 | H40: =IFERROR(H18/H14,"-") -> 0.1416232 | I40: =IFERROR(I18/I14,"-") -> 0.1786521 | J40: - | K40: - | L40: =IFERROR(L18/L14,"-") -> 0.1410955 | M40: =IFERROR(M18/M14,"-") -> 0.13012206 | N40: =IFERROR(N18/N14,"-") -> 0.090255299
B41: CUMPLIMIENTO REQUISITOS HABLITANTES | C41: =IF(C10="NO CUMPLE","DEBE SUBSANAR",IF(COUNTIF(C27:C40,"NO CUMPLE")>=1,"NO HABILITADO","HABILITADO")) -> HABILITADO | F41: =IF(F10="NO CUMPLE","DEBE SUBSANAR",IF(COUNTIF(F27:F40,"NO CUMPLE")>=1,"NO HABILITADO","HABILITADO")) -> HABILITADO | G41: =IF(G10="NO CUMPLE","DEBE SUBSANAR",IF(COUNTIF(G27:G40,"NO CUMPLE")>=1,"NO HABILITADO","HABILITADO")) -> HABILITADO | H41: =IF(H10="NO CUMPLE","DEBE SUBSANAR",IF(COUNTIF(H27:H40,"NO CUMPLE")>=1,"NO HABILITADO","HABILITADO")) -> HABILITADO | I41: =IF(I10="NO CUMPLE","DEBE SUBSANAR",IF(COUNTIF(I27:I40,"NO CUMPLE")>=1,"NO HABILITADO","HABILITADO")) -> HABILITADO | L41: =IF(L10="NO CUMPLE","DEBE SUBSANAR",IF(COUNTIF(L27:L40,"NO CUMPLE")>=1,"NO HABILITADO","HABILITADO")) -> HABILITADO | M41: =IF(M10="NO CUMPLE","DEBE SUBSANAR",IF(COUNTIF(M27:M40,"NO CUMPLE")>=1,"NO HABILITADO","HABILITADO")) -> HABILITADO | N41: =IF(N10="NO CUMPLE","DEBE SUBSANAR",IF(COUNTIF(N27:N40,"NO CUMPLE")>=1,"NO HABILITADO","HABILITADO")) -> HABILITADO
P42: MiPyME:
B43: NOTA: Una vez verificada la Información Financiera presentada por cada uno de los proponentes, se informa que las sociedades arriba descritas, que | P43: Tratándose de Proponentes Plurales estos indicadores solo se aplicarán si por lo menos uno de los integrantes acredita la calidad de Mipyme de conformidad con lo previsto en el artículo 2.2.1.2.4.2.4. del Decreto 1082 de 2015, o la normas que los modifiquen, sustituyan o complementen, y tienen una participación igual o superior al diez por ciento (10 %) en el Consorcio o en la Unión Temporal.
B44: cumplen con lo solicitado en los pliegos de condiciones definitivos en cuanto a los Indicadores Financieros requeridos, se encuentran HABILITADAS.
B46: =B71 -> Fecha de cierre del proceso:
B47: =C71 -> 46006
B49: Fecha de elaboración (preliminar):
B50: =C65 -> 46008
D51: Miguel Ángel Granados Gutiérrez
B52: Fecha de verificación definitiva: | D52: Profesional Área de Contratación - FDL Usme
B53: ='1. Oferentes 1 a 8'!B53 -> 46020 | D53: Comité Evaluador Financiero
B55: ="NOTA: La fecha de corte de la información financiera registrada en el RUP debe ser 31/12/2024, de acuerdo a lo establecido en el pliego definitivo de condiciones del proceso "&P23&"," -> NOTA: La fecha de corte de la información financiera registrada en el RUP debe ser 31/12/2024, de acuerdo a lo establecido en el pliego definitivo de condiciones del proceso FDLU-CMA-027-2025 (143212),
B56: ='Consolidado 1 a 9'!J58 -> de las (46) empresas evaluadas, (45) empresas están habilitadas.
B63: Verificaciones efectuadas por el(los) miembro(s) del Comité Evaluador:
B65: Fecha de elaboración: | C65: 46008
C67: =C8 -> 39 | D67: =D8 -> A | E67: =E8 -> B | F67: =F8 -> 40 | G67: =G8 -> 41 | H67: =H8 -> 42 | I67: =I8 -> 43 | J67: =J8 -> A | ... N67: =N8 -> 46
B68: Fecha de expedición RUP: | C68: 46004 | D68: 46001 | E68: 46004 | G68: 46006 | H68: 45982 | I68: 45995 | J68: 45995 | K68: 45995 | M68: 46000 | N68: 45987
B69: Fecha de última renovación en el registro de los proponentes:
B71: Fecha de cierre del proceso: | C71: 46006 | D71: =C71 -> 46006 | E71: =D71 -> 46006 | G71: =E71 -> 46006 | H71: =G71 -> 46006 | I71: =H71 -> 46006 | J71: =I71 -> 46006 | K71: =J71 -> 46006 | M71: =K71 -> 46006 | N71: =M71 -> 46006
B72: Días (calend.) transcurridos entre exped. RUP y cierre del proceso: | C72: =C71-C68 -> 2 | D72: =D71-D68 -> 5 | E72: =E71-E68 -> 2 | G72: =G71-G68 -> 0 | H72: =H71-H68 -> 24 | I72: =I71-I68 -> 11 | J72: =J71-J68 -> 11 | K72: =K71-K68 -> 11 | M72: =M71-M68 -> 6 | N72: =N71-N68 -> 19
B73: 30
B74: Clasificación para evaluación aplicable: | C74: MiPyME | D74: MiPyME | E74: MiPyME | F74: MiPyME | G74: MiPyME | H74: MiPyME | I74: MiPyME | J74: MiPyME | K74: MiPyME | L74: MiPyME | M74: MiPyME | N74: MiPyME

Sheet Consolidado 1 a 9
B1: Alcaldía de Bogotá D.C.
B2: Secretaría Distrital de Gobierno
B3: Alcaldía Local de Usme
B5: ='1. Oferentes 1 a 8'!P23 -> FDLU-CMA-027-2025 (143212)
B6: ='1. Oferentes 1 a 8'!B6 -> OBJETO: “REALIZAR LA INTERVENTORIA TÉCNICA, ADMINISTRATIVA, FINANCIERA, SISO, JURÍDICA, AMBIENTAL Y CONTABLE A LA EJECUCION DEL CONTRATO DE OBRA PUBLICA QUE CELEBRE EL FONDO DE DESARROLLO LOCAL DE USME COMO RESULTADO DE LA ADJUDICACION DE LA LICITACION PUBLICA QUE TIENE POR OBJETO "REALIZAR LAS OBRAS DE CONSERVACIÓN DE LA MALLA VIAL Y ESPACIO PÚBLICO ASOCIADO EN LA LOCALIDAD DE USME, BOGOTÁ, D.C. A TRAVÉS DEL SISTEMA DE PRECIOS UNITARIOS FIJOS Y A MONTO AGOTABLE”
B7: Presupuesto Oficial del Proceso | C7: ='1. Oferentes 1 a 8'!P22 -> 344857484
B8: Fecha corte Información Financiera | C8: 45657
B9: Fecha cierre del proceso de selección | C9: ='1. Oferentes 1 a 8'!C71 -> 46006
B10: VERIFICACIóN DE LOS INDICADORES | I10: RUP | J10: RESULTADO FINANCIERO | K10: OBERVACIONES | L10: Hoja
B11: NOMBRE DEL PROPONENTE | C11: Índice de liquidez | D11: Índice de endeudamiento | E11: Razón de Cobertura de intereses | F11: Capital de trabajo | G11: Rentabilidad del patrimonio | H11: Rentabilidad del activo | I11: VIGENTE; EN FIRME Y 30 DÍAS ANTERIORES
A12: 1 | B12: {=_xlfn.XLOOKUP(A12,INDIRECT("'" & L12 & "'!8:8"),INDIRECT("'" & L12 & "'!7:7"))} -> OSAC S.A.S NIT: 860033402 1 | C12: {=_xlfn.XLOOKUP(A12,INDIRECT("'" & L12 & "'!8:8"),INDIRECT("'" & L12 & "'!27:27"))} -> CUMPLE | D12: {=_xlfn.XLOOKUP(A12,INDIRECT("'" & L12 & "'!8:8"),INDIRECT("'" & L12 & "'!29:29"))} -> CUMPLE | E12: {=_xlfn.XLOOKUP(A12,INDIRECT("'" & L12 & "'!8:8"),INDIRECT("'" & L12 & "'!31:31"))} -> CUMPLE | F12: {=_xlfn.XLOOKUP(A12,INDIRECT("'" & L12 & "'!8:8"),INDIRECT("'" & L12 & "'!33:33"))} -> CUMPLE | G12: {=_xlfn.XLOOKUP(A12,INDIRECT("'" & L12 & "'!8:8"),INDIRECT("'" & L12 & "'!37:37"))} -> CUMPLE | H12: {=_xlfn.XLOOKUP(A12,INDIRECT("'" & L12 & "'!8:8"),INDIRECT("'" & L12 & "'!39:39"))} -> CUMPLE | I12: {=_xlfn.XLOOKUP(A12,INDIRECT("'" & L12 & "'!8:8"),INDIRECT("'" & L12 & "'!10:10"))} -> CUMPLE | J12: {=_xlfn.XLOOKUP(A12,INDIRECT("'" & L12 & "'!8:8"),INDIRECT("'" & L12 & "'!41:41"))} -> HABILITADO | K12: Ninguna. | L12: 1. Oferentes 1 a 8
A13: =A12+1 -> 2 | B13: {=_xlfn.XLOOKUP(A13,INDIRECT("'" & L13 & "'!8:8"),INDIRECT("'" & L13 & "'!7:7"))} -> PROYECTO SANABRIA SAS N.I.T: 901.633.148-6 | C13: {=_xlfn.XLOOKUP(A13,INDIRECT("'" & L13 & "'!8:8"),INDIRECT("'" & L13 & "'!27:27"))} -> CUMPLE | D13: {=_xlfn.XLOOKUP(A13,INDIRECT("'" & L13 & "'!8:8"),INDIRECT("'" & L13 & "'!29:29"))} -> CUMPLE | E13: {=_xlfn.XLOOKUP(A13,INDIRECT("'" & L13 & "'!8:8"),INDIRECT("'" & L13 & "'!31:31"))} -> CUMPLE | F13: {=_xlfn.XLOOKUP(A13,INDIRECT("'" & L13 & "'!8:8"),INDIRECT("'" & L13 & "'!33:33"))} -> CUMPLE | G13: {=_xlfn.XLOOKUP(A13,INDIRECT("'" & L13 & "'!8:8"),INDIRECT("'" & L13 & "'!37:37"))} -> CUMPLE | H13: {=_xlfn.XLOOKUP(A13,INDIRECT("'" & L13 & "'!8:8"),INDIRECT("'" & L13 & "'!39:39"))} -> CUMPLE | I13: {=_xlfn.XLOOKUP(A13,INDIRECT("'" & L13 & "'!8:8"),INDIRECT("'" & L13 & "'!10:10"))} -> CUMPLE | J13: {=_xlfn.XLOOKUP(A13,INDIRECT("'" & L13 & "'!8:8"),INDIRECT("'" & L13 & "'!41:41"))} -> HABILITADO | K13: Ninguna. | L13: 1. Oferentes 1 a 8
A14: =A13+1 -> 3 | B14: {=_xlfn.XLOOKUP(A14,INDIRECT("'" & L14 & "'!8:8"),INDIRECT("'" & L14 & "'!7:7"))} -> MAVECA INGENIERIA SAS NIT:901646981-1 | C14: {=_xlfn.XLOOKUP(A14,INDIRECT("'" & L14 & "'!8:8"),INDIRECT("'" & L14 & "'!27:27"))} -> CUMPLE | D14: {=_xlfn.XLOOKUP(A14,INDIRECT("'" & L14 & "'!8:8"),INDIRECT("'" & L14 & "'!29:29"))} -> CUMPLE | E14: {=_xlfn.XLOOKUP(A14,INDIRECT("'" & L14 & "'!8:8"),INDIRECT("'" & L14 & "'!31:31"))} -> CUMPLE | F14: {=_xlfn.XLOOKUP(A14,INDIRECT("'" & L14 & "'!8:8"),INDIRECT("'" & L14 & "'!33:33"))} -> CUMPLE | G14: {=_xlfn.XLOOKUP(A14,INDIRECT("'" & L14 & "'!8:8"),INDIRECT("'" & L14 & "'!37:37"))} -> CUMPLE | H14: {=_xlfn.XLOOKUP(A14,INDIRECT("'" & L14 & "'!8:8"),INDIRECT("'" & L14 & "'!39:39"))} -> CUMPLE | I14: {=_xlfn.XLOOKUP(A14,INDIRECT("'" & L14 & "'!8:8"),INDIRECT("'" & L14 & "'!10:10"))} -> CUMPLE | J14: {=_xlfn.XLOOKUP(A14,INDIRECT("'" & L14 & "'!8:8"),INDIRECT("'" & L14 & "'!41:41"))} -> HABILITADO | K14: Ninguna. | L14: 1. Oferentes 1 a 8
A15: =A14+1 -> 4 | B15: {=_xlfn.XLOOKUP(A15,INDIRECT("'" & L15 & "'!8:8"),INDIRECT("'" & L15 & "'!7:7"))} -> GRUPO METRO COLOMBIA S.A.S NIT: 830010109 8 | C15: {=_xlfn.XLOOKUP(A15,INDIRECT("'" & L15 & "'!8:8"),INDIRECT("'" & L15 & "'!27:27"))} -> CUMPLE | D15: {=_xlfn.XLOOKUP(A15,INDIRECT("'" & L15 & "'!8:8"),INDIRECT("'" & L15 & "'!29:29"))} -> CUMPLE | E15: {=_xlfn.XLOOKUP(A15,INDIRECT("'" & L15 & "'!8:8"),INDIRECT("'" & L15 & "'!31:31"))} -> CUMPLE | F15: {=_xlfn.XLOOKUP(A15,INDIRECT("'" & L15 & "'!8:8"),INDIRECT("'" & L15 & "'!33:33"))} -> CUMPLE | G15: {=_xlfn.XLOOKUP(A15,INDIRECT("'" & L15 & "'!8:8"),INDIRECT("'" & L15 & "'!37:37"))} -> CUMPLE | H15: {=_xlfn.XLOOKUP(A15,INDIRECT("'" & L15 & "'!8:8"),INDIRECT("'" & L15 & "'!39:39"))} -> CUMPLE | I15: {=_xlfn.XLOOKUP(A15,INDIRECT("'" & L15 & "'!8:8"),INDIRECT("'" & L15 & "'!10:10"))} -> CUMPLE | J15: {=_xlfn.XLOOKUP(A15,INDIRECT("'" & L15 & "'!8:8"),INDIRECT("'" & L15 & "'!41:41"))} -> HABILITADO | K15: Ninguna. | L15: 1. Oferentes 1 a 8
A16: =A15+1 -> 5 | B16: {=_xlfn.XLOOKUP(A16,INDIRECT("'" & L16 & "'!8:8"),INDIRECT("'" & L16 & "'!7:7"))} -> SOLUCIONES AVANZADAS DE INGENIERA Y CONSTRUCCION S A S NIT: 900641841 2 | C16: {=_xlfn.XLOOKUP(A16,INDIRECT("'" & L16 & "'!8:8"),INDIRECT("'" & L16 & "'!27:27"))} -> CUMPLE | D16: {=_xlfn.XLOOKUP(A16,INDIRECT("'" & L16 & "'!8:8"),INDIRECT("'" & L16 & "'!29:29"))} -> CUMPLE | E16: {=_xlfn.XLOOKUP(A16,INDIRECT("'" & L16 & "'!8:8"),INDIRECT("'" & L16 & "'!31:31"))} -> CUMPLE | F16: {=_xlfn.XLOOKUP(A16,INDIRECT("'" & L16 & "'!8:8"),INDIRECT("'" & L16 & "'!33:33"))} -> CUMPLE | G16: {=_xlfn.XLOOKUP(A16,INDIRECT("'" & L16 & "'!8:8"),INDIRECT("'" & L16 & "'!37:37"))} -> CUMPLE | H16: {=_xlfn.XLOOKUP(A16,INDIRECT("'" & L16 & "'!8:8"),INDIRECT("'" & L16 & "'!39:39"))} -> CUMPLE | I16: {=_xlfn.XLOOKUP(A16,INDIRECT("'" & L16 & "'!8:8"),INDIRECT("'" & L16 & "'!10:10"))} -> CUMPLE | J16: {=_xlfn.XLOOKUP(A16,INDIRECT("'" & L16 & "'!8:8"),INDIRECT("'" & L16 & "'!41:41"))} -> HABILITADO | K16: Ninguna. | L16: 1. Oferentes 1 a 8
A17: =A16+1 -> 6 | B17: {=_xlfn.XLOOKUP(A17,INDIRECT("'" & L17 & "'!8:8"),INDIRECT("'" & L17 & "'!7:7"))} -> CONSORCIO USMINIA | C17: {=_xlfn.XLOOKUP(A17,INDIRECT("'" & L17 & "'!8:8"),INDIRECT("'" & L17 & "'!27:27"))} -> CUMPLE | D17: {=_xlfn.XLOOKUP(A17,INDIRECT("'" & L17 & "'!8:8"),INDIRECT("'" & L17 & "'!29:29"))} -> CUMPLE | E17: {=_xlfn.XLOOKUP(A17,INDIRECT("'" & L17 & "'!8:8"),INDIRECT("'" & L17 & "'!31:31"))} -> CUMPLE | F17: {=_xlfn.XLOOKUP(A17,INDIRECT("'" & L17 & "'!8:8"),INDIRECT("'" & L17 & "'!33:33"))} -> CUMPLE | G17: {=_xlfn.XLOOKUP(A17,INDIRECT("'" & L17 & "'!8:8"),INDIRECT("'" & L17 & "'!37:37"))} -> CUMPLE | H17: {=_xlfn.XLOOKUP(A17,INDIRECT("'" & L17 & "'!8:8"),INDIRECT("'" & L17 & "'!39:39"))} -> CUMPLE | I17: {=_xlfn.XLOOKUP(A17,INDIRECT("'" & L17 & "'!8:8"),INDIRECT("'" & L17 & "'!10:10"))} -> CUMPLE | J17: {=_xlfn.XLOOKUP(A17,INDIRECT("'" & L17 & "'!8:8"),INDIRECT("'" & L17 & "'!41:41"))} -> HABILITADO | K17: Ninguna. | L17: 1. Oferentes 1 a 8
A18: =A17+1 -> 7 | B18: {=_xlfn.XLOOKUP(A18,INDIRECT("'" & L18 & "'!8:8"),INDIRECT("'" & L18 & "'!7:7"))} -> CONSORCIO HUPK INTERVIAL USME | C18: {=_xlfn.XLOOKUP(A18,INDIRECT("'" & L18 & "'!8:8"),INDIRECT("'" & L18 & "'!27:27"))} -> CUMPLE | D18: {=_xlfn.XLOOKUP(A18,INDIRECT("'" & L18 & "'!8:8"),INDIRECT("'" & L18 & "'!29:29"))} -> CUMPLE | E18: {=_xlfn.XLOOKUP(A18,INDIRECT("'" & L18 & "'!8:8"),INDIRECT("'" & L18 & "'!31:31"))} -> CUMPLE | F18: {=_xlfn.XLOOKUP(A18,INDIRECT("'" & L18 & "'!8:8"),INDIRECT("'" & L18 & "'!33:33"))} -> CUMPLE | G18: {=_xlfn.XLOOKUP(A18,INDIRECT("'" & L18 & "'!8:8"),INDIRECT("'" & L18 & "'!37:37"))} -> CUMPLE | H18: {=_xlfn.XLOOKUP(A18,INDIRECT("'" & L18 & "'!8:8"),INDIRECT("'" & L18 & "'!39:39"))} -> CUMPLE | I18: {=_xlfn.XLOOKUP(A18,INDIRECT("'" & L18 & "'!8:8"),INDIRECT("'" & L18 & "'!10:10"))} -> CUMPLE | J18: {=_xlfn.XLOOKUP(A18,INDIRECT("'" & L18 & "'!8:8"),INDIRECT("'" & L18 & "'!41:41"))} -> HABILITADO | K18: Ninguna. | L18: 1. Oferentes 1 a 8
A19: =A18+1 -> 8 | B19: {=_xlfn.XLOOKUP(A19,INDIRECT("'" & L19 & "'!8:8"),INDIRECT("'" & L19 & "'!7:7"))} -> INGENIEROS CONSTRUCTORES Y ASESORES SAS NIT: 900104908 4 | C19: {=_xlfn.XLOOKUP(A19,INDIRECT("'" & L19 & "'!8:8"),INDIRECT("'" & L19 & "'!27:27"))} -> CUMPLE | D19: {=_xlfn.XLOOKUP(A19,INDIRECT("'" & L19 & "'!8:8"),INDIRECT("'" & L19 & "'!29:29"))} -> CUMPLE | E19: {=_xlfn.XLOOKUP(A19,INDIRECT("'" & L19 & "'!8:8"),INDIRECT("'" & L19 & "'!31:31"))} -> CUMPLE | F19: {=_xlfn.XLOOKUP(A19,INDIRECT("'" & L19 & "'!8:8"),INDIRECT("'" & L19 & "'!33:33"))} -> CUMPLE | G19: {=_xlfn.XLOOKUP(A19,INDIRECT("'" & L19 & "'!8:8"),INDIRECT("'" & L19 & "'!37:37"))} -> CUMPLE | H19: {=_xlfn.XLOOKUP(A19,INDIRECT("'" & L19 & "'!8:8"),INDIRECT("'" & L19 & "'!39:39"))} -> CUMPLE | I19: {=_xlfn.XLOOKUP(A19,INDIRECT("'" & L19 & "'!8:8"),INDIRECT("'" & L19 & "'!10:10"))} -> CUMPLE | J19: {=_xlfn.XLOOKUP(A19,INDIRECT("'" & L19 & "'!8:8"),INDIRECT("'" & L19 & "'!41:41"))} -> HABILITADO | K19: Ninguna. | L19: 1. Oferentes 1 a 8
A20: =A19+1 -> 9 | B20: {=_xlfn.XLOOKUP(A20,INDIRECT("'" & L20 & "'!8:8"),INDIRECT("'" & L20 & "'!7:7"))} -> CONSORCIO 3871 USME | C20: {=_xlfn.XLOOKUP(A20,INDIRECT("'" & L20 & "'!8:8"),INDIRECT("'" & L20 & "'!27:27"))} -> CUMPLE | D20: {=_xlfn.XLOOKUP(A20,INDIRECT("'" & L20 & "'!8:8"),INDIRECT("'" & L20 & "'!29:29"))} -> CUMPLE | E20: {=_xlfn.XLOOKUP(A20,INDIRECT("'" & L20 & "'!8:8"),INDIRECT("'" & L20 & "'!31:31"))} -> CUMPLE | F20: {=_xlfn.XLOOKUP(A20,INDIRECT("'" & L20 & "'!8:8"),INDIRECT("'" & L20 & "'!33:33"))} -> CUMPLE | G20: {=_xlfn.XLOOKUP(A20,INDIRECT("'" & L20 & "'!8:8"),INDIRECT("'" & L20 & "'!37:37"))} -> CUMPLE | H20: {=_xlfn.XLOOKUP(A20,INDIRECT("'" & L20 & "'!8:8"),INDIRECT("'" & L20 & "'!39:39"))} -> CUMPLE | I20: {=_xlfn.XLOOKUP(A20,INDIRECT("'" & L20 & "'!8:8"),INDIRECT("'" & L20 & "'!10:10"))} -> CUMPLE | J20: {=_xlfn.XLOOKUP(A20,INDIRECT("'" & L20 & "'!8:8"),INDIRECT("'" & L20 & "'!41:41"))} -> HABILITADO | K20: Ninguna. | L20: 2. Oferentes 9 a 13
A21: =A20+1 -> 10 | B21: {=_xlfn.XLOOKUP(A21,INDIRECT("'" & L21 & "'!8:8"),INDIRECT("'" & L21 & "'!7:7"))} -> CONSORCIO INTERVIAL AMC | C21: {=_xlfn.XLOOKUP(A21,INDIRECT("'" & L21 & "'!8:8"),INDIRECT("'" & L21 & "'!27:27"))} -> CUMPLE | D21: {=_xlfn.XLOOKUP(A21,INDIRECT("'" & L21 & "'!8:8"),INDIRECT("'" & L21 & "'!29:29"))} -> CUMPLE | E21: {=_xlfn.XLOOKUP(A21,INDIRECT("'" & L21 & "'!8:8"),INDIRECT("'" & L21 & "'!31:31"))} -> CUMPLE | F21: {=_xlfn.XLOOKUP(A21,INDIRECT("'" & L21 & "'!8:8"),INDIRECT("'" & L21 & "'!33:33"))} -> CUMPLE | G21: {=_xlfn.XLOOKUP(A21,INDIRECT("'" & L21 & "'!8:8"),INDIRECT("'" & L21 & "'!37:37"))} -> CUMPLE | H21: {=_xlfn.XLOOKUP(A21,INDIRECT("'" & L21 & "'!8:8"),INDIRECT("'" & L21 & "'!39:39"))} -> CUMPLE | I21: {=_xlfn.XLOOKUP(A21,INDIRECT("'" & L21 & "'!8:8"),INDIRECT("'" & L21 & "'!10:10"))} -> CUMPLE | J21: {=_xlfn.XLOOKUP(A21,INDIRECT("'" & L21 & "'!8:8"),INDIRECT("'" & L21 & "'!41:41"))} -> HABILITADO | K21: Ninguna. | L21: 2. Oferentes 9 a 13
A22: =A21+1 -> 11 | B22: {=_xlfn.XLOOKUP(A22,INDIRECT("'" & L22 & "'!8:8"),INDIRECT("'" & L22 & "'!7:7"))} -> CONSORCIO VIAL | C22: {=_xlfn.XLOOKUP(A22,INDIRECT("'" & L22 & "'!8:8"),INDIRECT("'" & L22 & "'!27:27"))} -> CUMPLE | D22: {=_xlfn.XLOOKUP(A22,INDIRECT("'" & L22 & "'!8:8"),INDIRECT("'" & L22 & "'!29:29"))} -> CUMPLE | E22: {=_xlfn.XLOOKUP(A22,INDIRECT("'" & L22 & "'!8:8"),INDIRECT("'" & L22 & "'!31:31"))} -> CUMPLE | F22: {=_xlfn.XLOOKUP(A22,INDIRECT("'" & L22 & "'!8:8"),INDIRECT("'" & L22 & "'!33:33"))} -> CUMPLE | G22: {=_xlfn.XLOOKUP(A22,INDIRECT("'" & L22 & "'!8:8"),INDIRECT("'" & L22 & "'!37:37"))} -> CUMPLE | H22: {=_xlfn.XLOOKUP(A22,INDIRECT("'" & L22 & "'!8:8"),INDIRECT("'" & L22 & "'!39:39"))} -> CUMPLE | I22: {=_xlfn.XLOOKUP(A22,INDIRECT("'" & L22 & "'!8:8"),INDIRECT("'" & L22 & "'!10:10"))} -> CUMPLE | J22: {=_xlfn.XLOOKUP(A22,INDIRECT("'" & L22 & "'!8:8"),INDIRECT("'" & L22 & "'!41:41"))} -> HABILITADO | K22: Ninguna. | L22: 2. Oferentes 9 a 13
A23: =A22+1 -> 12 | B23: {=_xlfn.XLOOKUP(A23,INDIRECT("'" & L23 & "'!8:8"),INDIRECT("'" & L23 & "'!7:7"))} -> INGENIEROS CONSULTORES Y CONSTRUCTORES ARG SAS NIT: 900008687 0 | C23: {=_xlfn.XLOOKUP(A23,INDIRECT("'" & L23 & "'!8:8"),INDIRECT("'" & L23 & "'!27:27"))} -> CUMPLE | D23: {=_xlfn.XLOOKUP(A23,INDIRECT("'" & L23 & "'!8:8"),INDIRECT("'" & L23 & "'!29:29"))} -> CUMPLE | E23: {=_xlfn.XLOOKUP(A23,INDIRECT("'" & L23 & "'!8:8"),INDIRECT("'" & L23 & "'!31:31"))} -> CUMPLE | F23: {=_xlfn.XLOOKUP(A23,INDIRECT("'" & L23 & "'!8:8"),INDIRECT("'" & L23 & "'!33:33"))} -> CUMPLE | G23: {=_xlfn.XLOOKUP(A23,INDIRECT("'" & L23 & "'!8:8"),INDIRECT("'" & L23 & "'!37:37"))} -> CUMPLE | H23: {=_xlfn.XLOOKUP(A23,INDIRECT("'" & L23 & "'!8:8"),INDIRECT("'" & L23 & "'!39:39"))} -> CUMPLE | I23: {=_xlfn.XLOOKUP(A23,INDIRECT("'" & L23 & "'!8:8"),INDIRECT("'" & L23 & "'!10:10"))} -> CUMPLE | J23: {=_xlfn.XLOOKUP(A23,INDIRECT("'" & L23 & "'!8:8"),INDIRECT("'" & L23 & "'!41:41"))} -> HABILITADO | K23: Ninguna. | L23: 2. Oferentes 9 a 13
A24: =A23+1 -> 13 | B24: {=_xlfn.XLOOKUP(A24,INDIRECT("'" & L24 & "'!8:8"),INDIRECT("'" & L24 & "'!7:7"))} -> CONSORCIO VIAL TAED 027-USME | C24: {=_xlfn.XLOOKUP(A24,INDIRECT("'" & L24 & "'!8:8"),INDIRECT("'" & L24 & "'!27:27"))} -> CUMPLE | D24: {=_xlfn.XLOOKUP(A24,INDIRECT("'" & L24 & "'!8:8"),INDIRECT("'" & L24 & "'!29:29"))} -> CUMPLE | E24: {=_xlfn.XLOOKUP(A24,INDIRECT("'" & L24 & "'!8:8"),INDIRECT("'" & L24 & "'!31:31"))} -> CUMPLE | F24: {=_xlfn.XLOOKUP(A24,INDIRECT("'" & L24 & "'!8:8"),INDIRECT("'" & L24 & "'!33:33"))} -> CUMPLE | G24: {=_xlfn.XLOOKUP(A24,INDIRECT("'" & L24 & "'!8:8"),INDIRECT("'" & L24 & "'!37:37"))} -> CUMPLE | H24: {=_xlfn.XLOOKUP(A24,INDIRECT("'" & L24 & "'!8:8"),INDIRECT("'" & L24 & "'!39:39"))} -> CUMPLE | I24: {=_xlfn.XLOOKUP(A24,INDIRECT("'" & L24 & "'!8:8"),INDIRECT("'" & L24 & "'!10:10"))} -> CUMPLE | J24: NO HABILITADO | K24: Proceso limitado a MiPyME. | L24: 2. Oferentes 9 a 13
A25: =A24+1 -> 14 | B25: {=_xlfn.XLOOKUP(A25,INDIRECT("'" & L25 & "'!8:8"),INDIRECT("'" & L25 & "'!7:7"))} -> HR INGENIERIA SAS NIT: 830133073 1 | C25: {=_xlfn.XLOOKUP(A25,INDIRECT("'" & L25 & "'!8:8"),INDIRECT("'" & L25 & "'!27:27"))} -> CUMPLE | D25: {=_xlfn.XLOOKUP(A25,INDIRECT("'" & L25 & "'!8:8"),INDIRECT("'" & L25 & "'!29:29"))} -> CUMPLE | E25: {=_xlfn.XLOOKUP(A25,INDIRECT("'" & L25 & "'!8:8"),INDIRECT("'" & L25 & "'!31:31"))} -> CUMPLE | F25: {=_xlfn.XLOOKUP(A25,INDIRECT("'" & L25 & "'!8:8"),INDIRECT("'" & L25 & "'!33:33"))} -> CUMPLE | G25: {=_xlfn.XLOOKUP(A25,INDIRECT("'" & L25 & "'!8:8"),INDIRECT("'" & L25 & "'!37:37"))} -> CUMPLE | H25: {=_xlfn.XLOOKUP(A25,INDIRECT("'" & L25 & "'!8:8"),INDIRECT("'" & L25 & "'!39:39"))} -> CUMPLE | I25: {=_xlfn.XLOOKUP(A25,INDIRECT("'" & L25 & "'!8:8"),INDIRECT("'" & L25 & "'!10:10"))} -> CUMPLE | J25: {=_xlfn.XLOOKUP(A25,INDIRECT("'" & L25 & "'!8:8"),INDIRECT("'" & L25 & "'!41:41"))} -> HABILITADO | K25: Ninguna. | L25: 3. Oferentes 14 a 19
A26: =A25+1 -> 15 | B26: {=_xlfn.XLOOKUP(A26,INDIRECT("'" & L26 & "'!8:8"),INDIRECT("'" & L26 & "'!7:7"))} -> CONSORCIO INTEROBRAS USME | C26: {=_xlfn.XLOOKUP(A26,INDIRECT("'" & L26 & "'!8:8"),INDIRECT("'" & L26 & "'!27:27"))} -> CUMPLE | D26: {=_xlfn.XLOOKUP(A26,INDIRECT("'" & L26 & "'!8:8"),INDIRECT("'" & L26 & "'!29:29"))} -> CUMPLE | E26: {=_xlfn.XLOOKUP(A26,INDIRECT("'" & L26 & "'!8:8"),INDIRECT("'" & L26 & "'!31:31"))} -> CUMPLE | F26: {=_xlfn.XLOOKUP(A26,INDIRECT("'" & L26 & "'!8:8"),INDIRECT("'" & L26 & "'!33:33"))} -> CUMPLE | G26: {=_xlfn.XLOOKUP(A26,INDIRECT("'" & L26 & "'!8:8"),INDIRECT("'" & L26 & "'!37:37"))} -> CUMPLE | H26: {=_xlfn.XLOOKUP(A26,INDIRECT("'" & L26 & "'!8:8"),INDIRECT("'" & L26 & "'!39:39"))} -> CUMPLE | I26: {=_xlfn.XLOOKUP(A26,INDIRECT("'" & L26 & "'!8:8"),INDIRECT("'" & L26 & "'!10:10"))} -> CUMPLE | J26: {=_xlfn.XLOOKUP(A26,INDIRECT("'" & L26 & "'!8:8"),INDIRECT("'" & L26 & "'!41:41"))} -> HABILITADO | K26: Ninguna. | L26: 3. Oferentes 14 a 19
A27: =A26+1 -> 16 | B27: {=_xlfn.XLOOKUP(A27,INDIRECT("'" & L27 & "'!8:8"),INDIRECT("'" & L27 & "'!7:7"))} -> CONSORCIO INTER USME | C27: {=_xlfn.XLOOKUP(A27,INDIRECT("'" & L27 & "'!8:8"),INDIRECT("'" & L27 & "'!27:27"))} -> CUMPLE | D27: {=_xlfn.XLOOKUP(A27,INDIRECT("'" & L27 & "'!8:8"),INDIRECT("'" & L27 & "'!29:29"))} -> CUMPLE | E27: {=_xlfn.XLOOKUP(A27,INDIRECT("'" & L27 & "'!8:8"),INDIRECT("'" & L27 & "'!31:31"))} -> CUMPLE | F27: {=_xlfn.XLOOKUP(A27,INDIRECT("'" & L27 & "'!8:8"),INDIRECT("'" & L27 & "'!33:33"))} -> CUMPLE | G27: {=_xlfn.XLOOKUP(A27,INDIRECT("'" & L27 & "'!8:8"),INDIRECT("'" & L27 & "'!37:37"))} -> CUMPLE | H27: {=_xlfn.XLOOKUP(A27,INDIRECT("'" & L27 & "'!8:8"),INDIRECT("'" & L27 & "'!39:39"))} -> CUMPLE | I27: {=_xlfn.XLOOKUP(A27,INDIRECT("'" & L27 & "'!8:8"),INDIRECT("'" & L27 & "'!10:10"))} -> CUMPLE | J27: {=_xlfn.XLOOKUP(A27,INDIRECT("'" & L27 & "'!8:8"),INDIRECT("'" & L27 & "'!41:41"))} -> HABILITADO | K27: Ninguna. | L27: 3. Oferentes 14 a 19
A28: =A27+1 -> 17 | B28: {=_xlfn.XLOOKUP(A28,INDIRECT("'" & L28 & "'!8:8"),INDIRECT("'" & L28 & "'!7:7"))} -> CONSORCIO VIAS PJ | C28: {=_xlfn.XLOOKUP(A28,INDIRECT("'" & L28 & "'!8:8"),INDIRECT("'" & L28 & "'!27:27"))} -> CUMPLE | D28: {=_xlfn.XLOOKUP(A28,INDIRECT("'" & L28 & "'!8:8"),INDIRECT("'" & L28 & "'!29:29"))} -> CUMPLE | E28: {=_xlfn.XLOOKUP(A28,INDIRECT("'" & L28 & "'!8:8"),INDIRECT("'" & L28 & "'!31:31"))} -> CUMPLE | F28: {=_xlfn.XLOOKUP(A28,INDIRECT("'" & L28 & "'!8:8"),INDIRECT("'" & L28 & "'!33:33"))} -> CUMPLE | G28: {=_xlfn.XLOOKUP(A28,INDIRECT("'" & L28 & "'!8:8"),INDIRECT("'" & L28 & "'!37:37"))} -> CUMPLE | H28: {=_xlfn.XLOOKUP(A28,INDIRECT("'" & L28 & "'!8:8"),INDIRECT("'" & L28 & "'!39:39"))} -> CUMPLE | I28: {=_xlfn.XLOOKUP(A28,INDIRECT("'" & L28 & "'!8:8"),INDIRECT("'" & L28 & "'!10:10"))} -> CUMPLE | J28: {=_xlfn.XLOOKUP(A28,INDIRECT("'" & L28 & "'!8:8"),INDIRECT("'" & L28 & "'!41:41"))} -> HABILITADO | K28: Ninguna. | L28: 3. Oferentes 14 a 19
A29: =A28+1 -> 18 | B29: {=_xlfn.XLOOKUP(A29,INDIRECT("'" & L29 & "'!8:8"),INDIRECT("'" & L29 & "'!7:7"))} -> GRUPO IRT S.A.S. NIT: 901.291.784 - 1 | C29: {=_xlfn.XLOOKUP(A29,INDIRECT("'" & L29 & "'!8:8"),INDIRECT("'" & L29 & "'!27:27"))} -> CUMPLE | D29: {=_xlfn.XLOOKUP(A29,INDIRECT("'" & L29 & "'!8:8"),INDIRECT("'" & L29 & "'!29:29"))} -> CUMPLE | E29: {=_xlfn.XLOOKUP(A29,INDIRECT("'" & L29 & "'!8:8"),INDIRECT("'" & L29 & "'!31:31"))} -> CUMPLE | F29: {=_xlfn.XLOOKUP(A29,INDIRECT("'" & L29 & "'!8:8"),INDIRECT("'" & L29 & "'!33:33"))} -> CUMPLE | G29: {=_xlfn.XLOOKUP(A29,INDIRECT("'" & L29 & "'!8:8"),INDIRECT("'" & L29 & "'!37:37"))} -> CUMPLE | H29: {=_xlfn.XLOOKUP(A29,INDIRECT("'" & L29 & "'!8:8"),INDIRECT("'" & L29 & "'!39:39"))} -> CUMPLE | I29: {=_xlfn.XLOOKUP(A29,INDIRECT("'" & L29 & "'!8:8"),INDIRECT("'" & L29 & "'!10:10"))} -> CUMPLE | J29: {=_xlfn.XLOOKUP(A29,INDIRECT("'" & L29 & "'!8:8"),INDIRECT("'" & L29 & "'!41:41"))} -> HABILITADO | K29: Ninguna. | L29: 3. Oferentes 14 a 19
A30: =A29+1 -> 19 | B30: {=_xlfn.XLOOKUP(A30,INDIRECT("'" & L30 & "'!8:8"),INDIRECT("'" & L30 & "'!7:7"))} -> CONSORCIO SPL INFRAESTRUCTURA 027 | C30: {=_xlfn.XLOOKUP(A30,INDIRECT("'" & L30 & "'!8:8"),INDIRECT("'" & L30 & "'!27:27"))} -> CUMPLE | D30: {=_xlfn.XLOOKUP(A30,INDIRECT("'" & L30 & "'!8:8"),INDIRECT("'" & L30 & "'!29:29"))} -> CUMPLE | E30: {=_xlfn.XLOOKUP(A30,INDIRECT("'" & L30 & "'!8:8"),INDIRECT("'" & L30 & "'!31:31"))} -> CUMPLE | F30: {=_xlfn.XLOOKUP(A30,INDIRECT("'" & L30 & "'!8:8"),INDIRECT("'" & L30 & "'!33:33"))} -> CUMPLE | G30: {=_xlfn.XLOOKUP(A30,INDIRECT("'" & L30 & "'!8:8"),INDIRECT("'" & L30 & "'!37:37"))} -> CUMPLE | H30: {=_xlfn.XLOOKUP(A30,INDIRECT("'" & L30 & "'!8:8"),INDIRECT("'" & L30 & "'!39:39"))} -> CUMPLE | I30: {=_xlfn.XLOOKUP(A30,INDIRECT("'" & L30 & "'!8:8"),INDIRECT("'" & L30 & "'!10:10"))} -> CUMPLE | J30: {=_xlfn.XLOOKUP(A30,INDIRECT("'" & L30 & "'!8:8"),INDIRECT("'" & L30 & "'!41:41"))} -> HABILITADO | K30: Ninguna. | L30: 3. Oferentes 14 a 19
A31: =A30+1 -> 20 | B31: {=_xlfn.XLOOKUP(A31,INDIRECT("'" & L31 & "'!8:8"),INDIRECT("'" & L31 & "'!7:7"))} -> INVESTMENT & CONSTRUCTION SAS NIT: 900224218 5 | C31: {=_xlfn.XLOOKUP(A31,INDIRECT("'" & L31 & "'!8:8"),INDIRECT("'" & L31 & "'!27:27"))} -> CUMPLE | D31: {=_xlfn.XLOOKUP(A31,INDIRECT("'" & L31 & "'!8:8"),INDIRECT("'" & L31 & "'!29:29"))} -> CUMPLE | E31: {=_xlfn.XLOOKUP(A31,INDIRECT("'" & L31 & "'!8:8"),INDIRECT("'" & L31 & "'!31:31"))} -> CUMPLE | F31: {=_xlfn.XLOOKUP(A31,INDIRECT("'" & L31 & "'!8:8"),INDIRECT("'" & L31 & "'!33:33"))} -> CUMPLE | G31: {=_xlfn.XLOOKUP(A31,INDIRECT("'" & L31 & "'!8:8"),INDIRECT("'" & L31 & "'!37:37"))} -> CUMPLE | H31: {=_xlfn.XLOOKUP(A31,INDIRECT("'" & L31 & "'!8:8"),INDIRECT("'" & L31 & "'!39:39"))} -> CUMPLE | I31: {=_xlfn.XLOOKUP(A31,INDIRECT("'" & L31 & "'!8:8"),INDIRECT("'" & L31 & "'!10:10"))} -> CUMPLE | J31: {=_xlfn.XLOOKUP(A31,INDIRECT("'" & L31 & "'!8:8"),INDIRECT("'" & L31 & "'!41:41"))} -> HABILITADO | K31: Ninguna. | L31: 4. Oferentes 20 a 27
A32: =A31+1 -> 21 | B32: {=_xlfn.XLOOKUP(A32,INDIRECT("'" & L32 & "'!8:8"),INDIRECT("'" & L32 & "'!7:7"))} -> CONSORCIO VÍAS URBANAS P&C U-027 | C32: {=_xlfn.XLOOKUP(A32,INDIRECT("'" & L32 & "'!8:8"),INDIRECT("'" & L32 & "'!27:27"))} -> CUMPLE | D32: {=_xlfn.XLOOKUP(A32,INDIRECT("'" & L32 & "'!8:8"),INDIRECT("'" & L32 & "'!29:29"))} -> CUMPLE | E32: {=_xlfn.XLOOKUP(A32,INDIRECT("'" & L32 & "'!8:8"),INDIRECT("'" & L32 & "'!31:31"))} -> CUMPLE | F32: {=_xlfn.XLOOKUP(A32,INDIRECT("'" & L32 & "'!8:8"),INDIRECT("'" & L32 & "'!33:33"))} -> CUMPLE | G32: {=_xlfn.XLOOKUP(A32,INDIRECT("'" & L32 & "'!8:8"),INDIRECT("'" & L32 & "'!37:37"))} -> CUMPLE | H32: {=_xlfn.XLOOKUP(A32,INDIRECT("'" & L32 & "'!8:8"),INDIRECT("'" & L32 & "'!39:39"))} -> CUMPLE | I32: {=_xlfn.XLOOKUP(A32,INDIRECT("'" & L32 & "'!8:8"),INDIRECT("'" & L32 & "'!10:10"))} -> CUMPLE | J32: {=_xlfn.XLOOKUP(A32,INDIRECT("'" & L32 & "'!8:8"),INDIRECT("'" & L32 & "'!41:41"))} -> HABILITADO | K32: Ninguna. | L32: 4. Oferentes 20 a 27
A33: =A32+1 -> 22 | B33: {=_xlfn.XLOOKUP(A33,INDIRECT("'" & L33 & "'!8:8"),INDIRECT("'" & L33 & "'!7:7"))} -> INTERVENTORIA Y CONSTRUCIVILES S.A.S NIT: 900107376 1 | C33: {=_xlfn.XLOOKUP(A33,INDIRECT("'" & L33 & "'!8:8"),INDIRECT("'" & L33 & "'!27:27"))} -> CUMPLE | D33: {=_xlfn.XLOOKUP(A33,INDIRECT("'" & L33 & "'!8:8"),INDIRECT("'" & L33 & "'!29:29"))} -> CUMPLE | E33: {=_xlfn.XLOOKUP(A33,INDIRECT("'" & L33 & "'!8:8"),INDIRECT("'" & L33 & "'!31:31"))} -> CUMPLE | F33: {=_xlfn.XLOOKUP(A33,INDIRECT("'" & L33 & "'!8:8"),INDIRECT("'" & L33 & "'!33:33"))} -> CUMPLE | G33: {=_xlfn.XLOOKUP(A33,INDIRECT("'" & L33 & "'!8:8"),INDIRECT("'" & L33 & "'!37:37"))} -> CUMPLE | H33: {=_xlfn.XLOOKUP(A33,INDIRECT("'" & L33 & "'!8:8"),INDIRECT("'" & L33 & "'!39:39"))} -> CUMPLE | I33: {=_xlfn.XLOOKUP(A33,INDIRECT("'" & L33 & "'!8:8"),INDIRECT("'" & L33 & "'!10:10"))} -> CUMPLE | J33: {=_xlfn.XLOOKUP(A33,INDIRECT("'" & L33 & "'!8:8"),INDIRECT("'" & L33 & "'!41:41"))} -> HABILITADO | K33: Ninguna. | L33: 4. Oferentes 20 a 27
A34: =A33+1 -> 23 | B34: {=_xlfn.XLOOKUP(A34,INDIRECT("'" & L34 & "'!8:8"),INDIRECT("'" & L34 & "'!7:7"))} -> EQUILATERO ARQUITECTURA E INGENIERÍA SAS NIT: 901272510-1 | C34: {=_xlfn.XLOOKUP(A34,INDIRECT("'" & L34 & "'!8:8"),INDIRECT("'" & L34 & "'!27:27"))} -> CUMPLE | D34: {=_xlfn.XLOOKUP(A34,INDIRECT("'" & L34 & "'!8:8"),INDIRECT("'" & L34 & "'!29:29"))} -> CUMPLE | E34: {=_xlfn.XLOOKUP(A34,INDIRECT("'" & L34 & "'!8:8"),INDIRECT("'" & L34 & "'!31:31"))} -> CUMPLE | F34: {=_xlfn.XLOOKUP(A34,INDIRECT("'" & L34 & "'!8:8"),INDIRECT("'" & L34 & "'!33:33"))} -> CUMPLE | G34: {=_xlfn.XLOOKUP(A34,INDIRECT("'" & L34 & "'!8:8"),INDIRECT("'" & L34 & "'!37:37"))} -> CUMPLE | H34: {=_xlfn.XLOOKUP(A34,INDIRECT("'" & L34 & "'!8:8"),INDIRECT("'" & L34 & "'!39:39"))} -> CUMPLE | I34: {=_xlfn.XLOOKUP(A34,INDIRECT("'" & L34 & "'!8:8"),INDIRECT("'" & L34 & "'!10:10"))} -> CUMPLE | J34: {=_xlfn.XLOOKUP(A34,INDIRECT("'" & L34 & "'!8:8"),INDIRECT("'" & L34 & "'!41:41"))} -> HABILITADO | K34: Ninguna. | L34: 4. Oferentes 20 a 27
A35: =A34+1 -> 24 | B35: {=_xlfn.XLOOKUP(A35,INDIRECT("'" & L35 & "'!8:8"),INDIRECT("'" & L35 & "'!7:7"))} -> MIRS LATINOAMERICA S A S NIT: 900241875 6 | C35: {=_xlfn.XLOOKUP(A35,INDIRECT("'" & L35 & "'!8:8"),INDIRECT("'" & L35 & "'!27:27"))} -> CUMPLE | D35: {=_xlfn.XLOOKUP(A35,INDIRECT("'" & L35 & "'!8:8"),INDIRECT("'" & L35 & "'!29:29"))} -> CUMPLE | E35: {=_xlfn.XLOOKUP(A35,INDIRECT("'" & L35 & "'!8:8"),INDIRECT("'" & L35 & "'!31:31"))} -> CUMPLE | F35: {=_xlfn.XLOOKUP(A35,INDIRECT("'" & L35 & "'!8:8"),INDIRECT("'" & L35 & "'!33:33"))} -> CUMPLE | G35: {=_xlfn.XLOOKUP(A35,INDIRECT("'" & L35 & "'!8:8"),INDIRECT("'" & L35 & "'!37:37"))} -> CUMPLE | H35: {=_xlfn.XLOOKUP(A35,INDIRECT("'" & L35 & "'!8:8"),INDIRECT("'" & L35 & "'!39:39"))} -> CUMPLE | I35: {=_xlfn.XLOOKUP(A35,INDIRECT("'" & L35 & "'!8:8"),INDIRECT("'" & L35 & "'!10:10"))} -> CUMPLE | J35: {=_xlfn.XLOOKUP(A35,INDIRECT("'" & L35 & "'!8:8"),INDIRECT("'" & L35 & "'!41:41"))} -> HABILITADO | K35: Ninguna. | L35: 4. Oferentes 20 a 27
A36: =A35+1 -> 25 | B36: {=_xlfn.XLOOKUP(A36,INDIRECT("'" & L36 & "'!8:8"),INDIRECT("'" & L36 & "'!7:7"))} -> R & M CONSTRUCCIONES E INTERVENTORIAS S A S NIT: 830028126 2 | C36: {=_xlfn.XLOOKUP(A36,INDIRECT("'" & L36 & "'!8:8"),INDIRECT("'" & L36 & "'!27:27"))} -> CUMPLE | D36: {=_xlfn.XLOOKUP(A36,INDIRECT("'" & L36 & "'!8:8"),INDIRECT("'" & L36 & "'!29:29"))} -> CUMPLE | E36: {=_xlfn.XLOOKUP(A36,INDIRECT("'" & L36 & "'!8:8"),INDIRECT("'" & L36 & "'!31:31"))} -> CUMPLE | F36: {=_xlfn.XLOOKUP(A36,INDIRECT("'" & L36 & "'!8:8"),INDIRECT("'" & L36 & "'!33:33"))} -> CUMPLE | G36: {=_xlfn.XLOOKUP(A36,INDIRECT("'" & L36 & "'!8:8"),INDIRECT("'" & L36 & "'!37:37"))} -> CUMPLE | H36: {=_xlfn.XLOOKUP(A36,INDIRECT("'" & L36 & "'!8:8"),INDIRECT("'" & L36 & "'!39:39"))} -> CUMPLE | I36: {=_xlfn.XLOOKUP(A36,INDIRECT("'" & L36 & "'!8:8"),INDIRECT("'" & L36 & "'!10:10"))} -> CUMPLE | J36: {=_xlfn.XLOOKUP(A36,INDIRECT("'" & L36 & "'!8:8"),INDIRECT("'" & L36 & "'!41:41"))} -> HABILITADO | K36: Ninguna. | L36: 4. Oferentes 20 a 27
... A57: =A56+1 -> 46 | B57: {=_xlfn.XLOOKUP(A57,INDIRECT("'" & L57 & "'!8:8"),INDIRECT("'" & L57 & "'!7:7"))} -> TECNOLOGIA DE NUEVAS MEDICIONES COLOMBIA S A S NIT: 830018821 0 | C57: {=_xlfn.XLOOKUP(A57,INDIRECT("'" & L57 & "'!8:8"),INDIRECT("'" & L57 & "'!27:27"))} -> CUMPLE | D57: {=_xlfn.XLOOKUP(A57,INDIRECT("'" & L57 & "'!8:8"),INDIRECT("'" & L57 & "'!29:29"))} -> CUMPLE | E57: {=_xlfn.XLOOKUP(A57,INDIRECT("'" & L57 & "'!8:8"),INDIRECT("'" & L57 & "'!31:31"))} -> CUMPLE | F57: {=_xlfn.XLOOKUP(A57,INDIRECT("'" & L57 & "'!8:8"),INDIRECT("'" & L57 & "'!33:33"))} -> CUMPLE | G57: {=_xlfn.XLOOKUP(A57,INDIRECT("'" & L57 & "'!8:8"),INDIRECT("'" & L57 & "'!37:37"))} -> CUMPLE | H57: {=_xlfn.XLOOKUP(A57,INDIRECT("'" & L57 & "'!8:8"),INDIRECT("'" & L57 & "'!39:39"))} -> CUMPLE | I57: {=_xlfn.XLOOKUP(A57,INDIRECT("'" & L57 & "'!8:8"),INDIRECT("'" & L57 & "'!10:10"))} -> CUMPLE | J57: {=_xlfn.XLOOKUP(A57,INDIRECT("'" & L57 & "'!8:8"),INDIRECT("'" & L57 & "'!41:41"))} -> HABILITADO | K57: Ninguna. | L57: 7. Oferentes 39 a 46
J58: ="de las ("&COUNTA(J12:J57)&") empresas evaluadas, ("&COUNTIF(J12:J57,"HABILITADO")&") empresas están habilitadas." -> de las (46) empresas evaluadas, (45) empresas están habilitadas.
A59: * Se realiza la Evaluación Financiera y Organizacional de acuerdo a lo establecido con el pliego de condiciones definitivo del proceso; la evaluación es puesta a disposición de la Oficina de Contratación y Despacho para que se continúe con el proceso de evaluación.
B61: 46020
D67: Miguel Ángel Granados Gutiérrez
D68: Profesional Área de Contratación - FDL Usme
D69: Comité Evaluador Financiero
K74: Los Proponentes obligados a estar inscritos en el Registro Único de Proponentes (RUP), deben aportar el certificado con fecha de expedición no mayor a treinta (30) días calendario anteriores a la fecha de cierre del Proceso de Contratación.
